Workbook

Sheet 記入方法
A1: 記入方法
B2: ２つのシート（請求書及び在籍児童一覧）の色付きセルに必要事項を記入すると、金額が自動計算されます。
A4: ＜請求書について＞
B5: 振込先の口座に記入漏れや誤りが無いか確認してください。
B6: 複数月分の請求書を1枚にまとめて作成する（一括請求する）場合、請求期間内に園全体での在籍児童数・加算項目の変動があると正しい金額になりません。
B7: 変動がある場合や、月途中入退所児童がいる場合は、必ずファイルを分けて各月分の請求書を作成してください。
A9: ＜在籍児童一覧について＞
B10: 在籍児童一覧の「年齢」及び「認定区分」が未記入の場合、自動計算がされません。必ず記入してください。
B11: 行を追加したい場合は、必ず増やしたい行をコピーしてから「コピーしたセルを挿入」を選択してください。ただ行を挿入するだけでは、計算式が働かなくなってしまいます。
B12: 副食費の徴収免除対象者がいる場合、副食費徴収免除加算の「対象の有無」の欄で〇を選択してください。
B13: 月途中退所の児童がいた場合は、「月途中退所の有無」で○を選択し、下部の表に以下の通り在籍中開所日数を記入してください。（上段・下段どちらでもかまいません。）
B14: ●例１ 3歳児クラスの児童（標準時間認定・副食費徴収免除対象外）が、月途中退園した場合
B15: 保育標準時間認定子ども | C15: ＜児童数＞ | L15: ５歳児 | N15: ４歳児 | P15: ３歳児 | R15: ２歳 | T15: １歳 | V15: 乳児
C16: 請求先市区町村の児童 | L16: 20 | N16: 19 | P16: 13 | R16: 6 | T16: 6 | V16: 3
C17: （月途中退所児童及び副食費徴収免除対象者を除く）
C18: 請求先市区町村の児童 | L18: 0 | N18: 1 | P18: 2 | Y18: 自動入力のため記入不要
C19: （月途中退所児童を除き副食費徴収免除対象者に限る）
C20: 請求先市区町村の児童数 （月途中退所児童に限る） | L20: 0 | N20: 0 | P20: 1 | R20: 0 | T20: 0 | V20: 0
C23: ＜月途中退所児童の在籍中開所日数＞ | L23: ５歳児 | N23: ４歳児 | P23: ３歳児 | R23: ２歳 | T23: １歳 | V23: 乳児
C24: 請求先市区町村の児童 | P24: 12
C25: （月途中退所児童のうち、副食費徴収免除対象者を除く） | Y25: 途中退所の児童がいない場合は記入不要
C26: 請求先市区町村の児童
C27: （月途退所児童で、かつ、副食費徴収免除対象者であるもの）
B29: ●例２ ４歳児クラスの双子の児童（標準時間認定・副食費徴収免除対象）が、月途中退園した場合
B30: 保育標準時間認定子ども | C30: ＜児童数＞ | L30: ５歳児 | N30: ４歳児 | P30: ３歳児 | R30: ２歳 | T30: １歳 | V30: 乳児
C31: 請求先市区町村の児童 | L31: 20 | N31: 19 | P31: 13 | R31: 6 | T31: 6 | V31: 3
C32: （月途中退所児童及び副食費徴収免除対象者を除く）
C33: 請求先市区町村の児童 | L33: 0 | N33: 1 | P33: 2 | Y33: 自動入力のため記入不要
C34: （月途中退所児童を除き副食費徴収免除対象者に限る）
C35: 請求先市区町村の児童数 （月途中退所児童に限る） | L35: 0 | N35: 0 | P35: 1 | R35: 0 | T35: 0 | V35: 0
C38: ＜月途中退所児童の在籍中開所日数＞ | L38: ５歳児 | N38: ４歳児 | P38: ３歳児 | R38: ２歳 | T38: １歳 | V38: 乳児
C39: 請求先市区町村の児童
C40: （月途中退所児童のうち、副食費徴収免除対象者を除く） | Y40: 途中退所の児童がいない場合は記入不要
C41: 請求先市区町村の児童 | N41: 17
C42: （月途退所児童で、かつ、副食費徴収免除対象者であるもの） | N42: 17

Sheet 請求書（保育所）
A1: ＜保育所＞ | T1: 2024 | V1: 年 | W1: 4 | X1: 月 | Y1: 1 | Z1: 日 | AA1: 2021 | AB1: 2022 | AC1: 2023 | AD1: 2024 | AE1: 2025 | AF1: 2026 | AG1: 2027 | AH1: 2028 | AI1: 2029 | AJ1: 2030
AA2: 1 | AB2: 2 | AC2: 3 | AD2: 4 | AE2: 5 | AF2: 6 | AG2: 7 | AH2: 8 | AI2: 9 | AJ2: 10 | AK2: 11 | AL2: 12
A3: 子どものための教育・保育給付等請求書 | AA3: 1 | AB3: 2 | AC3: 3 | AD3: 4 | AE3: 5 | AF3: 6 | AG3: 7 | AH3: 8 | AI3: 9 | AJ3: 10 | AK3: 11 | AL3: 12 | AM3: 13 | AN3: 14 | AO3: 15 | AP3: 16 | AQ3: 17 | AR3: 18 | AS3: 19 | AT3: 20 | AU3: 21 | AV3: 22 | AW3: 23 | AX3: 24 | AY3: 25 | AZ3: 26 | BA3: 27 | BB3: 28 | BC3: 29 | BD3: 30 | BE3: 31
H4: （ | I4: 2024 | K4: 年度 | M4: 4 | N4: 月 | O4: ～ | P4: 4 | Q4: 月分 | T4: ）
B6: 新座市長 並木 傑 宛て | AA6: 子どものための教育・保育給付請求書 | AB6: 子どものための教育・保育給付等請求書 | AC6: 私立保育所に係る委託費請求書 | AD6: 私立保育所に係る委託費等請求書
H8: ＜請求者＞
H9: 設置者・事業者名 | O9: ○○法人 ○○
H10: 代表者職/氏名 | O10: ○○ ○○
H11: 設置者・事業者所在地 | O11: ○○県○○市○○
H12: 施設・事業所所在地 | O12: ○○県○○市○○
H13: 施設・事業所名 | O13: ○〇保育園
H14: 請求書発行責任者氏名 | O14: ○○ ○○
H15: 請求書発行責任者連絡先 | O15: ○○-○○○○-○○○○
A17: 子ども・子育て支援法附則第６条の規定に基づき、次のとおり私立保育所に係る委託費を請求します。 | AA17: 子ども・子育て支援法第27条（及び第28条）の規定に基づき、次のとおり子どものための教育・保育給付を請求します。 | AB17: 子ども・子育て支援法第27条（及び第28条）等の規定に基づき、次のとおり子どものための教育・保育給付等を請求します。 | AC17: 子ども・子育て支援法附則第６条の規定に基づき、次のとおり私立保育所に係る委託費を請求します。 | AD17: 子ども・子育て支援法附則第６条等の規定に基づき、次のとおり私立保育所に係る委託費等を請求します。 | AE17: 子ども・子育て支援法第29条（及び第30条）の規定に基づき、次のとおり子どものための教育・保育給付を請求します。 | AF17: 子ども・子育て支援法第29条（及び第30条）等の規定に基づき、次のとおり子どものための教育・保育給付等を請求します。
A20: １．請求金額 | I20: 金 | J20: =SUM(N22:T24) -> 0 | U20: 円
B21: ＜内訳＞
C22: 子どものための教育・保育給付 | M22: 金 | N22: =I391 -> 0 | U22: 円
C23: 自治体独自加算 | M23: 金 | U23: 円
C24: その他 | M24: 金 | U24: 円
A26: ２．振込先
B27: フリガナ | F27: ○○ホウジン ○○
B28: 口座名義人 | F28: ○○法人 ○○
B29: 振込先金融機関 （コード番号） | F29: ○○ | N29: 銀行 | Q29: 本 | W29: (支)店 | AA29: 銀行 | AB29: 金庫 | AC29: 組合
AA30: (支)店 | AB30: 出張所
F31: 金融機関コード | L31: 1111 | Q31: 支店コード | U31: 111
B32: 預金種目 | F32: 普通 | L32: 口座番号 | O32: 1111111 | AA32: 普通 | AB32: 当座
B33: 債権者コード (新座市で登録がある場合のみ記載) | F33: 1111
B34: （委任欄） | E34: ※請求者と振込口座の名義人が異なる場合のみ記入
B35: =B6 -> 新座市長 並木 傑 宛て
C36: 本件については上記名義人宛振込願います。
F37: （委任者） | I37: 事業者名 | O37: =O9 -> ○○法人 ○○
I38: 代表者職/氏名 | O38: =O10 -> ○○ ○○
I39: 事業者所在地 | O39: =O11 -> ○○県○○市○○
F41: （受任者） | I41: 事業者名 | O41: ○○法人 ○○
I42: 代表者職/氏名 | O42: ○○ ○○
I43: 事業者所在地 | O43: ○○県○○市○○
A44: ＜添付書類＞
B45: 私立保育所に係る委託費を請求するための明細書（私立保育所に係る委託費請求明細書） | AB45: 子どものための教育・保育給付を請求するための明細書（子どものための教育・保育給付請求明細書） | AC45: 私立保育所に係る委託費を請求するための明細書（私立保育所に係る委託費請求明細書） | AD45: 明細書に係る在籍児童の一覧（在籍児童一覧） | AE45: その他市区町村長が必要と認める書類（○○○○○） | AF45: -
B46: 明細書に係る在籍児童の一覧（在籍児童一覧）
B47: その他市区町村長が必要と認める書類（○○○○○）
B48: その他市区町村長が必要と認める書類（○○○○○）
B49: -
A51: ＜添付書類＞
B52: 子どものための教育・保育給付を請求するための明細書（子どものための教育・保育給付請求明細書） | AB52: 子どものための教育・保育給付を請求するための明細書（子どものための教育・保育給付請求明細書） | AC52: 私立保育所に係る委託費を請求するための明細書（私立保育所に係る委託費請求明細書） | AD52: 明細書に係る在籍児童の一覧（在籍児童一覧） | AE52: その他市区町村長が必要と認める書類 | AF52: -
B53: その他市区町村長が必要と認める書類
AA54: 1 | AB54: 2 | AC54: 3 | AD54: 4 | AE54: 5 | AF54: 6 | AG54: 7 | AH54: 8 | AI54: 9 | AJ54: 10 | AK54: 11 | AL54: 12
A55: ＜基本情報＞ | AA55: 私立保育所に係る委託費請求明細書（保育所） | AB55: 私立保育所に係る委託費等請求明細書（保育所） | AC55: 子どものための教育・保育給付請求明細書（保育所）
A56: 施設・事業所番号 | F56: =#REF! -> #REF!
A57: 施設・事業所所在地 | F57: =O12 -> ○○県○○市○○
A58: 施設・事業所名 | F58: =O13 -> ○〇保育園
A59: 利用定員
A60: 利用定員（分園） | F60: 0
A61: 利用定員（合計） | F61: =SUM(F59:P60) -> 0
A62: 地域区分
A64: ＜開所／保育時間＞ | AA64: 20/100地域 | AB64: 16/100地域 | AC64: 15/100地域 | AD64: 12/100地域 | AE64: 10/100地域 | AF64: 6/100地域 | AG64: 3/100地域 | AH64: その他地域
A65: 開所時間 | N65: ～
A66: 保育標準時間認定子どもに保育を行う時間 | N66: ～
A67: 保育短時間認定子どもに保育を行う時間 | N67: ～ | AA67: 0.20833333 | AB67: 0.21180556 | AC67: 0.21527778 | AD67: 0.21875 | AE67: 0.22222222 | AF67: 0.22569444 | AG67: 0.22916667 | AH67: 0.23263889 | AI67: 0.23611111 | AJ67: 0.23958333 | AK67: 0.24305556 | AL67: 0.24652778 | AM67: 0.25 | AN67: 0.25347222 | AO67: 0.25694444 | AP67: 0.26041667 | AQ67: 0.26388889 | AR67: 0.26736111 | AS67: 0.27083333 | AT67: 0.27430556 | AU67: 0.27777778 | AV67: 0.28125 | AW67: 0.28472222 | AX67: 0.28819444 | AY67: 0.29166667 | AZ67: 0.29513889 | BA67: 0.29861111 | BB67: 0.30208333 | BC67: 0.30555556 | BD67: 0.30902778 | BE67: 0.3125 | BF67: 0.31597222 | BG67: 0.31944444 | BH67: 0.32291667 | BI67: 0.32638889 | BJ67: 0.32986111 | BK67: 0.33333333 | BL67: 0.33680556 | BM67: 0.34027778 | BN67: 0.34375 | BO67: 0.34722222 | BP67: 0.35069444 | BQ67: 0.35416667 | BR67: 0.35763889 | BS67: 0.36111111 | BT67: 0.36458333 | BU67: 0.36805556 | BV67: 0.37152778 | BW67: 0.375 | BX67: 0.37847222 | BY67: 0.38194444 | BZ67: 0.38541667 | CA67: 0.38888889 | CB67: 0.39236111 | CC67: 0.39583333 | CD67: 0.39930556 | CE67: 0.40277778 | CF67: 0.40625 | CG67: 0.40972222 | CH67: 0.41319444 | CI67: 0.41666667 | CJ67: 0.42013889 | CK67: 0.42361111 | CL67: 0.42708333 | CM67: 0.43055556 | CN67: 0.43402778 | CO67: 0.4375 | CP67: 0.44097222 | CQ67: 0.44444444 | CR67: 0.44791667 | CS67: 0.45138889 | CT67: 0.45486111 | CU67: 0.45833333 | CV67: 0.46180556 | CW67: 0.46527778 | CX67: 0.46875 | CY67: 0.47222222 | CZ67: 0.47569444 | DA67: 0.47916667 | DB67: 0.48263889 | DC67: 0.48611111 | DD67: 0.48958333 | DE67: 0.49305556 | DF67: 0.49652778 | DG67: 0.5 | DH67: 0.50347222 | DI67: 0.50694444 | DJ67: 0.51041667 | DK67: 0.51388889 | DL67: 0.51736111 | DM67: 0.52083333 | DN67: 0.52430556 | DO67: 0.52777778 | DP67: 0.53125 | DQ67: 0.53472222 | DR67: 0.53819444 | DS67: 0.54166667 | DT67: 0.54513889 | DU67: 0.54861111 | DV67: 0.55208333 | DW67: 0.55555556 | DX67: 0.55902778 | DY67: 0.5625 | DZ67: 0.56597222 | EA67: 0.56944444 | EB67: 0.57291667 | EC67: 0.57638889 | ED67: 0.57986111 | EE67: 0.58333333 | EF67: 0.58680556 | EG67: 0.59027778 | EH67: 0.59375 | EI67: 0.59722222 | EJ67: 0.60069444 | EK67: 0.60416667 | EL67: 0.60763889 | EM67: 0.61111111 | EN67: 0.61458333 | EO67: 0.61805556 | EP67: 0.62152778 | EQ67: 0.625 | ER67: 0.62847222 | ES67: 0.63194444 | ET67: 0.63541667 | EU67: 0.63888889 | EV67: 0.64236111 | EW67: 0.64583333 | EX67: 0.64930556 | EY67: 0.65277778 | EZ67: 0.65625 | FA67: 0.65972222 | FB67: 0.66319444 | FC67: 0.66666667 | FD67: 0.67013889 | FE67: 0.67361111 | FF67: 0.67708333 | FG67: 0.68055556 | FH67: 0.68402778 | FI67: 0.6875 | FJ67: 0.69097222 | FK67: 0.69444444 | FL67: 0.69791667 | FM67: 0.70138889 | FN67: 0.70486111 | FO67: 0.70833333 | FP67: 0.71180556 | FQ67: 0.71527778 | FR67: 0.71875 | FS67: 0.72222222 | FT67: 0.72569444 | FU67: 0.72916667 | FV67: 0.73263889 | FW67: 0.73611111 | FX67: 0.73958333 | FY67: 0.74305556 | FZ67: 0.74652778 | GA67: 0.75 | GB67: 0.75347222 | GC67: 0.75694444 | GD67: 0.76041667 | GE67: 0.76388889 | GF67: 0.76736111 | GG67: 0.77083333 | GH67: 0.77430556 | GI67: 0.77777778 | GJ67: 0.78125 | GK67: 0.78472222 | GL67: 0.78819444 | GM67: 0.79166667 | GN67: 0.79513889 | GO67: 0.79861111 | GP67: 0.80208333 | GQ67: 0.80555556 | GR67: 0.80902778 | GS67: 0.8125 | GT67: 0.81597222 | GU67: 0.81944444 | GV67: 0.82291667 | GW67: 0.82638889 | GX67: 0.82986111 | GY67: 0.83333333 | GZ67: 0.83680556 | HA67: 0.84027778 | HB67: 0.84375 | HC67: 0.84722222 | HD67: 0.85069444 | HE67: 0.85416667 | HF67: 0.85763889 | HG67: 0.86111111 | HH67: 0.86458333 | HI67: 0.86805556 | HJ67: 0.87152778 | HK67: 0.875 | HL67: 0.87847222 | HM67: 0.88194444 | HN67: 0.88541667 | HO67: 0.88888889 | HP67: 0.89236111 | HQ67: 0.89583333 | HR67: 0.89930556 | HS67: 0.90277778 | HT67: 0.90625 | HU67: 0.90972222 | HV67: 0.91319444 | HW67: 0.91666667 | HX67: 0.92013889 | HY67: 0.92361111 | HZ67: 0.92708333 | IA67: 0.93055556 | IB67: 0.93402778 | IC67: 0.9375 | ID67: 0.94097222 | IE67: 0.94444444 | IF67: 0.94791667 | IG67: 0.95138889 | IH67: 0.95486111 | II67: 0.95833333 | IJ67: 0.96180556 | IK67: 0.96527778 | IL67: 0.96875 | IM67: 0.97222222 | IN67: 0.97569444 | IO67: 0.97916667 | IP67: 0.98263889 | IQ67: 0.98611111 | IR67: 0.98958333 | IS67: 0.99305556 | IT67: 0.99652778 | IU67: 1
A69: ＜月初在籍児童数＞ | F69: ※請求先市区町村以外の児童を含む
A70: 4 | C70: 5 | E70: 6 | G70: 7 | I70: 8 | K70: 9 | N70: 請求月（ | P70: =U82&"月"&IF(X82=U82,"）","～"&X82&"月）") -> 4月） | T70: に係る
N71: 月初在籍児童（予定）数 | AA71: 1 | AB71: 2 | AC71: 3 | AD71: 4 | AE71: 5 | AF71: 6 | AG71: 7 | AH71: 8 | AI71: 9 | AJ71: 10 | AK71: 11 | AL71: 12
A72: 10 | C72: 11 | E72: 12 | G72: 1 | I72: 2 | K72: 3 | N72: =HLOOKUP(U82,AA71:AL72,2,FALSE) -> 0 | R72: うち分園 | V72: うち新座市外児童数 | AA72: =G73 -> 0 | AB72: =I73 -> 0 | AC72: =K73 -> 0 | AD72: =A71 -> 0 | AE72: =C71 -> 0 | AF72: =E71 -> 0 | AG72: =G71 -> 0 | AH72: =I71 -> 0 | AI72: =K71 -> 0 | AJ72: =A73 -> 0 | AK72: =C73 -> 0 | AL72: =E73 -> 0
V73: 0
A76: ＜精算・その他＞
A77: （精算が必要な場合のみ記載）
A81: 子どものための教育・保育給付請求明細書（保育園）
U82: =M4 -> 4 | V82: 月 | W82: ～ | X82: =P4 -> 4 | Y82: 月分
A83: ＜請求金額算定内訳＞
A84: 区分 | I84: 適用区分 | M84: 単価 | O84: ５歳児 | Q84: ４歳児 | S84: ３歳児 | U84: ２歳児 | W84: １歳児 | Y84: 乳児
A85: ○ | B85: 基本分単価 | K85: 標準 | O85: =_xlfn.IFNA(INDIRECT(計算用!$D$3),0) -> 0 | S85: =_xlfn.IFNA(OFFSET(INDIRECT(計算用!$D$3),1,0),0) -> 0 | U85: =_xlfn.IFNA(OFFSET(INDIRECT(計算用!$D$3),2,0),0) -> 0 | Y85: =_xlfn.IFNA(OFFSET(INDIRECT(計算用!$D$3),3,0),0) -> 0
K86: 短時間 | O86: =_xlfn.IFNA(OFFSET(INDIRECT(計算用!$D$3),0,計算用!$D$15),0) -> 0 | Q86: =OFFSET(INDIRECT(計算用!$D$3),1,0) -> #N/A | S86: =_xlfn.IFNA(OFFSET(INDIRECT(計算用!$D$3),1,計算用!$D$15),0) -> 0 | U86: =_xlfn.IFNA(OFFSET(INDIRECT(計算用!$D$3),2,計算用!$D$15),0) -> 0 | W86: =OFFSET(INDIRECT(計算用!$D$3),1,計算用!$D$15) -> #N/A | Y86: =_xlfn.IFNA(OFFSET(INDIRECT(計算用!$D$3),3,計算用!$D$15),0) -> 0
A87: ○ | B87: 基本分単価（分園） | K87: 標準 | O87: =IFERROR(INDIRECT(計算用!$D$4),0) -> 0 | S87: =IFERROR(OFFSET(INDIRECT(計算用!$D$4),1,0),0) -> 0 | U87: =IFERROR(OFFSET(INDIRECT(計算用!$D$4),2,0),0) -> 0 | Y87: =IFERROR(OFFSET(INDIRECT(計算用!$D$4),3,0),0) -> 0 | AA87: 2 | AB87: 3 | AC87: 4 | AD87: 5 | AE87: 6 | AF87: 7 | AG87: 8 | AH87: 9 | AI87: 10 | AJ87: 11 | AK87: 12 | AL87: 13 | AM87: 14 | AN87: 15 | AO87: 16 | AP87: 17 | AQ87: 18 | AR87: 19
K88: 短時間 | O88: =IFERROR(OFFSET(INDIRECT(計算用!$D$4),0,計算用!$D$15),0) -> 0 | Q88: =OFFSET(INDIRECT(計算用!$D$3),1,0) -> #N/A | S88: =IFERROR(OFFSET(INDIRECT(計算用!$D$4),1,計算用!$D$15),0) -> 0 | U88: =IFERROR(OFFSET(INDIRECT(計算用!$D$4),2,計算用!$D$15),0) -> 0 | W88: =OFFSET(INDIRECT(計算用!$D$3),1,計算用!$D$15) -> #N/A | Y88: =IFERROR(OFFSET(INDIRECT(計算用!$D$4),3,計算用!$D$15),0) -> 0
A90: 基本加算部分
A91: 区分 | I91: 適用区分 | M91: 単価 | O91: ５歳児 | Q91: ４歳児 | S91: ３歳児 | U91: ２歳児 | W91: １歳児 | Y91: 乳児
A92: ○ | B92: 処遇改善等加算Ⅰ | I92: 加算率
K93: 標準 | O93: =_xlfn.IFNA(ROUNDDOWN(M95,-1),0) -> 0 | S93: =_xlfn.IFNA(ROUNDDOWN(M97,-1),0) -> 0 | U93: =_xlfn.IFNA(ROUNDDOWN(M99,-1),0) -> 0 | W93: =ROUNDDOWN(Q97*$K$92,-1) -> 0 | Y93: =_xlfn.IFNA(ROUNDDOWN(M101,-1),0) -> 0
K94: 短時間 | O94: =_xlfn.IFNA(ROUNDDOWN(M96,-1),0) -> 0 | S94: =_xlfn.IFNA(ROUNDDOWN(M98,-1),0) -> 0 | U94: =_xlfn.IFNA(ROUNDDOWN(M100,-1),0) -> 0 | W94: =ROUNDDOWN(Q98*$K$92,-1) -> 0 | Y94: =_xlfn.IFNA(ROUNDDOWN(M102,-1),0) -> 0
I95: ４歳以上児 | K95: 標準 | M95: =OFFSET(INDIRECT(計算用!$D$3),0,計算用!$D$16)*$K$92 -> #N/A
K96: 短時間 | M96: =OFFSET(INDIRECT(計算用!$D$3),0,計算用!$D$17)*$K$92 -> #N/A
I97: ３歳児 | K97: 標準 | M97: =OFFSET(INDIRECT(計算用!$D$3),1,計算用!$D$16)*$K$92 -> #N/A
K98: 短時間 | M98: =OFFSET(INDIRECT(計算用!$D$3),1,計算用!$D$17)*$K$92 -> #N/A
I99: １・２歳児 | K99: 標準 | M99: =OFFSET(INDIRECT(計算用!$D$3),2,計算用!$D$16)*$K$92 -> #N/A
K100: 短時間 | M100: =OFFSET(INDIRECT(計算用!$D$3),2,計算用!$D$17)*$K$92 -> #N/A
I101: 乳児 | K101: 標準 | M101: =OFFSET(INDIRECT(計算用!$D$3),3,計算用!$D$16)*$K$92 -> #N/A
K102: 短時間 | M102: =OFFSET(INDIRECT(計算用!$D$3),3,計算用!$D$17)*$K$92 -> #N/A
A103: ○ | B103: 処遇改善等加算Ⅰ（分園） | K103: 標準 | O103: =ROUNDDOWN(M105,-1) -> 0 | S103: =ROUNDDOWN(M107,-1) -> 0 | U103: =ROUNDDOWN(M109,-1) -> 0 | W103: =ROUNDDOWN(Q107*$K$92,-1) -> 0 | Y103: =ROUNDDOWN(M111,-1) -> 0
K104: 短時間 | O104: =ROUNDDOWN(M106,-1) -> 0 | S104: =ROUNDDOWN(M108,-1) -> 0 | U104: =ROUNDDOWN(M110,-1) -> 0 | W104: =ROUNDDOWN(Q108*$K$92,-1) -> 0 | Y104: =ROUNDDOWN(M112,-1) -> 0
I105: ４歳以上児 | K105: 標準 | M105: =IFERROR(OFFSET(INDIRECT(計算用!$D$4),0,計算用!$D$16)*$K$92,0) -> 0
K106: 短時間 | M106: =IFERROR(OFFSET(INDIRECT(計算用!$D$4),0,計算用!$D$17)*$K$92,0) -> 0
I107: ３歳以上児 | K107: 標準 | M107: =IFERROR(OFFSET(INDIRECT(計算用!$D$4),1,計算用!$D$16)*$K$92,0) -> 0
K108: 短時間 | M108: =IFERROR(OFFSET(INDIRECT(計算用!$D$4),1,計算用!$D$17)*$K$92,0) -> 0 | AA108: 非適用 | AB108: 適用
I109: １・２歳児 | K109: 標準 | M109: =IFERROR(OFFSET(INDIRECT(計算用!$D$4),2,計算用!$D$16)*$K$92,0) -> 0
K110: 短時間 | M110: =IFERROR(OFFSET(INDIRECT(計算用!$D$4),2,計算用!$D$17)*$K$92,0) -> 0
I111: 乳児 | K111: 標準 | M111: =IFERROR(OFFSET(INDIRECT(計算用!$D$4),3,計算用!$D$16)*$K$92,0) -> 0 | AA111: 非適用 | AB111: ～210人 | AC111: 211人～279人 | AD111: 280人～349人 | AE111: 350人～419人 | AF111: 420人～489人 | AG111: 490人～559人 | AH111: 560人～629人 | AI111: 630人～699人 | AJ111: 700人～769人 | AK111: 770人～839人 | AL111: 840人～909人 | AM111: 910人～979人 | AN111: 980人～1,049人 | AO111: 1,050人～
K112: 短時間 | M112: =IFERROR(OFFSET(INDIRECT(計算用!$D$4),3,計算用!$D$17)*$K$92,0) -> 0
A113: ○ | B113: ３歳児配置改善加算 | M113: =M114+M115 -> #N/A | S113: =SUM(S114:T115) -> 0
C114: うち下記以外 | M114: =OFFSET(INDIRECT(計算用!$D$5),1,計算用!$D$18) -> #N/A | S114: =IF(I113="適用",ROUNDDOWN(M114,-1),0) -> 0
C115: うち処遇改善等加算Ⅰ分 | M115: =OFFSET(INDIRECT(計算用!$D$5),1,計算用!$D$19)*$K$92 -> #N/A | S115: =IF(I113="適用",ROUNDDOWN(M115,-1),0) -> 0
A116: ○ | B116: ４歳以上児配置改善加算 | M116: =M117+M118 -> #N/A | O116: =SUM(O117:T118) -> 0
...

Sheet 在籍児童一覧（保育所）
A1: 在籍児童一覧（保育所） | P1: ='請求書（保育所）'!U82 -> 4 | Q1: 月 | R1: ～ | S1: ='請求書（保育所）'!X82 -> 4 | T1: 月分
A2: 施設・事業所名 | F2: ='請求書（保育所）'!O13 -> ○〇保育園
A4: ※新座市民のみ記入
A5: ※年齢は年度の初日の前日における満年齢を記入 | AF5: 中心園（標準） | AU5: 中心園（短時間） | BM5: 中心園（教育） | BY5: 分園（標準） | CN5: 分園（短時間） | DC5: 分園（教育）
A6: No. | C6: 児童氏名 | F6: 年齢 | G6: 標準／短時間／教育 | I6: 分園 | K6: 月途中入退所のあった児童のみ | Q6: 副食費徴収 免除加算 | AA6: 月途中入退所児童の区分 | AE6: 月途中入退所のない児童 | AF6: 月途中入退所のない児童で、かつ、副食費徴収免除対象者でないもの | AL6: 月途中入退所のない児童で、かつ、副食費徴収免除対象者であるもの | AO6: 途中入退所児童 | AU6: 月途中入退所のない児童で、かつ、副食費徴収免除対象者でないもの | BA6: 月途中入退所のない児童で、かつ、副食費徴収免除対象者であるもの | BG6: 途中入退所児童 | BM6: 月途中入退所のない児童で、かつ、副食費徴収免除対象者でないもの | BQ6: 月途中入退所のない児童で、かつ、副食費徴収免除対象者であるもの | BU6: 月途中入退所児童 | BY6: 月途中入退所のない児童で、かつ、副食費徴収免除対象者でないもの | CE6: 月途中入退所のない児童で、かつ、副食費徴収免除対象者であるもの | CH6: 途中入退所児童 | CN6: 月途中入退所のない児童で、かつ、副食費徴収免除対象者でないもの | CT6: 月途中入退所のない児童で、かつ、副食費徴収免除対象者であるもの | CW6: 途中入退所児童 | DC6: 月途中入退所のない児童で、かつ、副食費徴収免除対象者でないもの | DG6: 月途中入退所のない児童で、かつ、副食費徴収免除対象者であるもの | DK6: 月途中入退所児童
K7: 月途中入所の有無 | M7: 月途中退所の有無 | O7: 在籍中開所 日数 | AA7: A | AB7: B | AC7: C | AD7: D
Q8: 対象の有無 | S8: その他 | AF8: ５歳 | AG8: ４歳 | AH8: ３歳 | AI8: ２歳 | AJ8: １歳 | AK8: 乳児 | AL8: ５歳 | AM8: ４歳 | AN8: ３歳 | AO8: ５歳 | AP8: ４歳 | AQ8: ３歳 | AR8: ２歳 | AS8: １歳 | AT8: 乳児 | AU8: ５歳 | AV8: ４歳 | AW8: ３歳 | AX8: ２歳 | AY8: １歳 | AZ8: 乳児 | BA8: ５歳 | BB8: ４歳 | BC8: ３歳 | BD8: ２歳 | BE8: １歳 | BF8: 乳児 | BG8: ５歳 | BH8: ４歳 | BI8: ３歳 | BJ8: ２歳 | BK8: １歳 | BL8: 乳児 | BM8: ５歳 | BN8: ４歳 | BO8: ３歳 | BP8: ２歳 | BQ8: ５歳 | BR8: ４歳 | BS8: ３歳 | BT8: ２歳 | BU8: ５歳 | BV8: ４歳 | BW8: ３歳 | BX8: ２歳 | BY8: ５歳 | BZ8: ４歳 | CA8: ３歳 | CB8: ２歳 | CC8: １歳 | CD8: 乳児 | CE8: ５歳 | CF8: ４歳 | CG8: ３歳 | CH8: ５歳 | CI8: ４歳 | CJ8: ３歳 | CK8: ２歳 | CL8: １歳 | CM8: 乳児 | CN8: ５歳 | CO8: ４歳 | CP8: ３歳 | CQ8: ２歳 | CR8: １歳 | CS8: 乳児 | CT8: ５歳 | CU8: ４歳 | CV8: ３歳 | CW8: ５歳 | CX8: ４歳 | CY8: ３歳 | CZ8: ２歳 | DA8: １歳 | DB8: 乳児 | DC8: ５歳 | DD8: ４歳 | DE8: ３歳 | DF8: ２歳 | DG8: ５歳 | DH8: ４歳 | DI8: ３歳 | DJ8: ２歳 | DK8: ５歳 | DL8: ４歳 | DM8: ３歳 | DN8: ２歳
A10: =ROW()-9 -> 1 | C10: ○○ ○○ | U10: =IF(O10="","",IF(AND(G10="標準",OR(M10="○",K10="○"),I10=""),"※下表に記載必要箇所あり(①)",IF(AND(G10="標準",M10="○",I10="分園"),"※下表に記載必要箇所あり(③)",IF(AND(G10="短時間",OR(M10="○",K10="○"),I10=""),"※下表に記載必要箇所あり(②)","※下表に記載必要箇所あり(④)")))) | AA10: =IF(AND(K10="○",Q10=""),"A","") | AB10: =IF(AND(K10="○",Q10="○"),"B","") | AC10: =IF(AND(K10="",M10="○",Q10=""),"C","") | AD10: =IF(AND(K10="",M10="○",Q10="○"),"D","") | AE10: =IF(OR(K10="○",M10="○"),"","○") -> ○ | AF10: =IF(AND(F10="５歳",G10="標準",I10="",AE10="○",Q10=""),"○","") | AG10: =IF(AND(F10="４歳",G10="標準",I10="",AE10="○",Q10=""),"○","") | AH10: =IF(AND(F10="３歳",G10="標準",I10="",AE10="○",Q10=""),"○","") | AI10: =IF(AND(F10="２歳",G10="標準",I10="",AE10="○",Q10=""),"○","") | AJ10: =IF(AND(F10="１歳",G10="標準",I10="",AE10="○",Q10=""),"○","") | AK10: =IF(AND(F10="乳児",G10="標準",I10="",AE10="○",Q10=""),"○","") | AL10: =IF(AND(F10="５歳",G10="標準",I10="",AE10="○",Q10="○"),"○","") | AM10: =IF(AND(F10="４歳",G10="標準",I10="",AE10="○",Q10="○"),"○","") | AN10: =IF(AND(F10="３歳",G10="標準",I10="",AE10="○",Q10="○"),"○","") | AO10: =IF(AND(F10="５歳",G10="標準",O10>0),"○","") | AP10: =IF(AND(F10="４歳",G10="標準",O10>0),"○","") | AQ10: =IF(AND(F10="３歳",G10="標準",O10>0),"○","") | AR10: =IF(AND(F10="２歳",G10="標準",O10>0),"○","") | AS10: =IF(AND(F10="１歳",G10="標準",O10>0),"○","") | AT10: =IF(AND(F10="乳児",G10="標準",O10>0),"○","") | AU10: =IF(AND(F10="５歳",G10="短時間",I10="",AE10="○",Q10=""),"○","") | AV10: =IF(AND(F10="４歳",G10="短時間",I10="",AE10="○",Q10=""),"○","") | AW10: =IF(AND(F10="３歳",G10="短時間",I10="",AE10="○",Q10=""),"○","") | AX10: =IF(AND(F10="２歳",G10="短時間",I10="",AE10="○",Q10=""),"○","") | AY10: =IF(AND(F10="１歳",G10="短時間",I10="",AE10="○",Q10=""),"○","") | AZ10: =IF(AND(F10="乳児",G10="短時間",I10="",AE10="○",Q10=""),"○","") | BA10: =IF(AND(F10="５歳",G10="短時間",I10="",AE10="○",Q10="○"),"○","") | BB10: =IF(AND(F10="４歳",G10="短時間",I10="",AE10="○",Q10="○"),"○","") | BC10: =IF(AND(F10="３歳",G10="短時間",I10="",AE10="○",Q10="○"),"○","") | BD10: =IF(AND(F10="２歳",G10="短時間",I10="",AE10="○",Q10="○"),"○","") | BE10: =IF(AND(F10="１歳",G10="短時間",I10="",AE10="○",Q10="○"),"○","") | BF10: =IF(AND(F10="乳児",G10="短時間",I10="",AE10="○",Q10="○"),"○","") | BG10: =IF(AND(F10="５歳",G10="短時間",I10="",O10>0),"○","") | BH10: =IF(AND(F10="４歳",G10="短時間",I10="",O10>0),"○","") | BI10: =IF(AND(F10="３歳",G10="短時間",I10="",O10>0),"○","") | BJ10: =IF(AND(F10="２歳",G10="短時間",I10="",O10>0),"○","") | BK10: =IF(AND(F10="１歳",G10="短時間",I10="",O10>0),"○","") | BL10: =IF(AND(F10="乳児",G10="短時間",I10="",O10>0),"○","") | BM10: =IF(AND(F10="５歳",I10="",AE10="○",Q10="",),"○","") | BN10: =IF(AND(F10="４歳",I10="",AE10="○",Q10="",),"○","") | BO10: =IF(AND(F10="３歳",I10="",AE10="○",Q10="",),"○","") | BP10: =IF(AND(F10="２歳",I10="",AE10="○",Q10="",),"○","") | BQ10: =IF(AND(F10="５歳",I10="",AE10="○",Q10="○",),"○","") | BR10: =IF(AND(F10="４歳",I10="",AE10="○",Q10="○",),"○","") | BS10: =IF(AND(F10="３歳",I10="",AE10="○",Q10="○",),"○","") | BT10: =IF(AND(F10="２歳",I10="",AE10="○",Q10="○",),"○","") | BU10: =IF(AND(F10="５歳",G10="教育",O10>0),"○","") | BV10: =IF(AND(F10="４歳",G10="教育",O10>0),"○","") | BW10: =IF(AND(F10="３歳",G10="教育",O10>0),"○","") | BX10: =IF(AND(F10="２歳",G10="教育",O10>0),"○","") | BY10: =IF(AND(F10="５歳",G10="標準",I10="分園",AE10="○",Q10=""),"○","") | BZ10: =IF(AND(F10="４歳",G10="標準",I10="分園",AE10="○",Q10=""),"○","") | CA10: =IF(AND(F10="３歳",G10="標準",I10="分園",AE10="○",Q10=""),"○","") | CB10: =IF(AND(F10="２歳",G10="標準",I10="分園",AE10="○",Q10=""),"○","") | CC10: =IF(AND(F10="１歳",G10="標準",I10="分園",AE10="○",Q10=""),"○","") | CD10: =IF(AND(F10="乳児",G10="標準",I10="分園",AE10="○",Q10=""),"○","") | CE10: =IF(AND(F10="５歳",G10="標準",I10="分園",AE10="○",Q10="○"),"○","") | CF10: =IF(AND(F10="４歳",G10="標準",I10="分園",AE10="○",Q10="○"),"○","") | CG10: =IF(AND(F10="３歳",G10="標準",I10="分園",AE10="○",Q10="○"),"○","") | CH10: =IF(AND(F1416="５歳",G10="教育",I10="分園",O10>0),"○","") | CI10: =IF(AND(F1416="４歳",G10="教育",I10="分園",O10>0),"○","") | CJ10: =IF(AND(F1416="３歳",G10="教育",I10="分園",O10>0),"○","") | CK10: =IF(AND(F1416="２歳",G10="教育",I10="分園",O10>0),"○","") | CL10: =IF(AND(F1416="１歳",G10="教育",I10="分園",O10>0),"○","") | CM10: =IF(AND(F1416="乳児",G10="教育",I10="分園",O10>0),"○","") | CN10: =IF(AND(F10="５歳",G10="短時間",I10="分園",AE10="○",Q10=""),"○","") | CO10: =IF(AND(F10="４歳",G10="短時間",I10="分園",AE10="○",Q10=""),"○","") | CP10: =IF(AND(F10="３歳",G10="短時間",I10="分園",AE10="○",Q10=""),"○","") | CQ10: =IF(AND(F10="２歳",G10="短時間",I10="分園",AE10="○",Q10=""),"○","") | CR10: =IF(AND(F10="１歳",G10="短時間",I10="分園",AE10="○",Q10=""),"○","") | CS10: =IF(AND(F10="乳児",G10="短時間",I10="分園",AE10="○",Q10=""),"○","") | CT10: =IF(AND(F10="５歳",G10="短時間",I10="分園",AE10="○",Q10="○"),"○","") | CU10: =IF(AND(F10="４歳",G10="短時間",I10="分園",AE10="○",Q10="○"),"○","") | CV10: =IF(AND(F10="３歳",G10="短時間",I10="分園",AE10="○",Q10="○"),"○","") | CW10: =IF(AND(F10="５歳",G10="短時間",I10="分園",O10>0),"○","") | CX10: =IF(AND(F10="４歳",G10="短時間",I10="分園",O10>0),"○","") | CY10: =IF(AND(F10="３歳",G10="短時間",I10="分園",O10>0),"○","") | CZ10: =IF(AND(F10="２歳",G10="短時間",I10="分園",O10>0),"○","") | DA10: =IF(AND(F10="１歳",G10="短時間",I10="分園",O10>0),"○","") | DB10: =IF(AND(F10="乳児",G10="短時間",I10="分園",O10>0),"○","") | DC10: =IF(AND(F10="５歳",G10="教育",I10="分園",AE10="○",Q10="",),"○","") | DD10: =IF(AND(F10="４歳",G10="教育",I10="分園",AE10="○",Q10="",),"○","") | DE10: =IF(AND(F10="３歳",G10="教育",I10="分園",AE10="○",Q10="",),"○","") | DF10: =IF(AND(F10="２歳",G10="教育",I10="分園",AE10="○",Q10="",),"○","") | DG10: =IF(AND(F10="５歳",G10="教育",I10="分園",AE10="○",Q10="○",),"○","") | DH10: =IF(AND(F10="４歳",G10="教育",I10="分園",AE10="○",Q10="○",),"○","") | DI10: =IF(AND(F10="３歳",G10="教育",I10="分園",AE10="○",Q10="○",),"○","") | DJ10: =IF(AND(F10="２歳",G10="教育",I10="分園",AE10="○",Q10="○",),"○","") | DK10: =IF(AND(F10="５歳",G10="教育",I10="分園",O10>0),"○","") | DL10: =IF(AND(F10="４歳",G10="教育",I10="分園",O10>0),"○","") | DM10: =IF(AND(F10="３歳",G10="教育",I10="分園",O10>0),"○","") | DN10: =IF(AND(F10="２歳",G10="教育",I10="分園",O10>0),"○","") | DO10: 乳児 | DP10: １歳 | DQ10: ２歳 | DR10: ３歳 | DS10: ４歳 | DT10: ５歳
A11: =ROW()-9 -> 2 | U11: =IF(O11="","",IF(AND(G11="標準",OR(M11="○",K11="○"),I11=""),"※下表に記載必要箇所あり(①)",IF(AND(G11="標準",M11="○",I11="分園"),"※下表に記載必要箇所あり(③)",IF(AND(G11="短時間",OR(M11="○",K11="○"),I11=""),"※下表に記載必要箇所あり(②)","※下表に記載必要箇所あり(④)")))) | AA11: =IF(AND(K11="○",Q11=""),"A","") | AB11: =IF(AND(K11="○",Q11="○"),"B","") | AC11: =IF(AND(K11="",M11="○",Q11=""),"C","") | AD11: =IF(AND(K11="",M11="○",Q11="○"),"D","") | AE11: =IF(OR(K11="○",M11="○"),"","○") -> ○ | AF11: =IF(AND(F11="５歳",G11="標準",I11="",AE11="○",Q11=""),"○","") | AG11: =IF(AND(F11="４歳",G11="標準",I11="",AE11="○",Q11=""),"○","") | AH11: =IF(AND(F11="３歳",G11="標準",I11="",AE11="○",Q11=""),"○","") | AI11: =IF(AND(F11="２歳",G11="標準",I11="",AE11="○",Q11=""),"○","") | AJ11: =IF(AND(F11="１歳",G11="標準",I11="",AE11="○",Q11=""),"○","") | AK11: =IF(AND(F11="乳児",G11="標準",I11="",AE11="○",Q11=""),"○","") | AL11: =IF(AND(F11="５歳",G11="標準",I11="",AE11="○",Q11="○"),"○","") | AM11: =IF(AND(F11="４歳",G11="標準",I11="",AE11="○",Q11="○"),"○","") | AN11: =IF(AND(F11="３歳",G11="標準",I11="",AE11="○",Q11="○"),"○","") | AO11: =IF(AND(F11="５歳",G11="標準",O11>0),"○","") | AP11: =IF(AND(F11="４歳",G11="標準",O11>0),"○","") | AQ11: =IF(AND(F11="３歳",G11="標準",O11>0),"○","") | AR11: =IF(AND(F11="２歳",G11="標準",O11>0),"○","") | AS11: =IF(AND(F11="１歳",G11="標準",O11>0),"○","") | AT11: =IF(AND(F11="乳児",G11="標準",O11>0),"○","") | AU11: =IF(AND(F11="５歳",G11="短時間",I11="",AE11="○",Q11=""),"○","") | AV11: =IF(AND(F11="４歳",G11="短時間",I11="",AE11="○",Q11=""),"○","") | AW11: =IF(AND(F11="３歳",G11="短時間",I11="",AE11="○",Q11=""),"○","") | AX11: =IF(AND(F11="２歳",G11="短時間",I11="",AE11="○",Q11=""),"○","") | AY11: =IF(AND(F11="１歳",G11="短時間",I11="",AE11="○",Q11=""),"○","") | AZ11: =IF(AND(F11="乳児",G11="短時間",I11="",AE11="○",Q11=""),"○","") | BA11: =IF(AND(F11="５歳",G11="短時間",I11="",AE11="○",Q11="○"),"○","") | BB11: =IF(AND(F11="４歳",G11="短時間",I11="",AE11="○",Q11="○"),"○","") | BC11: =IF(AND(F11="３歳",G11="短時間",I11="",AE11="○",Q11="○"),"○","") | BD11: =IF(AND(F11="２歳",G11="短時間",I11="",AE11="○",Q11="○"),"○","") | BE11: =IF(AND(F11="１歳",G11="短時間",I11="",AE11="○",Q11="○"),"○","") | BF11: =IF(AND(F11="乳児",G11="短時間",I11="",AE11="○",Q11="○"),"○","") | BG11: =IF(AND(F11="５歳",G11="短時間",I11="",O11>0),"○","") | BH11: =IF(AND(F11="４歳",G11="短時間",I11="",O11>0),"○","") | BI11: =IF(AND(F11="３歳",G11="短時間",I11="",O11>0),"○","") | BJ11: =IF(AND(F11="２歳",G11="短時間",I11="",O11>0),"○","") | BK11: =IF(AND(F11="１歳",G11="短時間",I11="",O11>0),"○","") | BL11: =IF(AND(F11="乳児",G11="短時間",I11="",O11>0),"○","") | BM11: =IF(AND(F11="５歳",I11="",AE11="○",Q11="",),"○","") | BN11: =IF(AND(F11="４歳",I11="",AE11="○",Q11="",),"○","") | BO11: =IF(AND(F11="３歳",I11="",AE11="○",Q11="",),"○","") | BP11: =IF(AND(F11="２歳",I11="",AE11="○",Q11="",),"○","") | BQ11: =IF(AND(F11="５歳",I11="",AE11="○",Q11="○",),"○","") | BR11: =IF(AND(F11="４歳",I11="",AE11="○",Q11="○",),"○","") | BS11: =IF(AND(F11="３歳",I11="",AE11="○",Q11="○",),"○","") | BT11: =IF(AND(F11="２歳",I11="",AE11="○",Q11="○",),"○","") | BU11: =IF(AND(F11="５歳",G11="教育",O11>0),"○","") | BV11: =IF(AND(F11="４歳",G11="教育",O11>0),"○","") | BW11: =IF(AND(F11="３歳",G11="教育",O11>0),"○","") | BX11: =IF(AND(F11="２歳",G11="教育",O11>0),"○","") | BY11: =IF(AND(F11="５歳",G11="標準",I11="分園",AE11="○",Q11=""),"○","") | BZ11: =IF(AND(F11="４歳",G11="標準",I11="分園",AE11="○",Q11=""),"○","") | CA11: =IF(AND(F11="３歳",G11="標準",I11="分園",AE11="○",Q11=""),"○","") | CB11: =IF(AND(F11="２歳",G11="標準",I11="分園",AE11="○",Q11=""),"○","") | CC11: =IF(AND(F11="１歳",G11="標準",I11="分園",AE11="○",Q11=""),"○","") | CD11: =IF(AND(F11="乳児",G11="標準",I11="分園",AE11="○",Q11=""),"○","") | CE11: =IF(AND(F11="５歳",G11="標準",I11="分園",AE11="○",Q11="○"),"○","") | CF11: =IF(AND(F11="４歳",G11="標準",I11="分園",AE11="○",Q11="○"),"○","") | CG11: =IF(AND(F11="３歳",G11="標準",I11="分園",AE11="○",Q11="○"),"○","") | CH11: =IF(AND(F1417="５歳",G11="教育",I11="分園",O11>0),"○","") | CI11: =IF(AND(F1417="４歳",G11="教育",I11="分園",O11>0),"○","") | CJ11: =IF(AND(F1417="３歳",G11="教育",I11="分園",O11>0),"○","") | CK11: =IF(AND(F1417="２歳",G11="教育",I11="分園",O11>0),"○","") | CL11: =IF(AND(F1417="１歳",G11="教育",I11="分園",O11>0),"○","") | CM11: =IF(AND(F1417="乳児",G11="教育",I11="分園",O11>0),"○","") | CN11: =IF(AND(F11="５歳",G11="短時間",I11="分園",AE11="○",Q11=""),"○","") | CO11: =IF(AND(F11="４歳",G11="短時間",I11="分園",AE11="○",Q11=""),"○","") | CP11: =IF(AND(F11="３歳",G11="短時間",I11="分園",AE11="○",Q11=""),"○","") | CQ11: =IF(AND(F11="２歳",G11="短時間",I11="分園",AE11="○",Q11=""),"○","") | CR11: =IF(AND(F11="１歳",G11="短時間",I11="分園",AE11="○",Q11=""),"○","") | CS11: =IF(AND(F11="乳児",G11="短時間",I11="分園",AE11="○",Q11=""),"○","") | CT11: =IF(AND(F11="５歳",G11="短時間",I11="分園",AE11="○",Q11="○"),"○","") | CU11: =IF(AND(F11="４歳",G11="短時間",I11="分園",AE11="○",Q11="○"),"○","") | CV11: =IF(AND(F11="３歳",G11="短時間",I11="分園",AE11="○",Q11="○"),"○","") | CW11: =IF(AND(F11="５歳",G11="短時間",I11="分園",O11>0),"○","") | CX11: =IF(AND(F11="４歳",G11="短時間",I11="分園",O11>0),"○","") | CY11: =IF(AND(F11="３歳",G11="短時間",I11="分園",O11>0),"○","") | CZ11: =IF(AND(F11="２歳",G11="短時間",I11="分園",O11>0),"○","") | DA11: =IF(AND(F11="１歳",G11="短時間",I11="分園",O11>0),"○","") | DB11: =IF(AND(F11="乳児",G11="短時間",I11="分園",O11>0),"○","") | DC11: =IF(AND(F11="５歳",G11="教育",I11="分園",AE11="○",Q11="",),"○","") | DD11: =IF(AND(F11="４歳",G11="教育",I11="分園",AE11="○",Q11="",),"○","") | DE11: =IF(AND(F11="３歳",G11="教育",I11="分園",AE11="○",Q11="",),"○","") | DF11: =IF(AND(F11="２歳",G11="教育",I11="分園",AE11="○",Q11="",),"○","") | DG11: =IF(AND(F11="５歳",G11="教育",I11="分園",AE11="○",Q11="○",),"○","") | DH11: =IF(AND(F11="４歳",G11="教育",I11="分園",AE11="○",Q11="○",),"○","") | DI11: =IF(AND(F11="３歳",G11="教育",I11="分園",AE11="○",Q11="○",),"○","") | DJ11: =IF(AND(F11="２歳",G11="教育",I11="分園",AE11="○",Q11="○",),"○","") | DK11: =IF(AND(F11="５歳",G11="教育",I11="分園",O11>0),"○","") | DL11: =IF(AND(F11="４歳",G11="教育",I11="分園",O11>0),"○","") | DM11: =IF(AND(F11="３歳",G11="教育",I11="分園",O11>0),"○","") | DN11: =IF(AND(F11="２歳",G11="教育",I11="分園",O11>0),"○","") | DO11: ２号 | DP11: ３号 | DQ11: １号
A12: =ROW()-9 -> 3 | U12: =IF(O12="","",IF(AND(G12="標準",OR(M12="○",K12="○"),I12=""),"※下表に記載必要箇所あり(①)",IF(AND(G12="標準",M12="○",I12="分園"),"※下表に記載必要箇所あり(③)",IF(AND(G12="短時間",OR(M12="○",K12="○"),I12=""),"※下表に記載必要箇所あり(②)","※下表に記載必要箇所あり(④)")))) | AA12: =IF(AND(K12="○",Q12=""),"A","") | AB12: =IF(AND(K12="○",Q12="○"),"B","") | AC12: =IF(AND(K12="",M12="○",Q12=""),"C","") | AD12: =IF(AND(K12="",M12="○",Q12="○"),"D","") | AE12: =IF(OR(K12="○",M12="○"),"","○") -> ○ | AF12: =IF(AND(F12="５歳",G12="標準",I12="",AE12="○",Q12=""),"○","") | AG12: =IF(AND(F12="４歳",G12="標準",I12="",AE12="○",Q12=""),"○","") | AH12: =IF(AND(F12="３歳",G12="標準",I12="",AE12="○",Q12=""),"○","") | AI12: =IF(AND(F12="２歳",G12="標準",I12="",AE12="○",Q12=""),"○","") | AJ12: =IF(AND(F12="１歳",G12="標準",I12="",AE12="○",Q12=""),"○","") | AK12: =IF(AND(F12="乳児",G12="標準",I12="",AE12="○",Q12=""),"○","") | AL12: =IF(AND(F12="５歳",G12="標準",I12="",AE12="○",Q12="○"),"○","") | AM12: =IF(AND(F12="４歳",G12="標準",I12="",AE12="○",Q12="○"),"○","") | AN12: =IF(AND(F12="３歳",G12="標準",I12="",AE12="○",Q12="○"),"○","") | AO12: =IF(AND(F12="５歳",G12="標準",O12>0),"○","") | AP12: =IF(AND(F12="４歳",G12="標準",O12>0),"○","") | AQ12: =IF(AND(F12="３歳",G12="標準",O12>0),"○","") | AR12: =IF(AND(F12="２歳",G12="標準",O12>0),"○","") | AS12: =IF(AND(F12="１歳",G12="標準",O12>0),"○","") | AT12: =IF(AND(F12="乳児",G12="標準",O12>0),"○","") | AU12: =IF(AND(F12="５歳",G12="短時間",I12="",AE12="○",Q12=""),"○","") | AV12: =IF(AND(F12="４歳",G12="短時間",I12="",AE12="○",Q12=""),"○","") | AW12: =IF(AND(F12="３歳",G12="短時間",I12="",AE12="○",Q12=""),"○","") | AX12: =IF(AND(F12="２歳",G12="短時間",I12="",AE12="○",Q12=""),"○","") | AY12: =IF(AND(F12="１歳",G12="短時間",I12="",AE12="○",Q12=""),"○","") | AZ12: =IF(AND(F12="乳児",G12="短時間",I12="",AE12="○",Q12=""),"○","") | BA12: =IF(AND(F12="５歳",G12="短時間",I12="",AE12="○",Q12="○"),"○","") | BB12: =IF(AND(F12="４歳",G12="短時間",I12="",AE12="○",Q12="○"),"○","") | BC12: =IF(AND(F12="３歳",G12="短時間",I12="",AE12="○",Q12="○"),"○","") | BD12: =IF(AND(F12="２歳",G12="短時間",I12="",AE12="○",Q12="○"),"○","") | BE12: =IF(AND(F12="１歳",G12="短時間",I12="",AE12="○",Q12="○"),"○","") | BF12: =IF(AND(F12="乳児",G12="短時間",I12="",AE12="○",Q12="○"),"○","") | BG12: =IF(AND(F12="５歳",G12="短時間",I12="",O12>0),"○","") | BH12: =IF(AND(F12="４歳",G12="短時間",I12="",O12>0),"○","") | BI12: =IF(AND(F12="３歳",G12="短時間",I12="",O12>0),"○","") | BJ12: =IF(AND(F12="２歳",G12="短時間",I12="",O12>0),"○","") | BK12: =IF(AND(F12="１歳",G12="短時間",I12="",O12>0),"○","") | BL12: =IF(AND(F12="乳児",G12="短時間",I12="",O12>0),"○","") | BM12: =IF(AND(F12="５歳",I12="",AE12="○",Q12="",),"○","") | BN12: =IF(AND(F12="４歳",I12="",AE12="○",Q12="",),"○","") | BO12: =IF(AND(F12="３歳",I12="",AE12="○",Q12="",),"○","") | BP12: =IF(AND(F12="２歳",I12="",AE12="○",Q12="",),"○","") | BQ12: =IF(AND(F12="５歳",I12="",AE12="○",Q12="○",),"○","") | BR12: =IF(AND(F12="４歳",I12="",AE12="○",Q12="○",),"○","") | BS12: =IF(AND(F12="３歳",I12="",AE12="○",Q12="○",),"○","") | BT12: =IF(AND(F12="２歳",I12="",AE12="○",Q12="○",),"○","") | BU12: =IF(AND(F12="５歳",G12="教育",O12>0),"○","") | BV12: =IF(AND(F12="４歳",G12="教育",O12>0),"○","") | BW12: =IF(AND(F12="３歳",G12="教育",O12>0),"○","") | BX12: =IF(AND(F12="２歳",G12="教育",O12>0),"○","") | BY12: =IF(AND(F12="５歳",G12="標準",I12="分園",AE12="○",Q12=""),"○","") | BZ12: =IF(AND(F12="４歳",G12="標準",I12="分園",AE12="○",Q12=""),"○","") | CA12: =IF(AND(F12="３歳",G12="標準",I12="分園",AE12="○",Q12=""),"○","") | CB12: =IF(AND(F12="２歳",G12="標準",I12="分園",AE12="○",Q12=""),"○","") | CC12: =IF(AND(F12="１歳",G12="標準",I12="分園",AE12="○",Q12=""),"○","") | CD12: =IF(AND(F12="乳児",G12="標準",I12="分園",AE12="○",Q12=""),"○","") | CE12: =IF(AND(F12="５歳",G12="標準",I12="分園",AE12="○",Q12="○"),"○","") | CF12: =IF(AND(F12="４歳",G12="標準",I12="分園",AE12="○",Q12="○"),"○","") | CG12: =IF(AND(F12="３歳",G12="標準",I12="分園",AE12="○",Q12="○"),"○","") | CH12: =IF(AND(F1418="５歳",G12="教育",I12="分園",O12>0),"○","") | CI12: =IF(AND(F1418="４歳",G12="教育",I12="分園",O12>0),"○","") | CJ12: =IF(AND(F1418="３歳",G12="教育",I12="分園",O12>0),"○","") | CK12: =IF(AND(F1418="２歳",G12="教育",I12="分園",O12>0),"○","") | CL12: =IF(AND(F1418="１歳",G12="教育",I12="分園",O12>0),"○","") | CM12: =IF(AND(F1418="乳児",G12="教育",I12="分園",O12>0),"○","") | CN12: =IF(AND(F12="５歳",G12="短時間",I12="分園",AE12="○",Q12=""),"○","") | CO12: =IF(AND(F12="４歳",G12="短時間",I12="分園",AE12="○",Q12=""),"○","") | CP12: =IF(AND(F12="３歳",G12="短時間",I12="分園",AE12="○",Q12=""),"○","") | CQ12: =IF(AND(F12="２歳",G12="短時間",I12="分園",AE12="○",Q12=""),"○","") | CR12: =IF(AND(F12="１歳",G12="短時間",I12="分園",AE12="○",Q12=""),"○","") | CS12: =IF(AND(F12="乳児",G12="短時間",I12="分園",AE12="○",Q12=""),"○","") | CT12: =IF(AND(F12="５歳",G12="短時間",I12="分園",AE12="○",Q12="○"),"○","") | CU12: =IF(AND(F12="４歳",G12="短時間",I12="分園",AE12="○",Q12="○"),"○","") | CV12: =IF(AND(F12="３歳",G12="短時間",I12="分園",AE12="○",Q12="○"),"○","") | CW12: =IF(AND(F12="５歳",G12="短時間",I12="分園",O12>0),"○","") | CX12: =IF(AND(F12="４歳",G12="短時間",I12="分園",O12>0),"○","") | CY12: =IF(AND(F12="３歳",G12="短時間",I12="分園",O12>0),"○","") | CZ12: =IF(AND(F12="２歳",G12="短時間",I12="分園",O12>0),"○","") | DA12: =IF(AND(F12="１歳",G12="短時間",I12="分園",O12>0),"○","") | DB12: =IF(AND(F12="乳児",G12="短時間",I12="分園",O12>0),"○","") | DC12: =IF(AND(F12="５歳",G12="教育",I12="分園",AE12="○",Q12="",),"○","") | DD12: =IF(AND(F12="４歳",G12="教育",I12="分園",AE12="○",Q12="",),"○","") | DE12: =IF(AND(F12="３歳",G12="教育",I12="分園",AE12="○",Q12="",),"○","") | DF12: =IF(AND(F12="２歳",G12="教育",I12="分園",AE12="○",Q12="",),"○","") | DG12: =IF(AND(F12="５歳",G12="教育",I12="分園",AE12="○",Q12="○",),"○","") | DH12: =IF(AND(F12="４歳",G12="教育",I12="分園",AE12="○",Q12="○",),"○","") | DI12: =IF(AND(F12="３歳",G12="教育",I12="分園",AE12="○",Q12="○",),"○","") | DJ12: =IF(AND(F12="２歳",G12="教育",I12="分園",AE12="○",Q12="○",),"○","") | DK12: =IF(AND(F12="５歳",G12="教育",I12="分園",O12>0),"○","") | DL12: =IF(AND(F12="４歳",G12="教育",I12="分園",O12>0),"○","") | DM12: =IF(AND(F12="３歳",G12="教育",I12="分園",O12>0),"○","") | DN12: =IF(AND(F12="２歳",G12="教育",I12="分園",O12>0),"○","") | DO12: 標準 | DP12: 短時間 | DQ12: 教育
A13: =ROW()-9 -> 4 | U13: =IF(O13="","",IF(AND(G13="標準",OR(M13="○",K13="○"),I13=""),"※下表に記載必要箇所あり(①)",IF(AND(G13="標準",M13="○",I13="分園"),"※下表に記載必要箇所あり(③)",IF(AND(G13="短時間",OR(M13="○",K13="○"),I13=""),"※下表に記載必要箇所あり(②)","※下表に記載必要箇所あり(④)")))) | AA13: =IF(AND(K13="○",Q13=""),"A","") | AB13: =IF(AND(K13="○",Q13="○"),"B","") | AC13: =IF(AND(K13="",M13="○",Q13=""),"C","") | AD13: =IF(AND(K13="",M13="○",Q13="○"),"D","") | AE13: =IF(OR(K13="○",M13="○"),"","○") -> ○ | AF13: =IF(AND(F13="５歳",G13="標準",I13="",AE13="○",Q13=""),"○","") | AG13: =IF(AND(F13="４歳",G13="標準",I13="",AE13="○",Q13=""),"○","") | AH13: =IF(AND(F13="３歳",G13="標準",I13="",AE13="○",Q13=""),"○","") | AI13: =IF(AND(F13="２歳",G13="標準",I13="",AE13="○",Q13=""),"○","") | AJ13: =IF(AND(F13="１歳",G13="標準",I13="",AE13="○",Q13=""),"○","") | AK13: =IF(AND(F13="乳児",G13="標準",I13="",AE13="○",Q13=""),"○","") | AL13: =IF(AND(F13="５歳",G13="標準",I13="",AE13="○",Q13="○"),"○","") | AM13: =IF(AND(F13="４歳",G13="標準",I13="",AE13="○",Q13="○"),"○","") | AN13: =IF(AND(F13="３歳",G13="標準",I13="",AE13="○",Q13="○"),"○","") | AO13: =IF(AND(F13="５歳",G13="標準",O13>0),"○","") | AP13: =IF(AND(F13="４歳",G13="標準",O13>0),"○","") | AQ13: =IF(AND(F13="３歳",G13="標準",O13>0),"○","") | AR13: =IF(AND(F13="２歳",G13="標準",O13>0),"○","") | AS13: =IF(AND(F13="１歳",G13="標準",O13>0),"○","") | AT13: =IF(AND(F13="乳児",G13="標準",O13>0),"○","") | AU13: =IF(AND(F13="５歳",G13="短時間",I13="",AE13="○",Q13=""),"○","") | AV13: =IF(AND(F13="４歳",G13="短時間",I13="",AE13="○",Q13=""),"○","") | AW13: =IF(AND(F13="３歳",G13="短時間",I13="",AE13="○",Q13=""),"○","") | AX13: =IF(AND(F13="２歳",G13="短時間",I13="",AE13="○",Q13=""),"○","") | AY13: =IF(AND(F13="１歳",G13="短時間",I13="",AE13="○",Q13=""),"○","") | AZ13: =IF(AND(F13="乳児",G13="短時間",I13="",AE13="○",Q13=""),"○","") | BA13: =IF(AND(F13="５歳",G13="短時間",I13="",AE13="○",Q13="○"),"○","") | BB13: =IF(AND(F13="４歳",G13="短時間",I13="",AE13="○",Q13="○"),"○","") | BC13: =IF(AND(F13="３歳",G13="短時間",I13="",AE13="○",Q13="○"),"○","") | BD13: =IF(AND(F13="２歳",G13="短時間",I13="",AE13="○",Q13="○"),"○","") | BE13: =IF(AND(F13="１歳",G13="短時間",I13="",AE13="○",Q13="○"),"○","") | BF13: =IF(AND(F13="乳児",G13="短時間",I13="",AE13="○",Q13="○"),"○","") | BG13: =IF(AND(F13="５歳",G13="短時間",I13="",O13>0),"○","") | BH13: =IF(AND(F13="４歳",G13="短時間",I13="",O13>0),"○","") | BI13: =IF(AND(F13="３歳",G13="短時間",I13="",O13>0),"○","") | BJ13: =IF(AND(F13="２歳",G13="短時間",I13="",O13>0),"○","") | BK13: =IF(AND(F13="１歳",G13="短時間",I13="",O13>0),"○","") | BL13: =IF(AND(F13="乳児",G13="短時間",I13="",O13>0),"○","") | BM13: =IF(AND(F13="５歳",I13="",AE13="○",Q13="",),"○","") | BN13: =IF(AND(F13="４歳",I13="",AE13="○",Q13="",),"○","") | BO13: =IF(AND(F13="３歳",I13="",AE13="○",Q13="",),"○","") | BP13: =IF(AND(F13="２歳",I13="",AE13="○",Q13="",),"○","") | BQ13: =IF(AND(F13="５歳",I13="",AE13="○",Q13="○",),"○","") | BR13: =IF(AND(F13="４歳",I13="",AE13="○",Q13="○",),"○","") | BS13: =IF(AND(F13="３歳",I13="",AE13="○",Q13="○",),"○","") | BT13: =IF(AND(F13="２歳",I13="",AE13="○",Q13="○",),"○","") | BU13: =IF(AND(F13="５歳",G13="教育",O13>0),"○","") | BV13: =IF(AND(F13="４歳",G13="教育",O13>0),"○","") | BW13: =IF(AND(F13="３歳",G13="教育",O13>0),"○","") | BX13: =IF(AND(F13="２歳",G13="教育",O13>0),"○","") | BY13: =IF(AND(F13="５歳",G13="標準",I13="分園",AE13="○",Q13=""),"○","") | BZ13: =IF(AND(F13="４歳",G13="標準",I13="分園",AE13="○",Q13=""),"○","") | CA13: =IF(AND(F13="３歳",G13="標準",I13="分園",AE13="○",Q13=""),"○","") | CB13: =IF(AND(F13="２歳",G13="標準",I13="分園",AE13="○",Q13=""),"○","") | CC13: =IF(AND(F13="１歳",G13="標準",I13="分園",AE13="○",Q13=""),"○","") | CD13: =IF(AND(F13="乳児",G13="標準",I13="分園",AE13="○",Q13=""),"○","") | CE13: =IF(AND(F13="５歳",G13="標準",I13="分園",AE13="○",Q13="○"),"○","") | CF13: =IF(AND(F13="４歳",G13="標準",I13="分園",AE13="○",Q13="○"),"○","") | CG13: =IF(AND(F13="３歳",G13="標準",I13="分園",AE13="○",Q13="○"),"○","") | CH13: =IF(AND(F1419="５歳",G13="教育",I13="分園",O13>0),"○","") | CI13: =IF(AND(F1419="４歳",G13="教育",I13="分園",O13>0),"○","") | CJ13: =IF(AND(F1419="３歳",G13="教育",I13="分園",O13>0),"○","") | CK13: =IF(AND(F1419="２歳",G13="教育",I13="分園",O13>0),"○","") | CL13: =IF(AND(F1419="１歳",G13="教育",I13="分園",O13>0),"○","") | CM13: =IF(AND(F1419="乳児",G13="教育",I13="分園",O13>0),"○","") | CN13: =IF(AND(F13="５歳",G13="短時間",I13="分園",AE13="○",Q13=""),"○","") | CO13: =IF(AND(F13="４歳",G13="短時間",I13="分園",AE13="○",Q13=""),"○","") | CP13: =IF(AND(F13="３歳",G13="短時間",I13="分園",AE13="○",Q13=""),"○","") | CQ13: =IF(AND(F13="２歳",G13="短時間",I13="分園",AE13="○",Q13=""),"○","") | CR13: =IF(AND(F13="１歳",G13="短時間",I13="分園",AE13="○",Q13=""),"○","") | CS13: =IF(AND(F13="乳児",G13="短時間",I13="分園",AE13="○",Q13=""),"○","") | CT13: =IF(AND(F13="５歳",G13="短時間",I13="分園",AE13="○",Q13="○"),"○","") | CU13: =IF(AND(F13="４歳",G13="短時間",I13="分園",AE13="○",Q13="○"),"○","") | CV13: =IF(AND(F13="３歳",G13="短時間",I13="分園",AE13="○",Q13="○"),"○","") | CW13: =IF(AND(F13="５歳",G13="短時間",I13="分園",O13>0),"○","") | CX13: =IF(AND(F13="４歳",G13="短時間",I13="分園",O13>0),"○","") | CY13: =IF(AND(F13="３歳",G13="短時間",I13="分園",O13>0),"○","") | CZ13: =IF(AND(F13="２歳",G13="短時間",I13="分園",O13>0),"○","") | DA13: =IF(AND(F13="１歳",G13="短時間",I13="分園",O13>0),"○","") | DB13: =IF(AND(F13="乳児",G13="短時間",I13="分園",O13>0),"○","") | DC13: =IF(AND(F13="５歳",G13="教育",I13="分園",AE13="○",Q13="",),"○","") | DD13: =IF(AND(F13="４歳",G13="教育",I13="分園",AE13="○",Q13="",),"○","") | DE13: =IF(AND(F13="３歳",G13="教育",I13="分園",AE13="○",Q13="",),"○","") | DF13: =IF(AND(F13="２歳",G13="教育",I13="分園",AE13="○",Q13="",),"○","") | DG13: =IF(AND(F13="５歳",G13="教育",I13="分園",AE13="○",Q13="○",),"○","") | DH13: =IF(AND(F13="４歳",G13="教育",I13="分園",AE13="○",Q13="○",),"○","") | DI13: =IF(AND(F13="３歳",G13="教育",I13="分園",AE13="○",Q13="○",),"○","") | DJ13: =IF(AND(F13="２歳",G13="教育",I13="分園",AE13="○",Q13="○",),"○","") | DK13: =IF(AND(F13="５歳",G13="教育",I13="分園",O13>0),"○","") | DL13: =IF(AND(F13="４歳",G13="教育",I13="分園",O13>0),"○","") | DM13: =IF(AND(F13="３歳",G13="教育",I13="分園",O13>0),"○","") | DN13: =IF(AND(F13="２歳",G13="教育",I13="分園",O13>0),"○","") | DP13: 分園
A14: =ROW()-9 -> 5 | U14: =IF(O14="","",IF(AND(G14="標準",OR(M14="○",K14="○"),I14=""),"※下表に記載必要箇所あり(①)",IF(AND(G14="標準",M14="○",I14="分園"),"※下表に記載必要箇所あり(③)",IF(AND(G14="短時間",OR(M14="○",K14="○"),I14=""),"※下表に記載必要箇所あり(②)","※下表に記載必要箇所あり(④)")))) | AA14: =IF(AND(K14="○",Q14=""),"A","") | AB14: =IF(AND(K14="○",Q14="○"),"B","") | AC14: =IF(AND(K14="",M14="○",Q14=""),"C","") | AD14: =IF(AND(K14="",M14="○",Q14="○"),"D","") | AE14: =IF(OR(K14="○",M14="○"),"","○") -> ○ | AF14: =IF(AND(F14="５歳",G14="標準",I14="",AE14="○",Q14=""),"○","") | AG14: =IF(AND(F14="４歳",G14="標準",I14="",AE14="○",Q14=""),"○","") | AH14: =IF(AND(F14="３歳",G14="標準",I14="",AE14="○",Q14=""),"○","") | AI14: =IF(AND(F14="２歳",G14="標準",I14="",AE14="○",Q14=""),"○","") | AJ14: =IF(AND(F14="１歳",G14="標準",I14="",AE14="○",Q14=""),"○","") | AK14: =IF(AND(F14="乳児",G14="標準",I14="",AE14="○",Q14=""),"○","") | AL14: =IF(AND(F14="５歳",G14="標準",I14="",AE14="○",Q14="○"),"○","") | AM14: =IF(AND(F14="４歳",G14="標準",I14="",AE14="○",Q14="○"),"○","") | AN14: =IF(AND(F14="３歳",G14="標準",I14="",AE14="○",Q14="○"),"○","") | AO14: =IF(AND(F14="５歳",G14="標準",O14>0),"○","") | AP14: =IF(AND(F14="４歳",G14="標準",O14>0),"○","") | AQ14: =IF(AND(F14="３歳",G14="標準",O14>0),"○","") | AR14: =IF(AND(F14="２歳",G14="標準",O14>0),"○","") | AS14: =IF(AND(F14="１歳",G14="標準",O14>0),"○","") | AT14: =IF(AND(F14="乳児",G14="標準",O14>0),"○","") | AU14: =IF(AND(F14="５歳",G14="短時間",I14="",AE14="○",Q14=""),"○","") | AV14: =IF(AND(F14="４歳",G14="短時間",I14="",AE14="○",Q14=""),"○","") | AW14: =IF(AND(F14="３歳",G14="短時間",I14="",AE14="○",Q14=""),"○","") | AX14: =IF(AND(F14="２歳",G14="短時間",I14="",AE14="○",Q14=""),"○","") | AY14: =IF(AND(F14="１歳",G14="短時間",I14="",AE14="○",Q14=""),"○","") | AZ14: =IF(AND(F14="乳児",G14="短時間",I14="",AE14="○",Q14=""),"○","") | BA14: =IF(AND(F14="５歳",G14="短時間",I14="",AE14="○",Q14="○"),"○","") | BB14: =IF(AND(F14="４歳",G14="短時間",I14="",AE14="○",Q14="○"),"○","") | BC14: =IF(AND(F14="３歳",G14="短時間",I14="",AE14="○",Q14="○"),"○","") | BD14: =IF(AND(F14="２歳",G14="短時間",I14="",AE14="○",Q14="○"),"○","") | BE14: =IF(AND(F14="１歳",G14="短時間",I14="",AE14="○",Q14="○"),"○","") | BF14: =IF(AND(F14="乳児",G14="短時間",I14="",AE14="○",Q14="○"),"○","") | BG14: =IF(AND(F14="５歳",G14="短時間",I14="",O14>0),"○","") | BH14: =IF(AND(F14="４歳",G14="短時間",I14="",O14>0),"○","") | BI14: =IF(AND(F14="３歳",G14="短時間",I14="",O14>0),"○","") | BJ14: =IF(AND(F14="２歳",G14="短時間",I14="",O14>0),"○","") | BK14: =IF(AND(F14="１歳",G14="短時間",I14="",O14>0),"○","") | BL14: =IF(AND(F14="乳児",G14="短時間",I14="",O14>0),"○","") | BM14: =IF(AND(F14="５歳",I14="",AE14="○",Q14="",),"○","") | BN14: =IF(AND(F14="４歳",I14="",AE14="○",Q14="",),"○","") | BO14: =IF(AND(F14="３歳",I14="",AE14="○",Q14="",),"○","") | BP14: =IF(AND(F14="２歳",I14="",AE14="○",Q14="",),"○","") | BQ14: =IF(AND(F14="５歳",I14="",AE14="○",Q14="○",),"○","") | BR14: =IF(AND(F14="４歳",I14="",AE14="○",Q14="○",),"○","") | BS14: =IF(AND(F14="３歳",I14="",AE14="○",Q14="○",),"○","") | BT14: =IF(AND(F14="２歳",I14="",AE14="○",Q14="○",),"○","") | BU14: =IF(AND(F14="５歳",G14="教育",O14>0),"○","") | BV14: =IF(AND(F14="４歳",G14="教育",O14>0),"○","") | BW14: =IF(AND(F14="３歳",G14="教育",O14>0),"○","") | BX14: =IF(AND(F14="２歳",G14="教育",O14>0),"○","") | BY14: =IF(AND(F14="５歳",G14="標準",I14="分園",AE14="○",Q14=""),"○","") | BZ14: =IF(AND(F14="４歳",G14="標準",I14="分園",AE14="○",Q14=""),"○","") | CA14: =IF(AND(F14="３歳",G14="標準",I14="分園",AE14="○",Q14=""),"○","") | CB14: =IF(AND(F14="２歳",G14="標準",I14="分園",AE14="○",Q14=""),"○","") | CC14: =IF(AND(F14="１歳",G14="標準",I14="分園",AE14="○",Q14=""),"○","") | CD14: =IF(AND(F14="乳児",G14="標準",I14="分園",AE14="○",Q14=""),"○","") | CE14: =IF(AND(F14="５歳",G14="標準",I14="分園",AE14="○",Q14="○"),"○","") | CF14: =IF(AND(F14="４歳",G14="標準",I14="分園",AE14="○",Q14="○"),"○","") | CG14: =IF(AND(F14="３歳",G14="標準",I14="分園",AE14="○",Q14="○"),"○","") | CH14: =IF(AND(F1420="５歳",G14="教育",I14="分園",O14>0),"○","") | CI14: =IF(AND(F1420="４歳",G14="教育",I14="分園",O14>0),"○","") | CJ14: =IF(AND(F1420="３歳",G14="教育",I14="分園",O14>0),"○","") | CK14: =IF(AND(F1420="２歳",G14="教育",I14="分園",O14>0),"○","") | CL14: =IF(AND(F1420="１歳",G14="教育",I14="分園",O14>0),"○","") | CM14: =IF(AND(F1420="乳児",G14="教育",I14="分園",O14>0),"○","") | CN14: =IF(AND(F14="５歳",G14="短時間",I14="分園",AE14="○",Q14=""),"○","") | CO14: =IF(AND(F14="４歳",G14="短時間",I14="分園",AE14="○",Q14=""),"○","") | CP14: =IF(AND(F14="３歳",G14="短時間",I14="分園",AE14="○",Q14=""),"○","") | CQ14: =IF(AND(F14="２歳",G14="短時間",I14="分園",AE14="○",Q14=""),"○","") | CR14: =IF(AND(F14="１歳",G14="短時間",I14="分園",AE14="○",Q14=""),"○","") | CS14: =IF(AND(F14="乳児",G14="短時間",I14="分園",AE14="○",Q14=""),"○","") | CT14: =IF(AND(F14="５歳",G14="短時間",I14="分園",AE14="○",Q14="○"),"○","") | CU14: =IF(AND(F14="４歳",G14="短時間",I14="分園",AE14="○",Q14="○"),"○","") | CV14: =IF(AND(F14="３歳",G14="短時間",I14="分園",AE14="○",Q14="○"),"○","") | CW14: =IF(AND(F14="５歳",G14="短時間",I14="分園",O14>0),"○","") | CX14: =IF(AND(F14="４歳",G14="短時間",I14="分園",O14>0),"○","") | CY14: =IF(AND(F14="３歳",G14="短時間",I14="分園",O14>0),"○","") | CZ14: =IF(AND(F14="２歳",G14="短時間",I14="分園",O14>0),"○","") | DA14: =IF(AND(F14="１歳",G14="短時間",I14="分園",O14>0),"○","") | DB14: =IF(AND(F14="乳児",G14="短時間",I14="分園",O14>0),"○","") | DC14: =IF(AND(F14="５歳",G14="教育",I14="分園",AE14="○",Q14="",),"○","") | DD14: =IF(AND(F14="４歳",G14="教育",I14="分園",AE14="○",Q14="",),"○","") | DE14: =IF(AND(F14="３歳",G14="教育",I14="分園",AE14="○",Q14="",),"○","") | DF14: =IF(AND(F14="２歳",G14="教育",I14="分園",AE14="○",Q14="",),"○","") | DG14: =IF(AND(F14="５歳",G14="教育",I14="分園",AE14="○",Q14="○",),"○","") | DH14: =IF(AND(F14="４歳",G14="教育",I14="分園",AE14="○",Q14="○",),"○","") | DI14: =IF(AND(F14="３歳",G14="教育",I14="分園",AE14="○",Q14="○",),"○","") | DJ14: =IF(AND(F14="２歳",G14="教育",I14="分園",AE14="○",Q14="○",),"○","") | DK14: =IF(AND(F14="５歳",G14="教育",I14="分園",O14>0),"○","") | DL14: =IF(AND(F14="４歳",G14="教育",I14="分園",O14>0),"○","") | DM14: =IF(AND(F14="３歳",G14="教育",I14="分園",O14>0),"○","") | DN14: =IF(AND(F14="２歳",G14="教育",I14="分園",O14>0),"○","") | DP14: ○
A15: =ROW()-9 -> 6 | U15: =IF(O15="","",IF(AND(G15="標準",OR(M15="○",K15="○"),I15=""),"※下表に記載必要箇所あり(①)",IF(AND(G15="標準",M15="○",I15="分園"),"※下表に記載必要箇所あり(③)",IF(AND(G15="短時間",OR(M15="○",K15="○"),I15=""),"※下表に記載必要箇所あり(②)","※下表に記載必要箇所あり(④)")))) | AA15: =IF(AND(K15="○",Q15=""),"A","") | AB15: =IF(AND(K15="○",Q15="○"),"B","") | AC15: =IF(AND(K15="",M15="○",Q15=""),"C","") | AD15: =IF(AND(K15="",M15="○",Q15="○"),"D","") | AE15: =IF(OR(K15="○",M15="○"),"","○") -> ○ | AF15: =IF(AND(F15="５歳",G15="標準",I15="",AE15="○",Q15=""),"○","") | AG15: =IF(AND(F15="４歳",G15="標準",I15="",AE15="○",Q15=""),"○","") | AH15: =IF(AND(F15="３歳",G15="標準",I15="",AE15="○",Q15=""),"○","") | AI15: =IF(AND(F15="２歳",G15="標準",I15="",AE15="○",Q15=""),"○","") | AJ15: =IF(AND(F15="１歳",G15="標準",I15="",AE15="○",Q15=""),"○","") | AK15: =IF(AND(F15="乳児",G15="標準",I15="",AE15="○",Q15=""),"○","") | AL15: =IF(AND(F15="５歳",G15="標準",I15="",AE15="○",Q15="○"),"○","") | AM15: =IF(AND(F15="４歳",G15="標準",I15="",AE15="○",Q15="○"),"○","") | AN15: =IF(AND(F15="３歳",G15="標準",I15="",AE15="○",Q15="○"),"○","") | AO15: =IF(AND(F15="５歳",G15="標準",O15>0),"○","") | AP15: =IF(AND(F15="４歳",G15="標準",O15>0),"○","") | AQ15: =IF(AND(F15="３歳",G15="標準",O15>0),"○","") | AR15: =IF(AND(F15="２歳",G15="標準",O15>0),"○","") | AS15: =IF(AND(F15="１歳",G15="標準",O15>0),"○","") | AT15: =IF(AND(F15="乳児",G15="標準",O15>0),"○","") | AU15: =IF(AND(F15="５歳",G15="短時間",I15="",AE15="○",Q15=""),"○","") | AV15: =IF(AND(F15="４歳",G15="短時間",I15="",AE15="○",Q15=""),"○","") | AW15: =IF(AND(F15="３歳",G15="短時間",I15="",AE15="○",Q15=""),"○","") | AX15: =IF(AND(F15="２歳",G15="短時間",I15="",AE15="○",Q15=""),"○","") | AY15: =IF(AND(F15="１歳",G15="短時間",I15="",AE15="○",Q15=""),"○","") | AZ15: =IF(AND(F15="乳児",G15="短時間",I15="",AE15="○",Q15=""),"○","") | BA15: =IF(AND(F15="５歳",G15="短時間",I15="",AE15="○",Q15="○"),"○","") | BB15: =IF(AND(F15="４歳",G15="短時間",I15="",AE15="○",Q15="○"),"○","") | BC15: =IF(AND(F15="３歳",G15="短時間",I15="",AE15="○",Q15="○"),"○","") | BD15: =IF(AND(F15="２歳",G15="短時間",I15="",AE15="○",Q15="○"),"○","") | BE15: =IF(AND(F15="１歳",G15="短時間",I15="",AE15="○",Q15="○"),"○","") | BF15: =IF(AND(F15="乳児",G15="短時間",I15="",AE15="○",Q15="○"),"○","") | BG15: =IF(AND(F15="５歳",G15="短時間",I15="",O15>0),"○","") | BH15: =IF(AND(F15="４歳",G15="短時間",I15="",O15>0),"○","") | BI15: =IF(AND(F15="３歳",G15="短時間",I15="",O15>0),"○","") | BJ15: =IF(AND(F15="２歳",G15="短時間",I15="",O15>0),"○","") | BK15: =IF(AND(F15="１歳",G15="短時間",I15="",O15>0),"○","") | BL15: =IF(AND(F15="乳児",G15="短時間",I15="",O15>0),"○","") | BM15: =IF(AND(F15="５歳",I15="",AE15="○",Q15="",),"○","") | BN15: =IF(AND(F15="４歳",I15="",AE15="○",Q15="",),"○","") | BO15: =IF(AND(F15="３歳",I15="",AE15="○",Q15="",),"○","") | BP15: =IF(AND(F15="２歳",I15="",AE15="○",Q15="",),"○","") | BQ15: =IF(AND(F15="５歳",I15="",AE15="○",Q15="○",),"○","") | BR15: =IF(AND(F15="４歳",I15="",AE15="○",Q15="○",),"○","") | BS15: =IF(AND(F15="３歳",I15="",AE15="○",Q15="○",),"○","") | BT15: =IF(AND(F15="２歳",I15="",AE15="○",Q15="○",),"○","") | BU15: =IF(AND(F15="５歳",G15="教育",O15>0),"○","") | BV15: =IF(AND(F15="４歳",G15="教育",O15>0),"○","") | BW15: =IF(AND(F15="３歳",G15="教育",O15>0),"○","") | BX15: =IF(AND(F15="２歳",G15="教育",O15>0),"○","") | BY15: =IF(AND(F15="５歳",G15="標準",I15="分園",AE15="○",Q15=""),"○","") | BZ15: =IF(AND(F15="４歳",G15="標準",I15="分園",AE15="○",Q15=""),"○","") | CA15: =IF(AND(F15="３歳",G15="標準",I15="分園",AE15="○",Q15=""),"○","") | CB15: =IF(AND(F15="２歳",G15="標準",I15="分園",AE15="○",Q15=""),"○","") | CC15: =IF(AND(F15="１歳",G15="標準",I15="分園",AE15="○",Q15=""),"○","") | CD15: =IF(AND(F15="乳児",G15="標準",I15="分園",AE15="○",Q15=""),"○","") | CE15: =IF(AND(F15="５歳",G15="標準",I15="分園",AE15="○",Q15="○"),"○","") | CF15: =IF(AND(F15="４歳",G15="標準",I15="分園",AE15="○",Q15="○"),"○","") | CG15: =IF(AND(F15="３歳",G15="標準",I15="分園",AE15="○",Q15="○"),"○","") | CH15: =IF(AND(F1421="５歳",G15="教育",I15="分園",O15>0),"○","") | CI15: =IF(AND(F1421="４歳",G15="教育",I15="分園",O15>0),"○","") | CJ15: =IF(AND(F1421="３歳",G15="教育",I15="分園",O15>0),"○","") | CK15: =IF(AND(F1421="２歳",G15="教育",I15="分園",O15>0),"○","") | CL15: =IF(AND(F1421="１歳",G15="教育",I15="分園",O15>0),"○","") | CM15: =IF(AND(F1421="乳児",G15="教育",I15="分園",O15>0),"○","") | CN15: =IF(AND(F15="５歳",G15="短時間",I15="分園",AE15="○",Q15=""),"○","") | CO15: =IF(AND(F15="４歳",G15="短時間",I15="分園",AE15="○",Q15=""),"○","") | CP15: =IF(AND(F15="３歳",G15="短時間",I15="分園",AE15="○",Q15=""),"○","") | CQ15: =IF(AND(F15="２歳",G15="短時間",I15="分園",AE15="○",Q15=""),"○","") | CR15: =IF(AND(F15="１歳",G15="短時間",I15="分園",AE15="○",Q15=""),"○","") | CS15: =IF(AND(F15="乳児",G15="短時間",I15="分園",AE15="○",Q15=""),"○","") | CT15: =IF(AND(F15="５歳",G15="短時間",I15="分園",AE15="○",Q15="○"),"○","") | CU15: =IF(AND(F15="４歳",G15="短時間",I15="分園",AE15="○",Q15="○"),"○","") | CV15: =IF(AND(F15="３歳",G15="短時間",I15="分園",AE15="○",Q15="○"),"○","") | CW15: =IF(AND(F15="５歳",G15="短時間",I15="分園",O15>0),"○","") | CX15: =IF(AND(F15="４歳",G15="短時間",I15="分園",O15>0),"○","") | CY15: =IF(AND(F15="３歳",G15="短時間",I15="分園",O15>0),"○","") | CZ15: =IF(AND(F15="２歳",G15="短時間",I15="分園",O15>0),"○","") | DA15: =IF(AND(F15="１歳",G15="短時間",I15="分園",O15>0),"○","") | DB15: =IF(AND(F15="乳児",G15="短時間",I15="分園",O15>0),"○","") | DC15: =IF(AND(F15="５歳",G15="教育",I15="分園",AE15="○",Q15="",),"○","") | DD15: =IF(AND(F15="４歳",G15="教育",I15="分園",AE15="○",Q15="",),"○","") | DE15: =IF(AND(F15="３歳",G15="教育",I15="分園",AE15="○",Q15="",),"○","") | DF15: =IF(AND(F15="２歳",G15="教育",I15="分園",AE15="○",Q15="",),"○","") | DG15: =IF(AND(F15="５歳",G15="教育",I15="分園",AE15="○",Q15="○",),"○","") | DH15: =IF(AND(F15="４歳",G15="教育",I15="分園",AE15="○",Q15="○",),"○","") | DI15: =IF(AND(F15="３歳",G15="教育",I15="分園",AE15="○",Q15="○",),"○","") | DJ15: =IF(AND(F15="２歳",G15="教育",I15="分園",AE15="○",Q15="○",),"○","") | DK15: =IF(AND(F15="５歳",G15="教育",I15="分園",O15>0),"○","") | DL15: =IF(AND(F15="４歳",G15="教育",I15="分園",O15>0),"○","") | DM15: =IF(AND(F15="３歳",G15="教育",I15="分園",O15>0),"○","") | DN15: =IF(AND(F15="２歳",G15="教育",I15="分園",O15>0),"○","") | DP15: 1 | DQ15: 2 | DR15: 3 | DS15: 4 | DT15: 5 | DU15: 6 | DV15: 7 | DW15: 8 | DX15: 9 | DY15: 10 | DZ15: 11 | EA15: 12 | EB15: 13 | EC15: 14 | ED15: 15 | EE15: 16 | EF15: 17 | EG15: 18 | EH15: 19 | EI15: 20 | EJ15: 21 | EK15: 22 | EL15: 23 | EM15: 24 | EN15: 25
A16: =ROW()-9 -> 7 | U16: =IF(O16="","",IF(AND(G16="標準",OR(M16="○",K16="○"),I16=""),"※下表に記載必要箇所あり(①)",IF(AND(G16="標準",M16="○",I16="分園"),"※下表に記載必要箇所あり(③)",IF(AND(G16="短時間",OR(M16="○",K16="○"),I16=""),"※下表に記載必要箇所あり(②)","※下表に記載必要箇所あり(④)")))) | AA16: =IF(AND(K16="○",Q16=""),"A","") | AB16: =IF(AND(K16="○",Q16="○"),"B","") | AC16: =IF(AND(K16="",M16="○",Q16=""),"C","") | AD16: =IF(AND(K16="",M16="○",Q16="○"),"D","") | AE16: =IF(OR(K16="○",M16="○"),"","○") -> ○ | AF16: =IF(AND(F16="５歳",G16="標準",I16="",AE16="○",Q16=""),"○","") | AG16: =IF(AND(F16="４歳",G16="標準",I16="",AE16="○",Q16=""),"○","") | AH16: =IF(AND(F16="３歳",G16="標準",I16="",AE16="○",Q16=""),"○","") | AI16: =IF(AND(F16="２歳",G16="標準",I16="",AE16="○",Q16=""),"○","") | AJ16: =IF(AND(F16="１歳",G16="標準",I16="",AE16="○",Q16=""),"○","") | AK16: =IF(AND(F16="乳児",G16="標準",I16="",AE16="○",Q16=""),"○","") | AL16: =IF(AND(F16="５歳",G16="標準",I16="",AE16="○",Q16="○"),"○","") | AM16: =IF(AND(F16="４歳",G16="標準",I16="",AE16="○",Q16="○"),"○","") | AN16: =IF(AND(F16="３歳",G16="標準",I16="",AE16="○",Q16="○"),"○","") | AO16: =IF(AND(F16="５歳",G16="標準",O16>0),"○","") | AP16: =IF(AND(F16="４歳",G16="標準",O16>0),"○","") | AQ16: =IF(AND(F16="３歳",G16="標準",O16>0),"○","") | AR16: =IF(AND(F16="２歳",G16="標準",O16>0),"○","") | AS16: =IF(AND(F16="１歳",G16="標準",O16>0),"○","") | AT16: =IF(AND(F16="乳児",G16="標準",O16>0),"○","") | AU16: =IF(AND(F16="５歳",G16="短時間",I16="",AE16="○",Q16=""),"○","") | AV16: =IF(AND(F16="４歳",G16="短時間",I16="",AE16="○",Q16=""),"○","") | AW16: =IF(AND(F16="３歳",G16="短時間",I16="",AE16="○",Q16=""),"○","") | AX16: =IF(AND(F16="２歳",G16="短時間",I16="",AE16="○",Q16=""),"○","") | AY16: =IF(AND(F16="１歳",G16="短時間",I16="",AE16="○",Q16=""),"○","") | AZ16: =IF(AND(F16="乳児",G16="短時間",I16="",AE16="○",Q16=""),"○","") | BA16: =IF(AND(F16="５歳",G16="短時間",I16="",AE16="○",Q16="○"),"○","") | BB16: =IF(AND(F16="４歳",G16="短時間",I16="",AE16="○",Q16="○"),"○","") | BC16: =IF(AND(F16="３歳",G16="短時間",I16="",AE16="○",Q16="○"),"○","") | BD16: =IF(AND(F16="２歳",G16="短時間",I16="",AE16="○",Q16="○"),"○","") | BE16: =IF(AND(F16="１歳",G16="短時間",I16="",AE16="○",Q16="○"),"○","") | BF16: =IF(AND(F16="乳児",G16="短時間",I16="",AE16="○",Q16="○"),"○","") | BG16: =IF(AND(F16="５歳",G16="短時間",I16="",O16>0),"○","") | BH16: =IF(AND(F16="４歳",G16="短時間",I16="",O16>0),"○","") | BI16: =IF(AND(F16="３歳",G16="短時間",I16="",O16>0),"○","") | BJ16: =IF(AND(F16="２歳",G16="短時間",I16="",O16>0),"○","") | BK16: =IF(AND(F16="１歳",G16="短時間",I16="",O16>0),"○","") | BL16: =IF(AND(F16="乳児",G16="短時間",I16="",O16>0),"○","") | BM16: =IF(AND(F16="５歳",I16="",AE16="○",Q16="",),"○","") | BN16: =IF(AND(F16="４歳",I16="",AE16="○",Q16="",),"○","") | BO16: =IF(AND(F16="３歳",I16="",AE16="○",Q16="",),"○","") | BP16: =IF(AND(F16="２歳",I16="",AE16="○",Q16="",),"○","") | BQ16: =IF(AND(F16="５歳",I16="",AE16="○",Q16="○",),"○","") | BR16: =IF(AND(F16="４歳",I16="",AE16="○",Q16="○",),"○","") | BS16: =IF(AND(F16="３歳",I16="",AE16="○",Q16="○",),"○","") | BT16: =IF(AND(F16="２歳",I16="",AE16="○",Q16="○",),"○","") | BU16: =IF(AND(F16="５歳",G16="教育",O16>0),"○","") | BV16: =IF(AND(F16="４歳",G16="教育",O16>0),"○","") | BW16: =IF(AND(F16="３歳",G16="教育",O16>0),"○","") | BX16: =IF(AND(F16="２歳",G16="教育",O16>0),"○","") | BY16: =IF(AND(F16="５歳",G16="標準",I16="分園",AE16="○",Q16=""),"○","") | BZ16: =IF(AND(F16="４歳",G16="標準",I16="分園",AE16="○",Q16=""),"○","") | CA16: =IF(AND(F16="３歳",G16="標準",I16="分園",AE16="○",Q16=""),"○","") | CB16: =IF(AND(F16="２歳",G16="標準",I16="分園",AE16="○",Q16=""),"○","") | CC16: =IF(AND(F16="１歳",G16="標準",I16="分園",AE16="○",Q16=""),"○","") | CD16: =IF(AND(F16="乳児",G16="標準",I16="分園",AE16="○",Q16=""),"○","") | CE16: =IF(AND(F16="５歳",G16="標準",I16="分園",AE16="○",Q16="○"),"○","") | CF16: =IF(AND(F16="４歳",G16="標準",I16="分園",AE16="○",Q16="○"),"○","") | CG16: =IF(AND(F16="３歳",G16="標準",I16="分園",AE16="○",Q16="○"),"○","") | CH16: =IF(AND(F1422="５歳",G16="教育",I16="分園",O16>0),"○","") | CI16: =IF(AND(F1422="４歳",G16="教育",I16="分園",O16>0),"○","") | CJ16: =IF(AND(F1422="３歳",G16="教育",I16="分園",O16>0),"○","") | CK16: =IF(AND(F1422="２歳",G16="教育",I16="分園",O16>0),"○","") | CL16: =IF(AND(F1422="１歳",G16="教育",I16="分園",O16>0),"○","") | CM16: =IF(AND(F1422="乳児",G16="教育",I16="分園",O16>0),"○","") | CN16: =IF(AND(F16="５歳",G16="短時間",I16="分園",AE16="○",Q16=""),"○","") | CO16: =IF(AND(F16="４歳",G16="短時間",I16="分園",AE16="○",Q16=""),"○","") | CP16: =IF(AND(F16="３歳",G16="短時間",I16="分園",AE16="○",Q16=""),"○","") | CQ16: =IF(AND(F16="２歳",G16="短時間",I16="分園",AE16="○",Q16=""),"○","") | CR16: =IF(AND(F16="１歳",G16="短時間",I16="分園",AE16="○",Q16=""),"○","") | CS16: =IF(AND(F16="乳児",G16="短時間",I16="分園",AE16="○",Q16=""),"○","") | CT16: =IF(AND(F16="５歳",G16="短時間",I16="分園",AE16="○",Q16="○"),"○","") | CU16: =IF(AND(F16="４歳",G16="短時間",I16="分園",AE16="○",Q16="○"),"○","") | CV16: =IF(AND(F16="３歳",G16="短時間",I16="分園",AE16="○",Q16="○"),"○","") | CW16: =IF(AND(F16="５歳",G16="短時間",I16="分園",O16>0),"○","") | CX16: =IF(AND(F16="４歳",G16="短時間",I16="分園",O16>0),"○","") | CY16: =IF(AND(F16="３歳",G16="短時間",I16="分園",O16>0),"○","") | CZ16: =IF(AND(F16="２歳",G16="短時間",I16="分園",O16>0),"○","") | DA16: =IF(AND(F16="１歳",G16="短時間",I16="分園",O16>0),"○","") | DB16: =IF(AND(F16="乳児",G16="短時間",I16="分園",O16>0),"○","") | DC16: =IF(AND(F16="５歳",G16="教育",I16="分園",AE16="○",Q16="",),"○","") | DD16: =IF(AND(F16="４歳",G16="教育",I16="分園",AE16="○",Q16="",),"○","") | DE16: =IF(AND(F16="３歳",G16="教育",I16="分園",AE16="○",Q16="",),"○","") | DF16: =IF(AND(F16="２歳",G16="教育",I16="分園",AE16="○",Q16="",),"○","") | DG16: =IF(AND(F16="５歳",G16="教育",I16="分園",AE16="○",Q16="○",),"○","") | DH16: =IF(AND(F16="４歳",G16="教育",I16="分園",AE16="○",Q16="○",),"○","") | DI16: =IF(AND(F16="３歳",G16="教育",I16="分園",AE16="○",Q16="○",),"○","") | DJ16: =IF(AND(F16="２歳",G16="教育",I16="分園",AE16="○",Q16="○",),"○","") | DK16: =IF(AND(F16="５歳",G16="教育",I16="分園",O16>0),"○","") | DL16: =IF(AND(F16="４歳",G16="教育",I16="分園",O16>0),"○","") | DM16: =IF(AND(F16="３歳",G16="教育",I16="分園",O16>0),"○","") | DN16: =IF(AND(F16="２歳",G16="教育",I16="分園",O16>0),"○","")
A17: =ROW()-9 -> 8 | U17: =IF(O17="","",IF(AND(G17="標準",OR(M17="○",K17="○"),I17=""),"※下表に記載必要箇所あり(①)",IF(AND(G17="標準",M17="○",I17="分園"),"※下表に記載必要箇所あり(③)",IF(AND(G17="短時間",OR(M17="○",K17="○"),I17=""),"※下表に記載必要箇所あり(②)","※下表に記載必要箇所あり(④)")))) | AA17: =IF(AND(K17="○",Q17=""),"A","") | AB17: =IF(AND(K17="○",Q17="○"),"B","") | AC17: =IF(AND(K17="",M17="○",Q17=""),"C","") | AD17: =IF(AND(K17="",M17="○",Q17="○"),"D","") | AE17: =IF(OR(K17="○",M17="○"),"","○") -> ○ | AF17: =IF(AND(F17="５歳",G17="標準",I17="",AE17="○",Q17=""),"○","") | AG17: =IF(AND(F17="４歳",G17="標準",I17="",AE17="○",Q17=""),"○","") | AH17: =IF(AND(F17="３歳",G17="標準",I17="",AE17="○",Q17=""),"○","") | AI17: =IF(AND(F17="２歳",G17="標準",I17="",AE17="○",Q17=""),"○","") | AJ17: =IF(AND(F17="１歳",G17="標準",I17="",AE17="○",Q17=""),"○","") | AK17: =IF(AND(F17="乳児",G17="標準",I17="",AE17="○",Q17=""),"○","") | AL17: =IF(AND(F17="５歳",G17="標準",I17="",AE17="○",Q17="○"),"○","") | AM17: =IF(AND(F17="４歳",G17="標準",I17="",AE17="○",Q17="○"),"○","") | AN17: =IF(AND(F17="３歳",G17="標準",I17="",AE17="○",Q17="○"),"○","") | AO17: =IF(AND(F17="５歳",G17="標準",O17>0),"○","") | AP17: =IF(AND(F17="４歳",G17="標準",O17>0),"○","") | AQ17: =IF(AND(F17="３歳",G17="標準",O17>0),"○","") | AR17: =IF(AND(F17="２歳",G17="標準",O17>0),"○","") | AS17: =IF(AND(F17="１歳",G17="標準",O17>0),"○","") | AT17: =IF(AND(F17="乳児",G17="標準",O17>0),"○","") | AU17: =IF(AND(F17="５歳",G17="短時間",I17="",AE17="○",Q17=""),"○","") | AV17: =IF(AND(F17="４歳",G17="短時間",I17="",AE17="○",Q17=""),"○","") | AW17: =IF(AND(F17="３歳",G17="短時間",I17="",AE17="○",Q17=""),"○","") | AX17: =IF(AND(F17="２歳",G17="短時間",I17="",AE17="○",Q17=""),"○","") | AY17: =IF(AND(F17="１歳",G17="短時間",I17="",AE17="○",Q17=""),"○","") | AZ17: =IF(AND(F17="乳児",G17="短時間",I17="",AE17="○",Q17=""),"○","") | BA17: =IF(AND(F17="５歳",G17="短時間",I17="",AE17="○",Q17="○"),"○","") | BB17: =IF(AND(F17="４歳",G17="短時間",I17="",AE17="○",Q17="○"),"○","") | BC17: =IF(AND(F17="３歳",G17="短時間",I17="",AE17="○",Q17="○"),"○","") | BD17: =IF(AND(F17="２歳",G17="短時間",I17="",AE17="○",Q17="○"),"○","") | BE17: =IF(AND(F17="１歳",G17="短時間",I17="",AE17="○",Q17="○"),"○","") | BF17: =IF(AND(F17="乳児",G17="短時間",I17="",AE17="○",Q17="○"),"○","") | BG17: =IF(AND(F17="５歳",G17="短時間",I17="",O17>0),"○","") | BH17: =IF(AND(F17="４歳",G17="短時間",I17="",O17>0),"○","") | BI17: =IF(AND(F17="３歳",G17="短時間",I17="",O17>0),"○","") | BJ17: =IF(AND(F17="２歳",G17="短時間",I17="",O17>0),"○","") | BK17: =IF(AND(F17="１歳",G17="短時間",I17="",O17>0),"○","") | BL17: =IF(AND(F17="乳児",G17="短時間",I17="",O17>0),"○","") | BM17: =IF(AND(F17="５歳",I17="",AE17="○",Q17="",),"○","") | BN17: =IF(AND(F17="４歳",I17="",AE17="○",Q17="",),"○","") | BO17: =IF(AND(F17="３歳",I17="",AE17="○",Q17="",),"○","") | BP17: =IF(AND(F17="２歳",I17="",AE17="○",Q17="",),"○","") | BQ17: =IF(AND(F17="５歳",I17="",AE17="○",Q17="○",),"○","") | BR17: =IF(AND(F17="４歳",I17="",AE17="○",Q17="○",),"○","") | BS17: =IF(AND(F17="３歳",I17="",AE17="○",Q17="○",),"○","") | BT17: =IF(AND(F17="２歳",I17="",AE17="○",Q17="○",),"○","") | BU17: =IF(AND(F17="５歳",G17="教育",O17>0),"○","") | BV17: =IF(AND(F17="４歳",G17="教育",O17>0),"○","") | BW17: =IF(AND(F17="３歳",G17="教育",O17>0),"○","") | BX17: =IF(AND(F17="２歳",G17="教育",O17>0),"○","") | BY17: =IF(AND(F17="５歳",G17="標準",I17="分園",AE17="○",Q17=""),"○","") | BZ17: =IF(AND(F17="４歳",G17="標準",I17="分園",AE17="○",Q17=""),"○","") | CA17: =IF(AND(F17="３歳",G17="標準",I17="分園",AE17="○",Q17=""),"○","") | CB17: =IF(AND(F17="２歳",G17="標準",I17="分園",AE17="○",Q17=""),"○","") | CC17: =IF(AND(F17="１歳",G17="標準",I17="分園",AE17="○",Q17=""),"○","") | CD17: =IF(AND(F17="乳児",G17="標準",I17="分園",AE17="○",Q17=""),"○","") | CE17: =IF(AND(F17="５歳",G17="標準",I17="分園",AE17="○",Q17="○"),"○","") | CF17: =IF(AND(F17="４歳",G17="標準",I17="分園",AE17="○",Q17="○"),"○","") | CG17: =IF(AND(F17="３歳",G17="標準",I17="分園",AE17="○",Q17="○"),"○","") | CH17: =IF(AND(F1423="５歳",G17="教育",I17="分園",O17>0),"○","") | CI17: =IF(AND(F1423="４歳",G17="教育",I17="分園",O17>0),"○","") | CJ17: =IF(AND(F1423="３歳",G17="教育",I17="分園",O17>0),"○","") | CK17: =IF(AND(F1423="２歳",G17="教育",I17="分園",O17>0),"○","") | CL17: =IF(AND(F1423="１歳",G17="教育",I17="分園",O17>0),"○","") | CM17: =IF(AND(F1423="乳児",G17="教育",I17="分園",O17>0),"○","") | CN17: =IF(AND(F17="５歳",G17="短時間",I17="分園",AE17="○",Q17=""),"○","") | CO17: =IF(AND(F17="４歳",G17="短時間",I17="分園",AE17="○",Q17=""),"○","") | CP17: =IF(AND(F17="３歳",G17="短時間",I17="分園",AE17="○",Q17=""),"○","") | CQ17: =IF(AND(F17="２歳",G17="短時間",I17="分園",AE17="○",Q17=""),"○","") | CR17: =IF(AND(F17="１歳",G17="短時間",I17="分園",AE17="○",Q17=""),"○","") | CS17: =IF(AND(F17="乳児",G17="短時間",I17="分園",AE17="○",Q17=""),"○","") | CT17: =IF(AND(F17="５歳",G17="短時間",I17="分園",AE17="○",Q17="○"),"○","") | CU17: =IF(AND(F17="４歳",G17="短時間",I17="分園",AE17="○",Q17="○"),"○","") | CV17: =IF(AND(F17="３歳",G17="短時間",I17="分園",AE17="○",Q17="○"),"○","") | CW17: =IF(AND(F17="５歳",G17="短時間",I17="分園",O17>0),"○","") | CX17: =IF(AND(F17="４歳",G17="短時間",I17="分園",O17>0),"○","") | CY17: =IF(AND(F17="３歳",G17="短時間",I17="分園",O17>0),"○","") | CZ17: =IF(AND(F17="２歳",G17="短時間",I17="分園",O17>0),"○","") | DA17: =IF(AND(F17="１歳",G17="短時間",I17="分園",O17>0),"○","") | DB17: =IF(AND(F17="乳児",G17="短時間",I17="分園",O17>0),"○","") | DC17: =IF(AND(F17="５歳",G17="教育",I17="分園",AE17="○",Q17="",),"○","") | DD17: =IF(AND(F17="４歳",G17="教育",I17="分園",AE17="○",Q17="",),"○","") | DE17: =IF(AND(F17="３歳",G17="教育",I17="分園",AE17="○",Q17="",),"○","") | DF17: =IF(AND(F17="２歳",G17="教育",I17="分園",AE17="○",Q17="",),"○","") | DG17: =IF(AND(F17="５歳",G17="教育",I17="分園",AE17="○",Q17="○",),"○","") | DH17: =IF(AND(F17="４歳",G17="教育",I17="分園",AE17="○",Q17="○",),"○","") | DI17: =IF(AND(F17="３歳",G17="教育",I17="分園",AE17="○",Q17="○",),"○","") | DJ17: =IF(AND(F17="２歳",G17="教育",I17="分園",AE17="○",Q17="○",),"○","") | DK17: =IF(AND(F17="５歳",G17="教育",I17="分園",O17>0),"○","") | DL17: =IF(AND(F17="４歳",G17="教育",I17="分園",O17>0),"○","") | DM17: =IF(AND(F17="３歳",G17="教育",I17="分園",O17>0),"○","") | DN17: =IF(AND(F17="２歳",G17="教育",I17="分園",O17>0),"○","")
A18: =ROW()-9 -> 9 | U18: =IF(O18="","",IF(AND(G18="標準",OR(M18="○",K18="○"),I18=""),"※下表に記載必要箇所あり(①)",IF(AND(G18="標準",M18="○",I18="分園"),"※下表に記載必要箇所あり(③)",IF(AND(G18="短時間",OR(M18="○",K18="○"),I18=""),"※下表に記載必要箇所あり(②)","※下表に記載必要箇所あり(④)")))) | AA18: =IF(AND(K18="○",Q18=""),"A","") | AB18: =IF(AND(K18="○",Q18="○"),"B","") | AC18: =IF(AND(K18="",M18="○",Q18=""),"C","") | AD18: =IF(AND(K18="",M18="○",Q18="○"),"D","") | AE18: =IF(OR(K18="○",M18="○"),"","○") -> ○ | AF18: =IF(AND(F18="５歳",G18="標準",I18="",AE18="○",Q18=""),"○","") | AG18: =IF(AND(F18="４歳",G18="標準",I18="",AE18="○",Q18=""),"○","") | AH18: =IF(AND(F18="３歳",G18="標準",I18="",AE18="○",Q18=""),"○","") | AI18: =IF(AND(F18="２歳",G18="標準",I18="",AE18="○",Q18=""),"○","") | AJ18: =IF(AND(F18="１歳",G18="標準",I18="",AE18="○",Q18=""),"○","") | AK18: =IF(AND(F18="乳児",G18="標準",I18="",AE18="○",Q18=""),"○","") | AL18: =IF(AND(F18="５歳",G18="標準",I18="",AE18="○",Q18="○"),"○","") | AM18: =IF(AND(F18="４歳",G18="標準",I18="",AE18="○",Q18="○"),"○","") | AN18: =IF(AND(F18="３歳",G18="標準",I18="",AE18="○",Q18="○"),"○","") | AO18: =IF(AND(F18="５歳",G18="標準",O18>0),"○","") | AP18: =IF(AND(F18="４歳",G18="標準",O18>0),"○","") | AQ18: =IF(AND(F18="３歳",G18="標準",O18>0),"○","") | AR18: =IF(AND(F18="２歳",G18="標準",O18>0),"○","") | AS18: =IF(AND(F18="１歳",G18="標準",O18>0),"○","") | AT18: =IF(AND(F18="乳児",G18="標準",O18>0),"○","") | AU18: =IF(AND(F18="５歳",G18="短時間",I18="",AE18="○",Q18=""),"○","") | AV18: =IF(AND(F18="４歳",G18="短時間",I18="",AE18="○",Q18=""),"○","") | AW18: =IF(AND(F18="３歳",G18="短時間",I18="",AE18="○",Q18=""),"○","") | AX18: =IF(AND(F18="２歳",G18="短時間",I18="",AE18="○",Q18=""),"○","") | AY18: =IF(AND(F18="１歳",G18="短時間",I18="",AE18="○",Q18=""),"○","") | AZ18: =IF(AND(F18="乳児",G18="短時間",I18="",AE18="○",Q18=""),"○","") | BA18: =IF(AND(F18="５歳",G18="短時間",I18="",AE18="○",Q18="○"),"○","") | BB18: =IF(AND(F18="４歳",G18="短時間",I18="",AE18="○",Q18="○"),"○","") | BC18: =IF(AND(F18="３歳",G18="短時間",I18="",AE18="○",Q18="○"),"○","") | BD18: =IF(AND(F18="２歳",G18="短時間",I18="",AE18="○",Q18="○"),"○","") | BE18: =IF(AND(F18="１歳",G18="短時間",I18="",AE18="○",Q18="○"),"○","") | BF18: =IF(AND(F18="乳児",G18="短時間",I18="",AE18="○",Q18="○"),"○","") | BG18: =IF(AND(F18="５歳",G18="短時間",I18="",O18>0),"○","") | BH18: =IF(AND(F18="４歳",G18="短時間",I18="",O18>0),"○","") | BI18: =IF(AND(F18="３歳",G18="短時間",I18="",O18>0),"○","") | BJ18: =IF(AND(F18="２歳",G18="短時間",I18="",O18>0),"○","") | BK18: =IF(AND(F18="１歳",G18="短時間",I18="",O18>0),"○","") | BL18: =IF(AND(F18="乳児",G18="短時間",I18="",O18>0),"○","") | BM18: =IF(AND(F18="５歳",I18="",AE18="○",Q18="",),"○","") | BN18: =IF(AND(F18="４歳",I18="",AE18="○",Q18="",),"○","") | BO18: =IF(AND(F18="３歳",I18="",AE18="○",Q18="",),"○","") | BP18: =IF(AND(F18="２歳",I18="",AE18="○",Q18="",),"○","") | BQ18: =IF(AND(F18="５歳",I18="",AE18="○",Q18="○",),"○","") | BR18: =IF(AND(F18="４歳",I18="",AE18="○",Q18="○",),"○","") | BS18: =IF(AND(F18="３歳",I18="",AE18="○",Q18="○",),"○","") | BT18: =IF(AND(F18="２歳",I18="",AE18="○",Q18="○",),"○","") | BU18: =IF(AND(F18="５歳",G18="教育",O18>0),"○","") | BV18: =IF(AND(F18="４歳",G18="教育",O18>0),"○","") | BW18: =IF(AND(F18="３歳",G18="教育",O18>0),"○","") | BX18: =IF(AND(F18="２歳",G18="教育",O18>0),"○","") | BY18: =IF(AND(F18="５歳",G18="標準",I18="分園",AE18="○",Q18=""),"○","") | BZ18: =IF(AND(F18="４歳",G18="標準",I18="分園",AE18="○",Q18=""),"○","") | CA18: =IF(AND(F18="３歳",G18="標準",I18="分園",AE18="○",Q18=""),"○","") | CB18: =IF(AND(F18="２歳",G18="標準",I18="分園",AE18="○",Q18=""),"○","") | CC18: =IF(AND(F18="１歳",G18="標準",I18="分園",AE18="○",Q18=""),"○","") | CD18: =IF(AND(F18="乳児",G18="標準",I18="分園",AE18="○",Q18=""),"○","") | CE18: =IF(AND(F18="５歳",G18="標準",I18="分園",AE18="○",Q18="○"),"○","") | CF18: =IF(AND(F18="４歳",G18="標準",I18="分園",AE18="○",Q18="○"),"○","") | CG18: =IF(AND(F18="３歳",G18="標準",I18="分園",AE18="○",Q18="○"),"○","") | CH18: =IF(AND(F1424="５歳",G18="教育",I18="分園",O18>0),"○","") | CI18: =IF(AND(F1424="４歳",G18="教育",I18="分園",O18>0),"○","") | CJ18: =IF(AND(F1424="３歳",G18="教育",I18="分園",O18>0),"○","") | CK18: =IF(AND(F1424="２歳",G18="教育",I18="分園",O18>0),"○","") | CL18: =IF(AND(F1424="１歳",G18="教育",I18="分園",O18>0),"○","") | CM18: =IF(AND(F1424="乳児",G18="教育",I18="分園",O18>0),"○","") | CN18: =IF(AND(F18="５歳",G18="短時間",I18="分園",AE18="○",Q18=""),"○","") | CO18: =IF(AND(F18="４歳",G18="短時間",I18="分園",AE18="○",Q18=""),"○","") | CP18: =IF(AND(F18="３歳",G18="短時間",I18="分園",AE18="○",Q18=""),"○","") | CQ18: =IF(AND(F18="２歳",G18="短時間",I18="分園",AE18="○",Q18=""),"○","") | CR18: =IF(AND(F18="１歳",G18="短時間",I18="分園",AE18="○",Q18=""),"○","") | CS18: =IF(AND(F18="乳児",G18="短時間",I18="分園",AE18="○",Q18=""),"○","") | CT18: =IF(AND(F18="５歳",G18="短時間",I18="分園",AE18="○",Q18="○"),"○","") | CU18: =IF(AND(F18="４歳",G18="短時間",I18="分園",AE18="○",Q18="○"),"○","") | CV18: =IF(AND(F18="３歳",G18="短時間",I18="分園",AE18="○",Q18="○"),"○","") | CW18: =IF(AND(F18="５歳",G18="短時間",I18="分園",O18>0),"○","") | CX18: =IF(AND(F18="４歳",G18="短時間",I18="分園",O18>0),"○","") | CY18: =IF(AND(F18="３歳",G18="短時間",I18="分園",O18>0),"○","") | CZ18: =IF(AND(F18="２歳",G18="短時間",I18="分園",O18>0),"○","") | DA18: =IF(AND(F18="１歳",G18="短時間",I18="分園",O18>0),"○","") | DB18: =IF(AND(F18="乳児",G18="短時間",I18="分園",O18>0),"○","") | DC18: =IF(AND(F18="５歳",G18="教育",I18="分園",AE18="○",Q18="",),"○","") | DD18: =IF(AND(F18="４歳",G18="教育",I18="分園",AE18="○",Q18="",),"○","") | DE18: =IF(AND(F18="３歳",G18="教育",I18="分園",AE18="○",Q18="",),"○","") | DF18: =IF(AND(F18="２歳",G18="教育",I18="分園",AE18="○",Q18="",),"○","") | DG18: =IF(AND(F18="５歳",G18="教育",I18="分園",AE18="○",Q18="○",),"○","") | DH18: =IF(AND(F18="４歳",G18="教育",I18="分園",AE18="○",Q18="○",),"○","") | DI18: =IF(AND(F18="３歳",G18="教育",I18="分園",AE18="○",Q18="○",),"○","") | DJ18: =IF(AND(F18="２歳",G18="教育",I18="分園",AE18="○",Q18="○",),"○","") | DK18: =IF(AND(F18="５歳",G18="教育",I18="分園",O18>0),"○","") | DL18: =IF(AND(F18="４歳",G18="教育",I18="分園",O18>0),"○","") | DM18: =IF(AND(F18="３歳",G18="教育",I18="分園",O18>0),"○","") | DN18: =IF(AND(F18="２歳",G18="教育",I18="分園",O18>0),"○","")
A19: =ROW()-9 -> 10 | U19: =IF(O19="","",IF(AND(G19="標準",OR(M19="○",K19="○"),I19=""),"※下表に記載必要箇所あり(①)",IF(AND(G19="標準",M19="○",I19="分園"),"※下表に記載必要箇所あり(③)",IF(AND(G19="短時間",OR(M19="○",K19="○"),I19=""),"※下表に記載必要箇所あり(②)","※下表に記載必要箇所あり(④)")))) | AA19: =IF(AND(K19="○",Q19=""),"A","") | AB19: =IF(AND(K19="○",Q19="○"),"B","") | AC19: =IF(AND(K19="",M19="○",Q19=""),"C","") | AD19: =IF(AND(K19="",M19="○",Q19="○"),"D","") | AE19: =IF(OR(K19="○",M19="○"),"","○") -> ○ | AF19: =IF(AND(F19="５歳",G19="標準",I19="",AE19="○",Q19=""),"○","") | AG19: =IF(AND(F19="４歳",G19="標準",I19="",AE19="○",Q19=""),"○","") | AH19: =IF(AND(F19="３歳",G19="標準",I19="",AE19="○",Q19=""),"○","") | AI19: =IF(AND(F19="２歳",G19="標準",I19="",AE19="○",Q19=""),"○","") | AJ19: =IF(AND(F19="１歳",G19="標準",I19="",AE19="○",Q19=""),"○","") | AK19: =IF(AND(F19="乳児",G19="標準",I19="",AE19="○",Q19=""),"○","") | AL19: =IF(AND(F19="５歳",G19="標準",I19="",AE19="○",Q19="○"),"○","") | AM19: =IF(AND(F19="４歳",G19="標準",I19="",AE19="○",Q19="○"),"○","") | AN19: =IF(AND(F19="３歳",G19="標準",I19="",AE19="○",Q19="○"),"○","") | AO19: =IF(AND(F19="５歳",G19="標準",O19>0),"○","") | AP19: =IF(AND(F19="４歳",G19="標準",O19>0),"○","") | AQ19: =IF(AND(F19="３歳",G19="標準",O19>0),"○","") | AR19: =IF(AND(F19="２歳",G19="標準",O19>0),"○","") | AS19: =IF(AND(F19="１歳",G19="標準",O19>0),"○","") | AT19: =IF(AND(F19="乳児",G19="標準",O19>0),"○","") | AU19: =IF(AND(F19="５歳",G19="短時間",I19="",AE19="○",Q19=""),"○","") | AV19: =IF(AND(F19="４歳",G19="短時間",I19="",AE19="○",Q19=""),"○","") | AW19: =IF(AND(F19="３歳",G19="短時間",I19="",AE19="○",Q19=""),"○","") | AX19: =IF(AND(F19="２歳",G19="短時間",I19="",AE19="○",Q19=""),"○","") | AY19: =IF(AND(F19="１歳",G19="短時間",I19="",AE19="○",Q19=""),"○","") | AZ19: =IF(AND(F19="乳児",G19="短時間",I19="",AE19="○",Q19=""),"○","") | BA19: =IF(AND(F19="５歳",G19="短時間",I19="",AE19="○",Q19="○"),"○","") | BB19: =IF(AND(F19="４歳",G19="短時間",I19="",AE19="○",Q19="○"),"○","") | BC19: =IF(AND(F19="３歳",G19="短時間",I19="",AE19="○",Q19="○"),"○","") | BD19: =IF(AND(F19="２歳",G19="短時間",I19="",AE19="○",Q19="○"),"○","") | BE19: =IF(AND(F19="１歳",G19="短時間",I19="",AE19="○",Q19="○"),"○","") | BF19: =IF(AND(F19="乳児",G19="短時間",I19="",AE19="○",Q19="○"),"○","") | BG19: =IF(AND(F19="５歳",G19="短時間",I19="",O19>0),"○","") | BH19: =IF(AND(F19="４歳",G19="短時間",I19="",O19>0),"○","") | BI19: =IF(AND(F19="３歳",G19="短時間",I19="",O19>0),"○","") | BJ19: =IF(AND(F19="２歳",G19="短時間",I19="",O19>0),"○","") | BK19: =IF(AND(F19="１歳",G19="短時間",I19="",O19>0),"○","") | BL19: =IF(AND(F19="乳児",G19="短時間",I19="",O19>0),"○","") | BM19: =IF(AND(F19="５歳",I19="",AE19="○",Q19="",),"○","") | BN19: =IF(AND(F19="４歳",I19="",AE19="○",Q19="",),"○","") | BO19: =IF(AND(F19="３歳",I19="",AE19="○",Q19="",),"○","") | BP19: =IF(AND(F19="２歳",I19="",AE19="○",Q19="",),"○","") | BQ19: =IF(AND(F19="５歳",I19="",AE19="○",Q19="○",),"○","") | BR19: =IF(AND(F19="４歳",I19="",AE19="○",Q19="○",),"○","") | BS19: =IF(AND(F19="３歳",I19="",AE19="○",Q19="○",),"○","") | BT19: =IF(AND(F19="２歳",I19="",AE19="○",Q19="○",),"○","") | BU19: =IF(AND(F19="５歳",G19="教育",O19>0),"○","") | BV19: =IF(AND(F19="４歳",G19="教育",O19>0),"○","") | BW19: =IF(AND(F19="３歳",G19="教育",O19>0),"○","") | BX19: =IF(AND(F19="２歳",G19="教育",O19>0),"○","") | BY19: =IF(AND(F19="５歳",G19="標準",I19="分園",AE19="○",Q19=""),"○","") | BZ19: =IF(AND(F19="４歳",G19="標準",I19="分園",AE19="○",Q19=""),"○","") | CA19: =IF(AND(F19="３歳",G19="標準",I19="分園",AE19="○",Q19=""),"○","") | CB19: =IF(AND(F19="２歳",G19="標準",I19="分園",AE19="○",Q19=""),"○","") | CC19: =IF(AND(F19="１歳",G19="標準",I19="分園",AE19="○",Q19=""),"○","") | CD19: =IF(AND(F19="乳児",G19="標準",I19="分園",AE19="○",Q19=""),"○","") | CE19: =IF(AND(F19="５歳",G19="標準",I19="分園",AE19="○",Q19="○"),"○","") | CF19: =IF(AND(F19="４歳",G19="標準",I19="分園",AE19="○",Q19="○"),"○","") | CG19: =IF(AND(F19="３歳",G19="標準",I19="分園",AE19="○",Q19="○"),"○","") | CH19: =IF(AND(F1424="５歳",G19="教育",I19="分園",O19>0),"○","") | CI19: =IF(AND(F1424="４歳",G19="教育",I19="分園",O19>0),"○","") | CJ19: =IF(AND(F1424="３歳",G19="教育",I19="分園",O19>0),"○","") | CK19: =IF(AND(F1424="２歳",G19="教育",I19="分園",O19>0),"○","") | CL19: =IF(AND(F1424="１歳",G19="教育",I19="分園",O19>0),"○","") | CM19: =IF(AND(F1424="乳児",G19="教育",I19="分園",O19>0),"○","") | CN19: =IF(AND(F19="５歳",G19="短時間",I19="分園",AE19="○",Q19=""),"○","") | CO19: =IF(AND(F19="４歳",G19="短時間",I19="分園",AE19="○",Q19=""),"○","") | CP19: =IF(AND(F19="３歳",G19="短時間",I19="分園",AE19="○",Q19=""),"○","") | CQ19: =IF(AND(F19="２歳",G19="短時間",I19="分園",AE19="○",Q19=""),"○","") | CR19: =IF(AND(F19="１歳",G19="短時間",I19="分園",AE19="○",Q19=""),"○","") | CS19: =IF(AND(F19="乳児",G19="短時間",I19="分園",AE19="○",Q19=""),"○","") | CT19: =IF(AND(F19="５歳",G19="短時間",I19="分園",AE19="○",Q19="○"),"○","") | CU19: =IF(AND(F19="４歳",G19="短時間",I19="分園",AE19="○",Q19="○"),"○","") | CV19: =IF(AND(F19="３歳",G19="短時間",I19="分園",AE19="○",Q19="○"),"○","") | CW19: =IF(AND(F19="５歳",G19="短時間",I19="分園",O19>0),"○","") | CX19: =IF(AND(F19="４歳",G19="短時間",I19="分園",O19>0),"○","") | CY19: =IF(AND(F19="３歳",G19="短時間",I19="分園",O19>0),"○","") | CZ19: =IF(AND(F19="２歳",G19="短時間",I19="分園",O19>0),"○","") | DA19: =IF(AND(F19="１歳",G19="短時間",I19="分園",O19>0),"○","") | DB19: =IF(AND(F19="乳児",G19="短時間",I19="分園",O19>0),"○","") | DC19: =IF(AND(F19="５歳",G19="教育",I19="分園",AE19="○",Q19="",),"○","") | DD19: =IF(AND(F19="４歳",G19="教育",I19="分園",AE19="○",Q19="",),"○","") | DE19: =IF(AND(F19="３歳",G19="教育",I19="分園",AE19="○",Q19="",),"○","") | DF19: =IF(AND(F19="２歳",G19="教育",I19="分園",AE19="○",Q19="",),"○","") | DG19: =IF(AND(F19="５歳",G19="教育",I19="分園",AE19="○",Q19="○",),"○","") | DH19: =IF(AND(F19="４歳",G19="教育",I19="分園",AE19="○",Q19="○",),"○","") | DI19: =IF(AND(F19="３歳",G19="教育",I19="分園",AE19="○",Q19="○",),"○","") | DJ19: =IF(AND(F19="２歳",G19="教育",I19="分園",AE19="○",Q19="○",),"○","") | DK19: =IF(AND(F19="５歳",G19="教育",I19="分園",O19>0),"○","") | DL19: =IF(AND(F19="４歳",G19="教育",I19="分園",O19>0),"○","") | DM19: =IF(AND(F19="３歳",G19="教育",I19="分園",O19>0),"○","") | DN19: =IF(AND(F19="２歳",G19="教育",I19="分園",O19>0),"○","")
A20: =ROW()-9 -> 11 | U20: =IF(O20="","",IF(AND(G20="標準",OR(M20="○",K20="○"),I20=""),"※下表に記載必要箇所あり(①)",IF(AND(G20="標準",M20="○",I20="分園"),"※下表に記載必要箇所あり(③)",IF(AND(G20="短時間",OR(M20="○",K20="○"),I20=""),"※下表に記載必要箇所あり(②)","※下表に記載必要箇所あり(④)")))) | AA20: =IF(AND(K20="○",Q20=""),"A","") | AB20: =IF(AND(K20="○",Q20="○"),"B","") | AC20: =IF(AND(K20="",M20="○",Q20=""),"C","") | AD20: =IF(AND(K20="",M20="○",Q20="○"),"D","") | AE20: =IF(OR(K20="○",M20="○"),"","○") -> ○ | AF20: =IF(AND(F20="５歳",G20="標準",I20="",AE20="○",Q20=""),"○","") | AG20: =IF(AND(F20="４歳",G20="標準",I20="",AE20="○",Q20=""),"○","") | AH20: =IF(AND(F20="３歳",G20="標準",I20="",AE20="○",Q20=""),"○","") | AI20: =IF(AND(F20="２歳",G20="標準",I20="",AE20="○",Q20=""),"○","") | AJ20: =IF(AND(F20="１歳",G20="標準",I20="",AE20="○",Q20=""),"○","") | AK20: =IF(AND(F20="乳児",G20="標準",I20="",AE20="○",Q20=""),"○","") | AL20: =IF(AND(F20="５歳",G20="標準",I20="",AE20="○",Q20="○"),"○","") | AM20: =IF(AND(F20="４歳",G20="標準",I20="",AE20="○",Q20="○"),"○","") | AN20: =IF(AND(F20="３歳",G20="標準",I20="",AE20="○",Q20="○"),"○","") | AO20: =IF(AND(F20="５歳",G20="標準",O20>0),"○","") | AP20: =IF(AND(F20="４歳",G20="標準",O20>0),"○","") | AQ20: =IF(AND(F20="３歳",G20="標準",O20>0),"○","") | AR20: =IF(AND(F20="２歳",G20="標準",O20>0),"○","") | AS20: =IF(AND(F20="１歳",G20="標準",O20>0),"○","") | AT20: =IF(AND(F20="乳児",G20="標準",O20>0),"○","") | AU20: =IF(AND(F20="５歳",G20="短時間",I20="",AE20="○",Q20=""),"○","") | AV20: =IF(AND(F20="４歳",G20="短時間",I20="",AE20="○",Q20=""),"○","") | AW20: =IF(AND(F20="３歳",G20="短時間",I20="",AE20="○",Q20=""),"○","") | AX20: =IF(AND(F20="２歳",G20="短時間",I20="",AE20="○",Q20=""),"○","") | AY20: =IF(AND(F20="１歳",G20="短時間",I20="",AE20="○",Q20=""),"○","") | AZ20: =IF(AND(F20="乳児",G20="短時間",I20="",AE20="○",Q20=""),"○","") | BA20: =IF(AND(F20="５歳",G20="短時間",I20="",AE20="○",Q20="○"),"○","") | BB20: =IF(AND(F20="４歳",G20="短時間",I20="",AE20="○",Q20="○"),"○","") | BC20: =IF(AND(F20="３歳",G20="短時間",I20="",AE20="○",Q20="○"),"○","") | BD20: =IF(AND(F20="２歳",G20="短時間",I20="",AE20="○",Q20="○"),"○","") | BE20: =IF(AND(F20="１歳",G20="短時間",I20="",AE20="○",Q20="○"),"○","") | BF20: =IF(AND(F20="乳児",G20="短時間",I20="",AE20="○",Q20="○"),"○","") | BG20: =IF(AND(F20="５歳",G20="短時間",I20="",O20>0),"○","") | BH20: =IF(AND(F20="４歳",G20="短時間",I20="",O20>0),"○","") | BI20: =IF(AND(F20="３歳",G20="短時間",I20="",O20>0),"○","") | BJ20: =IF(AND(F20="２歳",G20="短時間",I20="",O20>0),"○","") | BK20: =IF(AND(F20="１歳",G20="短時間",I20="",O20>0),"○","") | BL20: =IF(AND(F20="乳児",G20="短時間",I20="",O20>0),"○","") | BM20: =IF(AND(F20="５歳",I20="",AE20="○",Q20="",),"○","") | BN20: =IF(AND(F20="４歳",I20="",AE20="○",Q20="",),"○","") | BO20: =IF(AND(F20="３歳",I20="",AE20="○",Q20="",),"○","") | BP20: =IF(AND(F20="２歳",I20="",AE20="○",Q20="",),"○","") | BQ20: =IF(AND(F20="５歳",I20="",AE20="○",Q20="○",),"○","") | BR20: =IF(AND(F20="４歳",I20="",AE20="○",Q20="○",),"○","") | BS20: =IF(AND(F20="３歳",I20="",AE20="○",Q20="○",),"○","") | BT20: =IF(AND(F20="２歳",I20="",AE20="○",Q20="○",),"○","") | BU20: =IF(AND(F20="５歳",G20="教育",O20>0),"○","") | BV20: =IF(AND(F20="４歳",G20="教育",O20>0),"○","") | BW20: =IF(AND(F20="３歳",G20="教育",O20>0),"○","") | BX20: =IF(AND(F20="２歳",G20="教育",O20>0),"○","") | BY20: =IF(AND(F20="５歳",G20="標準",I20="分園",AE20="○",Q20=""),"○","") | BZ20: =IF(AND(F20="４歳",G20="標準",I20="分園",AE20="○",Q20=""),"○","") | CA20: =IF(AND(F20="３歳",G20="標準",I20="分園",AE20="○",Q20=""),"○","") | CB20: =IF(AND(F20="２歳",G20="標準",I20="分園",AE20="○",Q20=""),"○","") | CC20: =IF(AND(F20="１歳",G20="標準",I20="分園",AE20="○",Q20=""),"○","") | CD20: =IF(AND(F20="乳児",G20="標準",I20="分園",AE20="○",Q20=""),"○","") | CE20: =IF(AND(F20="５歳",G20="標準",I20="分園",AE20="○",Q20="○"),"○","") | CF20: =IF(AND(F20="４歳",G20="標準",I20="分園",AE20="○",Q20="○"),"○","") | CG20: =IF(AND(F20="３歳",G20="標準",I20="分園",AE20="○",Q20="○"),"○","") | CH20: =IF(AND(F1425="５歳",G20="教育",I20="分園",O20>0),"○","") | CI20: =IF(AND(F1425="４歳",G20="教育",I20="分園",O20>0),"○","") | CJ20: =IF(AND(F1425="３歳",G20="教育",I20="分園",O20>0),"○","") | CK20: =IF(AND(F1425="２歳",G20="教育",I20="分園",O20>0),"○","") | CL20: =IF(AND(F1425="１歳",G20="教育",I20="分園",O20>0),"○","") | CM20: =IF(AND(F1425="乳児",G20="教育",I20="分園",O20>0),"○","") | CN20: =IF(AND(F20="５歳",G20="短時間",I20="分園",AE20="○",Q20=""),"○","") | CO20: =IF(AND(F20="４歳",G20="短時間",I20="分園",AE20="○",Q20=""),"○","") | CP20: =IF(AND(F20="３歳",G20="短時間",I20="分園",AE20="○",Q20=""),"○","") | CQ20: =IF(AND(F20="２歳",G20="短時間",I20="分園",AE20="○",Q20=""),"○","") | CR20: =IF(AND(F20="１歳",G20="短時間",I20="分園",AE20="○",Q20=""),"○","") | CS20: =IF(AND(F20="乳児",G20="短時間",I20="分園",AE20="○",Q20=""),"○","") | CT20: =IF(AND(F20="５歳",G20="短時間",I20="分園",AE20="○",Q20="○"),"○","") | CU20: =IF(AND(F20="４歳",G20="短時間",I20="分園",AE20="○",Q20="○"),"○","") | CV20: =IF(AND(F20="３歳",G20="短時間",I20="分園",AE20="○",Q20="○"),"○","") | CW20: =IF(AND(F20="５歳",G20="短時間",I20="分園",O20>0),"○","") | CX20: =IF(AND(F20="４歳",G20="短時間",I20="分園",O20>0),"○","") | CY20: =IF(AND(F20="３歳",G20="短時間",I20="分園",O20>0),"○","") | CZ20: =IF(AND(F20="２歳",G20="短時間",I20="分園",O20>0),"○","") | DA20: =IF(AND(F20="１歳",G20="短時間",I20="分園",O20>0),"○","") | DB20: =IF(AND(F20="乳児",G20="短時間",I20="分園",O20>0),"○","") | DC20: =IF(AND(F20="５歳",G20="教育",I20="分園",AE20="○",Q20="",),"○","") | DD20: =IF(AND(F20="４歳",G20="教育",I20="分園",AE20="○",Q20="",),"○","") | DE20: =IF(AND(F20="３歳",G20="教育",I20="分園",AE20="○",Q20="",),"○","") | DF20: =IF(AND(F20="２歳",G20="教育",I20="分園",AE20="○",Q20="",),"○","") | DG20: =IF(AND(F20="５歳",G20="教育",I20="分園",AE20="○",Q20="○",),"○","") | DH20: =IF(AND(F20="４歳",G20="教育",I20="分園",AE20="○",Q20="○",),"○","") | DI20: =IF(AND(F20="３歳",G20="教育",I20="分園",AE20="○",Q20="○",),"○","") | DJ20: =IF(AND(F20="２歳",G20="教育",I20="分園",AE20="○",Q20="○",),"○","") | DK20: =IF(AND(F20="５歳",G20="教育",I20="分園",O20>0),"○","") | DL20: =IF(AND(F20="４歳",G20="教育",I20="分園",O20>0),"○","") | DM20: =IF(AND(F20="３歳",G20="教育",I20="分園",O20>0),"○","") | DN20: =IF(AND(F20="２歳",G20="教育",I20="分園",O20>0),"○","")
A21: =ROW()-9 -> 12 | U21: =IF(O21="","",IF(AND(G21="標準",OR(M21="○",K21="○"),I21=""),"※下表に記載必要箇所あり(①)",IF(AND(G21="標準",M21="○",I21="分園"),"※下表に記載必要箇所あり(③)",IF(AND(G21="短時間",OR(M21="○",K21="○"),I21=""),"※下表に記載必要箇所あり(②)","※下表に記載必要箇所あり(④)")))) | AA21: =IF(AND(K21="○",Q21=""),"A","") | AB21: =IF(AND(K21="○",Q21="○"),"B","") | AC21: =IF(AND(K21="",M21="○",Q21=""),"C","") | AD21: =IF(AND(K21="",M21="○",Q21="○"),"D","") | AE21: =IF(OR(K21="○",M21="○"),"","○") -> ○ | AF21: =IF(AND(F21="５歳",G21="標準",I21="",AE21="○",Q21=""),"○","") | AG21: =IF(AND(F21="４歳",G21="標準",I21="",AE21="○",Q21=""),"○","") | AH21: =IF(AND(F21="３歳",G21="標準",I21="",AE21="○",Q21=""),"○","") | AI21: =IF(AND(F21="２歳",G21="標準",I21="",AE21="○",Q21=""),"○","") | AJ21: =IF(AND(F21="１歳",G21="標準",I21="",AE21="○",Q21=""),"○","") | AK21: =IF(AND(F21="乳児",G21="標準",I21="",AE21="○",Q21=""),"○","") | AL21: =IF(AND(F21="５歳",G21="標準",I21="",AE21="○",Q21="○"),"○","") | AM21: =IF(AND(F21="４歳",G21="標準",I21="",AE21="○",Q21="○"),"○","") | AN21: =IF(AND(F21="３歳",G21="標準",I21="",AE21="○",Q21="○"),"○","") | AO21: =IF(AND(F21="５歳",G21="標準",O21>0),"○","") | AP21: =IF(AND(F21="４歳",G21="標準",O21>0),"○","") | AQ21: =IF(AND(F21="３歳",G21="標準",O21>0),"○","") | AR21: =IF(AND(F21="２歳",G21="標準",O21>0),"○","") | AS21: =IF(AND(F21="１歳",G21="標準",O21>0),"○","") | AT21: =IF(AND(F21="乳児",G21="標準",O21>0),"○","") | AU21: =IF(AND(F21="５歳",G21="短時間",I21="",AE21="○",Q21=""),"○","") | AV21: =IF(AND(F21="４歳",G21="短時間",I21="",AE21="○",Q21=""),"○","") | AW21: =IF(AND(F21="３歳",G21="短時間",I21="",AE21="○",Q21=""),"○","") | AX21: =IF(AND(F21="２歳",G21="短時間",I21="",AE21="○",Q21=""),"○","") | AY21: =IF(AND(F21="１歳",G21="短時間",I21="",AE21="○",Q21=""),"○","") | AZ21: =IF(AND(F21="乳児",G21="短時間",I21="",AE21="○",Q21=""),"○","") | BA21: =IF(AND(F21="５歳",G21="短時間",I21="",AE21="○",Q21="○"),"○","") | BB21: =IF(AND(F21="４歳",G21="短時間",I21="",AE21="○",Q21="○"),"○","") | BC21: =IF(AND(F21="３歳",G21="短時間",I21="",AE21="○",Q21="○"),"○","") | BD21: =IF(AND(F21="２歳",G21="短時間",I21="",AE21="○",Q21="○"),"○","") | BE21: =IF(AND(F21="１歳",G21="短時間",I21="",AE21="○",Q21="○"),"○","") | BF21: =IF(AND(F21="乳児",G21="短時間",I21="",AE21="○",Q21="○"),"○","") | BG21: =IF(AND(F21="５歳",G21="短時間",I21="",O21>0),"○","") | BH21: =IF(AND(F21="４歳",G21="短時間",I21="",O21>0),"○","") | BI21: =IF(AND(F21="３歳",G21="短時間",I21="",O21>0),"○","") | BJ21: =IF(AND(F21="２歳",G21="短時間",I21="",O21>0),"○","") | BK21: =IF(AND(F21="１歳",G21="短時間",I21="",O21>0),"○","") | BL21: =IF(AND(F21="乳児",G21="短時間",I21="",O21>0),"○","") | BM21: =IF(AND(F21="５歳",I21="",AE21="○",Q21="",),"○","") | BN21: =IF(AND(F21="４歳",I21="",AE21="○",Q21="",),"○","") | BO21: =IF(AND(F21="３歳",I21="",AE21="○",Q21="",),"○","") | BP21: =IF(AND(F21="２歳",I21="",AE21="○",Q21="",),"○","") | BQ21: =IF(AND(F21="５歳",I21="",AE21="○",Q21="○",),"○","") | BR21: =IF(AND(F21="４歳",I21="",AE21="○",Q21="○",),"○","") | BS21: =IF(AND(F21="３歳",I21="",AE21="○",Q21="○",),"○","") | BT21: =IF(AND(F21="２歳",I21="",AE21="○",Q21="○",),"○","") | BU21: =IF(AND(F21="５歳",G21="教育",O21>0),"○","") | BV21: =IF(AND(F21="４歳",G21="教育",O21>0),"○","") | BW21: =IF(AND(F21="３歳",G21="教育",O21>0),"○","") | BX21: =IF(AND(F21="２歳",G21="教育",O21>0),"○","") | BY21: =IF(AND(F21="５歳",G21="標準",I21="分園",AE21="○",Q21=""),"○","") | BZ21: =IF(AND(F21="４歳",G21="標準",I21="分園",AE21="○",Q21=""),"○","") | CA21: =IF(AND(F21="３歳",G21="標準",I21="分園",AE21="○",Q21=""),"○","") | CB21: =IF(AND(F21="２歳",G21="標準",I21="分園",AE21="○",Q21=""),"○","") | CC21: =IF(AND(F21="１歳",G21="標準",I21="分園",AE21="○",Q21=""),"○","") | CD21: =IF(AND(F21="乳児",G21="標準",I21="分園",AE21="○",Q21=""),"○","") | CE21: =IF(AND(F21="５歳",G21="標準",I21="分園",AE21="○",Q21="○"),"○","") | CF21: =IF(AND(F21="４歳",G21="標準",I21="分園",AE21="○",Q21="○"),"○","") | CG21: =IF(AND(F21="３歳",G21="標準",I21="分園",AE21="○",Q21="○"),"○","") | CH21: =IF(AND(F1426="５歳",G21="教育",I21="分園",O21>0),"○","") | CI21: =IF(AND(F1426="４歳",G21="教育",I21="分園",O21>0),"○","") | CJ21: =IF(AND(F1426="３歳",G21="教育",I21="分園",O21>0),"○","") | CK21: =IF(AND(F1426="２歳",G21="教育",I21="分園",O21>0),"○","") | CL21: =IF(AND(F1426="１歳",G21="教育",I21="分園",O21>0),"○","") | CM21: =IF(AND(F1426="乳児",G21="教育",I21="分園",O21>0),"○","") | CN21: =IF(AND(F21="５歳",G21="短時間",I21="分園",AE21="○",Q21=""),"○","") | CO21: =IF(AND(F21="４歳",G21="短時間",I21="分園",AE21="○",Q21=""),"○","") | CP21: =IF(AND(F21="３歳",G21="短時間",I21="分園",AE21="○",Q21=""),"○","") | CQ21: =IF(AND(F21="２歳",G21="短時間",I21="分園",AE21="○",Q21=""),"○","") | CR21: =IF(AND(F21="１歳",G21="短時間",I21="分園",AE21="○",Q21=""),"○","") | CS21: =IF(AND(F21="乳児",G21="短時間",I21="分園",AE21="○",Q21=""),"○","") | CT21: =IF(AND(F21="５歳",G21="短時間",I21="分園",AE21="○",Q21="○"),"○","") | CU21: =IF(AND(F21="４歳",G21="短時間",I21="分園",AE21="○",Q21="○"),"○","") | CV21: =IF(AND(F21="３歳",G21="短時間",I21="分園",AE21="○",Q21="○"),"○","") | CW21: =IF(AND(F21="５歳",G21="短時間",I21="分園",O21>0),"○","") | CX21: =IF(AND(F21="４歳",G21="短時間",I21="分園",O21>0),"○","") | CY21: =IF(AND(F21="３歳",G21="短時間",I21="分園",O21>0),"○","") | CZ21: =IF(AND(F21="２歳",G21="短時間",I21="分園",O21>0),"○","") | DA21: =IF(AND(F21="１歳",G21="短時間",I21="分園",O21>0),"○","") | DB21: =IF(AND(F21="乳児",G21="短時間",I21="分園",O21>0),"○","") | DC21: =IF(AND(F21="５歳",G21="教育",I21="分園",AE21="○",Q21="",),"○","") | DD21: =IF(AND(F21="４歳",G21="教育",I21="分園",AE21="○",Q21="",),"○","") | DE21: =IF(AND(F21="３歳",G21="教育",I21="分園",AE21="○",Q21="",),"○","") | DF21: =IF(AND(F21="２歳",G21="教育",I21="分園",AE21="○",Q21="",),"○","") | DG21: =IF(AND(F21="５歳",G21="教育",I21="分園",AE21="○",Q21="○",),"○","") | DH21: =IF(AND(F21="４歳",G21="教育",I21="分園",AE21="○",Q21="○",),"○","") | DI21: =IF(AND(F21="３歳",G21="教育",I21="分園",AE21="○",Q21="○",),"○","") | DJ21: =IF(AND(F21="２歳",G21="教育",I21="分園",AE21="○",Q21="○",),"○","") | DK21: =IF(AND(F21="５歳",G21="教育",I21="分園",O21>0),"○","") | DL21: =IF(AND(F21="４歳",G21="教育",I21="分園",O21>0),"○","") | DM21: =IF(AND(F21="３歳",G21="教育",I21="分園",O21>0),"○","") | DN21: =IF(AND(F21="２歳",G21="教育",I21="分園",O21>0),"○","")
A22: =ROW()-9 -> 13 | U22: =IF(O22="","",IF(AND(G22="標準",OR(M22="○",K22="○"),I22=""),"※下表に記載必要箇所あり(①)",IF(AND(G22="標準",M22="○",I22="分園"),"※下表に記載必要箇所あり(③)",IF(AND(G22="短時間",OR(M22="○",K22="○"),I22=""),"※下表に記載必要箇所あり(②)","※下表に記載必要箇所あり(④)")))) | AA22: =IF(AND(K22="○",Q22=""),"A","") | AB22: =IF(AND(K22="○",Q22="○"),"B","") | AC22: =IF(AND(K22="",M22="○",Q22=""),"C","") | AD22: =IF(AND(K22="",M22="○",Q22="○"),"D","") | AE22: =IF(OR(K22="○",M22="○"),"","○") -> ○ | AF22: =IF(AND(F22="５歳",G22="標準",I22="",AE22="○",Q22=""),"○","") | AG22: =IF(AND(F22="４歳",G22="標準",I22="",AE22="○",Q22=""),"○","") | AH22: =IF(AND(F22="３歳",G22="標準",I22="",AE22="○",Q22=""),"○","") | AI22: =IF(AND(F22="２歳",G22="標準",I22="",AE22="○",Q22=""),"○","") | AJ22: =IF(AND(F22="１歳",G22="標準",I22="",AE22="○",Q22=""),"○","") | AK22: =IF(AND(F22="乳児",G22="標準",I22="",AE22="○",Q22=""),"○","") | AL22: =IF(AND(F22="５歳",G22="標準",I22="",AE22="○",Q22="○"),"○","") | AM22: =IF(AND(F22="４歳",G22="標準",I22="",AE22="○",Q22="○"),"○","") | AN22: =IF(AND(F22="３歳",G22="標準",I22="",AE22="○",Q22="○"),"○","") | AO22: =IF(AND(F22="５歳",G22="標準",O22>0),"○","") | AP22: =IF(AND(F22="４歳",G22="標準",O22>0),"○","") | AQ22: =IF(AND(F22="３歳",G22="標準",O22>0),"○","") | AR22: =IF(AND(F22="２歳",G22="標準",O22>0),"○","") | AS22: =IF(AND(F22="１歳",G22="標準",O22>0),"○","") | AT22: =IF(AND(F22="乳児",G22="標準",O22>0),"○","") | AU22: =IF(AND(F22="５歳",G22="短時間",I22="",AE22="○",Q22=""),"○","") | AV22: =IF(AND(F22="４歳",G22="短時間",I22="",AE22="○",Q22=""),"○","") | AW22: =IF(AND(F22="３歳",G22="短時間",I22="",AE22="○",Q22=""),"○","") | AX22: =IF(AND(F22="２歳",G22="短時間",I22="",AE22="○",Q22=""),"○","") | AY22: =IF(AND(F22="１歳",G22="短時間",I22="",AE22="○",Q22=""),"○","") | AZ22: =IF(AND(F22="乳児",G22="短時間",I22="",AE22="○",Q22=""),"○","") | BA22: =IF(AND(F22="５歳",G22="短時間",I22="",AE22="○",Q22="○"),"○","") | BB22: =IF(AND(F22="４歳",G22="短時間",I22="",AE22="○",Q22="○"),"○","") | BC22: =IF(AND(F22="３歳",G22="短時間",I22="",AE22="○",Q22="○"),"○","") | BD22: =IF(AND(F22="２歳",G22="短時間",I22="",AE22="○",Q22="○"),"○","") | BE22: =IF(AND(F22="１歳",G22="短時間",I22="",AE22="○",Q22="○"),"○","") | BF22: =IF(AND(F22="乳児",G22="短時間",I22="",AE22="○",Q22="○"),"○","") | BG22: =IF(AND(F22="５歳",G22="短時間",I22="",O22>0),"○","") | BH22: =IF(AND(F22="４歳",G22="短時間",I22="",O22>0),"○","") | BI22: =IF(AND(F22="３歳",G22="短時間",I22="",O22>0),"○","") | BJ22: =IF(AND(F22="２歳",G22="短時間",I22="",O22>0),"○","") | BK22: =IF(AND(F22="１歳",G22="短時間",I22="",O22>0),"○","") | BL22: =IF(AND(F22="乳児",G22="短時間",I22="",O22>0),"○","") | BM22: =IF(AND(F22="５歳",I22="",AE22="○",Q22="",),"○","") | BN22: =IF(AND(F22="４歳",I22="",AE22="○",Q22="",),"○","") | BO22: =IF(AND(F22="３歳",I22="",AE22="○",Q22="",),"○","") | BP22: =IF(AND(F22="２歳",I22="",AE22="○",Q22="",),"○","") | BQ22: =IF(AND(F22="５歳",I22="",AE22="○",Q22="○",),"○","") | BR22: =IF(AND(F22="４歳",I22="",AE22="○",Q22="○",),"○","") | BS22: =IF(AND(F22="３歳",I22="",AE22="○",Q22="○",),"○","") | BT22: =IF(AND(F22="２歳",I22="",AE22="○",Q22="○",),"○","") | BU22: =IF(AND(F22="５歳",G22="教育",O22>0),"○","") | BV22: =IF(AND(F22="４歳",G22="教育",O22>0),"○","") | BW22: =IF(AND(F22="３歳",G22="教育",O22>0),"○","") | BX22: =IF(AND(F22="２歳",G22="教育",O22>0),"○","") | BY22: =IF(AND(F22="５歳",G22="標準",I22="分園",AE22="○",Q22=""),"○","") | BZ22: =IF(AND(F22="４歳",G22="標準",I22="分園",AE22="○",Q22=""),"○","") | CA22: =IF(AND(F22="３歳",G22="標準",I22="分園",AE22="○",Q22=""),"○","") | CB22: =IF(AND(F22="２歳",G22="標準",I22="分園",AE22="○",Q22=""),"○","") | CC22: =IF(AND(F22="１歳",G22="標準",I22="分園",AE22="○",Q22=""),"○","") | CD22: =IF(AND(F22="乳児",G22="標準",I22="分園",AE22="○",Q22=""),"○","") | CE22: =IF(AND(F22="５歳",G22="標準",I22="分園",AE22="○",Q22="○"),"○","") | CF22: =IF(AND(F22="４歳",G22="標準",I22="分園",AE22="○",Q22="○"),"○","") | CG22: =IF(AND(F22="３歳",G22="標準",I22="分園",AE22="○",Q22="○"),"○","") | CH22: =IF(AND(F1426="５歳",G22="教育",I22="分園",O22>0),"○","") | CI22: =IF(AND(F1426="４歳",G22="教育",I22="分園",O22>0),"○","") | CJ22: =IF(AND(F1426="３歳",G22="教育",I22="分園",O22>0),"○","") | CK22: =IF(AND(F1426="２歳",G22="教育",I22="分園",O22>0),"○","") | CL22: =IF(AND(F1426="１歳",G22="教育",I22="分園",O22>0),"○","") | CM22: =IF(AND(F1426="乳児",G22="教育",I22="分園",O22>0),"○","") | CN22: =IF(AND(F22="５歳",G22="短時間",I22="分園",AE22="○",Q22=""),"○","") | CO22: =IF(AND(F22="４歳",G22="短時間",I22="分園",AE22="○",Q22=""),"○","") | CP22: =IF(AND(F22="３歳",G22="短時間",I22="分園",AE22="○",Q22=""),"○","") | CQ22: =IF(AND(F22="２歳",G22="短時間",I22="分園",AE22="○",Q22=""),"○","") | CR22: =IF(AND(F22="１歳",G22="短時間",I22="分園",AE22="○",Q22=""),"○","") | CS22: =IF(AND(F22="乳児",G22="短時間",I22="分園",AE22="○",Q22=""),"○","") | CT22: =IF(AND(F22="５歳",G22="短時間",I22="分園",AE22="○",Q22="○"),"○","") | CU22: =IF(AND(F22="４歳",G22="短時間",I22="分園",AE22="○",Q22="○"),"○","") | CV22: =IF(AND(F22="３歳",G22="短時間",I22="分園",AE22="○",Q22="○"),"○","") | CW22: =IF(AND(F22="５歳",G22="短時間",I22="分園",O22>0),"○","") | CX22: =IF(AND(F22="４歳",G22="短時間",I22="分園",O22>0),"○","") | CY22: =IF(AND(F22="３歳",G22="短時間",I22="分園",O22>0),"○","") | CZ22: =IF(AND(F22="２歳",G22="短時間",I22="分園",O22>0),"○","") | DA22: =IF(AND(F22="１歳",G22="短時間",I22="分園",O22>0),"○","") | DB22: =IF(AND(F22="乳児",G22="短時間",I22="分園",O22>0),"○","") | DC22: =IF(AND(F22="５歳",G22="教育",I22="分園",AE22="○",Q22="",),"○","") | DD22: =IF(AND(F22="４歳",G22="教育",I22="分園",AE22="○",Q22="",),"○","") | DE22: =IF(AND(F22="３歳",G22="教育",I22="分園",AE22="○",Q22="",),"○","") | DF22: =IF(AND(F22="２歳",G22="教育",I22="分園",AE22="○",Q22="",),"○","") | DG22: =IF(AND(F22="５歳",G22="教育",I22="分園",AE22="○",Q22="○",),"○","") | DH22: =IF(AND(F22="４歳",G22="教育",I22="分園",AE22="○",Q22="○",),"○","") | DI22: =IF(AND(F22="３歳",G22="教育",I22="分園",AE22="○",Q22="○",),"○","") | DJ22: =IF(AND(F22="２歳",G22="教育",I22="分園",AE22="○",Q22="○",),"○","") | DK22: =IF(AND(F22="５歳",G22="教育",I22="分園",O22>0),"○","") | DL22: =IF(AND(F22="４歳",G22="教育",I22="分園",O22>0),"○","") | DM22: =IF(AND(F22="３歳",G22="教育",I22="分園",O22>0),"○","") | DN22: =IF(AND(F22="２歳",G22="教育",I22="分園",O22>0),"○","")
A23: =ROW()-9 -> 14 | U23: =IF(O23="","",IF(AND(G23="標準",OR(M23="○",K23="○"),I23=""),"※下表に記載必要箇所あり(①)",IF(AND(G23="標準",M23="○",I23="分園"),"※下表に記載必要箇所あり(③)",IF(AND(G23="短時間",OR(M23="○",K23="○"),I23=""),"※下表に記載必要箇所あり(②)","※下表に記載必要箇所あり(④)")))) | AA23: =IF(AND(K23="○",Q23=""),"A","") | AB23: =IF(AND(K23="○",Q23="○"),"B","") | AC23: =IF(AND(K23="",M23="○",Q23=""),"C","") | AD23: =IF(AND(K23="",M23="○",Q23="○"),"D","") | AE23: =IF(OR(K23="○",M23="○"),"","○") -> ○ | AF23: =IF(AND(F23="５歳",G23="標準",I23="",AE23="○",Q23=""),"○","") | AG23: =IF(AND(F23="４歳",G23="標準",I23="",AE23="○",Q23=""),"○","") | AH23: =IF(AND(F23="３歳",G23="標準",I23="",AE23="○",Q23=""),"○","") | AI23: =IF(AND(F23="２歳",G23="標準",I23="",AE23="○",Q23=""),"○","") | AJ23: =IF(AND(F23="１歳",G23="標準",I23="",AE23="○",Q23=""),"○","") | AK23: =IF(AND(F23="乳児",G23="標準",I23="",AE23="○",Q23=""),"○","") | AL23: =IF(AND(F23="５歳",G23="標準",I23="",AE23="○",Q23="○"),"○","") | AM23: =IF(AND(F23="４歳",G23="標準",I23="",AE23="○",Q23="○"),"○","") | AN23: =IF(AND(F23="３歳",G23="標準",I23="",AE23="○",Q23="○"),"○","") | AO23: =IF(AND(F23="５歳",G23="標準",O23>0),"○","") | AP23: =IF(AND(F23="４歳",G23="標準",O23>0),"○","") | AQ23: =IF(AND(F23="３歳",G23="標準",O23>0),"○","") | AR23: =IF(AND(F23="２歳",G23="標準",O23>0),"○","") | AS23: =IF(AND(F23="１歳",G23="標準",O23>0),"○","") | AT23: =IF(AND(F23="乳児",G23="標準",O23>0),"○","") | AU23: =IF(AND(F23="５歳",G23="短時間",I23="",AE23="○",Q23=""),"○","") | AV23: =IF(AND(F23="４歳",G23="短時間",I23="",AE23="○",Q23=""),"○","") | AW23: =IF(AND(F23="３歳",G23="短時間",I23="",AE23="○",Q23=""),"○","") | AX23: =IF(AND(F23="２歳",G23="短時間",I23="",AE23="○",Q23=""),"○","") | AY23: =IF(AND(F23="１歳",G23="短時間",I23="",AE23="○",Q23=""),"○","") | AZ23: =IF(AND(F23="乳児",G23="短時間",I23="",AE23="○",Q23=""),"○","") | BA23: =IF(AND(F23="５歳",G23="短時間",I23="",AE23="○",Q23="○"),"○","") | BB23: =IF(AND(F23="４歳",G23="短時間",I23="",AE23="○",Q23="○"),"○","") | BC23: =IF(AND(F23="３歳",G23="短時間",I23="",AE23="○",Q23="○"),"○","") | BD23: =IF(AND(F23="２歳",G23="短時間",I23="",AE23="○",Q23="○"),"○","") | BE23: =IF(AND(F23="１歳",G23="短時間",I23="",AE23="○",Q23="○"),"○","") | BF23: =IF(AND(F23="乳児",G23="短時間",I23="",AE23="○",Q23="○"),"○","") | BG23: =IF(AND(F23="５歳",G23="短時間",I23="",O23>0),"○","") | BH23: =IF(AND(F23="４歳",G23="短時間",I23="",O23>0),"○","") | BI23: =IF(AND(F23="３歳",G23="短時間",I23="",O23>0),"○","") | BJ23: =IF(AND(F23="２歳",G23="短時間",I23="",O23>0),"○","") | BK23: =IF(AND(F23="１歳",G23="短時間",I23="",O23>0),"○","") | BL23: =IF(AND(F23="乳児",G23="短時間",I23="",O23>0),"○","") | BM23: =IF(AND(F23="５歳",I23="",AE23="○",Q23="",),"○","") | BN23: =IF(AND(F23="４歳",I23="",AE23="○",Q23="",),"○","") | BO23: =IF(AND(F23="３歳",I23="",AE23="○",Q23="",),"○","") | BP23: =IF(AND(F23="２歳",I23="",AE23="○",Q23="",),"○","") | BQ23: =IF(AND(F23="５歳",I23="",AE23="○",Q23="○",),"○","") | BR23: =IF(AND(F23="４歳",I23="",AE23="○",Q23="○",),"○","") | BS23: =IF(AND(F23="３歳",I23="",AE23="○",Q23="○",),"○","") | BT23: =IF(AND(F23="２歳",I23="",AE23="○",Q23="○",),"○","") | BU23: =IF(AND(F23="５歳",G23="教育",O23>0),"○","") | BV23: =IF(AND(F23="４歳",G23="教育",O23>0),"○","") | BW23: =IF(AND(F23="３歳",G23="教育",O23>0),"○","") | BX23: =IF(AND(F23="２歳",G23="教育",O23>0),"○","") | BY23: =IF(AND(F23="５歳",G23="標準",I23="分園",AE23="○",Q23=""),"○","") | BZ23: =IF(AND(F23="４歳",G23="標準",I23="分園",AE23="○",Q23=""),"○","") | CA23: =IF(AND(F23="３歳",G23="標準",I23="分園",AE23="○",Q23=""),"○","") | CB23: =IF(AND(F23="２歳",G23="標準",I23="分園",AE23="○",Q23=""),"○","") | CC23: =IF(AND(F23="１歳",G23="標準",I23="分園",AE23="○",Q23=""),"○","") | CD23: =IF(AND(F23="乳児",G23="標準",I23="分園",AE23="○",Q23=""),"○","") | CE23: =IF(AND(F23="５歳",G23="標準",I23="分園",AE23="○",Q23="○"),"○","") | CF23: =IF(AND(F23="４歳",G23="標準",I23="分園",AE23="○",Q23="○"),"○","") | CG23: =IF(AND(F23="３歳",G23="標準",I23="分園",AE23="○",Q23="○"),"○","") | CH23: =IF(AND(F1427="５歳",G23="教育",I23="分園",O23>0),"○","") | CI23: =IF(AND(F1427="４歳",G23="教育",I23="分園",O23>0),"○","") | CJ23: =IF(AND(F1427="３歳",G23="教育",I23="分園",O23>0),"○","") | CK23: =IF(AND(F1427="２歳",G23="教育",I23="分園",O23>0),"○","") | CL23: =IF(AND(F1427="１歳",G23="教育",I23="分園",O23>0),"○","") | CM23: =IF(AND(F1427="乳児",G23="教育",I23="分園",O23>0),"○","") | CN23: =IF(AND(F23="５歳",G23="短時間",I23="分園",AE23="○",Q23=""),"○","") | CO23: =IF(AND(F23="４歳",G23="短時間",I23="分園",AE23="○",Q23=""),"○","") | CP23: =IF(AND(F23="３歳",G23="短時間",I23="分園",AE23="○",Q23=""),"○","") | CQ23: =IF(AND(F23="２歳",G23="短時間",I23="分園",AE23="○",Q23=""),"○","") | CR23: =IF(AND(F23="１歳",G23="短時間",I23="分園",AE23="○",Q23=""),"○","") | CS23: =IF(AND(F23="乳児",G23="短時間",I23="分園",AE23="○",Q23=""),"○","") | CT23: =IF(AND(F23="５歳",G23="短時間",I23="分園",AE23="○",Q23="○"),"○","") | CU23: =IF(AND(F23="４歳",G23="短時間",I23="分園",AE23="○",Q23="○"),"○","") | CV23: =IF(AND(F23="３歳",G23="短時間",I23="分園",AE23="○",Q23="○"),"○","") | CW23: =IF(AND(F23="５歳",G23="短時間",I23="分園",O23>0),"○","") | CX23: =IF(AND(F23="４歳",G23="短時間",I23="分園",O23>0),"○","") | CY23: =IF(AND(F23="３歳",G23="短時間",I23="分園",O23>0),"○","") | CZ23: =IF(AND(F23="２歳",G23="短時間",I23="分園",O23>0),"○","") | DA23: =IF(AND(F23="１歳",G23="短時間",I23="分園",O23>0),"○","") | DB23: =IF(AND(F23="乳児",G23="短時間",I23="分園",O23>0),"○","") | DC23: =IF(AND(F23="５歳",G23="教育",I23="分園",AE23="○",Q23="",),"○","") | DD23: =IF(AND(F23="４歳",G23="教育",I23="分園",AE23="○",Q23="",),"○","") | DE23: =IF(AND(F23="３歳",G23="教育",I23="分園",AE23="○",Q23="",),"○","") | DF23: =IF(AND(F23="２歳",G23="教育",I23="分園",AE23="○",Q23="",),"○","") | DG23: =IF(AND(F23="５歳",G23="教育",I23="分園",AE23="○",Q23="○",),"○","") | DH23: =IF(AND(F23="４歳",G23="教育",I23="分園",AE23="○",Q23="○",),"○","") | DI23: =IF(AND(F23="３歳",G23="教育",I23="分園",AE23="○",Q23="○",),"○","") | DJ23: =IF(AND(F23="２歳",G23="教育",I23="分園",AE23="○",Q23="○",),"○","") | DK23: =IF(AND(F23="５歳",G23="教育",I23="分園",O23>0),"○","") | DL23: =IF(AND(F23="４歳",G23="教育",I23="分園",O23>0),"○","") | DM23: =IF(AND(F23="３歳",G23="教育",I23="分園",O23>0),"○","") | DN23: =IF(AND(F23="２歳",G23="教育",I23="分園",O23>0),"○","")
A24: =ROW()-9 -> 15 | U24: =IF(O24="","",IF(AND(G24="標準",OR(M24="○",K24="○"),I24=""),"※下表に記載必要箇所あり(①)",IF(AND(G24="標準",M24="○",I24="分園"),"※下表に記載必要箇所あり(③)",IF(AND(G24="短時間",OR(M24="○",K24="○"),I24=""),"※下表に記載必要箇所あり(②)","※下表に記載必要箇所あり(④)")))) | AA24: =IF(AND(K24="○",Q24=""),"A","") | AB24: =IF(AND(K24="○",Q24="○"),"B","") | AC24: =IF(AND(K24="",M24="○",Q24=""),"C","") | AD24: =IF(AND(K24="",M24="○",Q24="○"),"D","") | AE24: =IF(OR(K24="○",M24="○"),"","○") -> ○ | AF24: =IF(AND(F24="５歳",G24="標準",I24="",AE24="○",Q24=""),"○","") | AG24: =IF(AND(F24="４歳",G24="標準",I24="",AE24="○",Q24=""),"○","") | AH24: =IF(AND(F24="３歳",G24="標準",I24="",AE24="○",Q24=""),"○","") | AI24: =IF(AND(F24="２歳",G24="標準",I24="",AE24="○",Q24=""),"○","") | AJ24: =IF(AND(F24="１歳",G24="標準",I24="",AE24="○",Q24=""),"○","") | AK24: =IF(AND(F24="乳児",G24="標準",I24="",AE24="○",Q24=""),"○","") | AL24: =IF(AND(F24="５歳",G24="標準",I24="",AE24="○",Q24="○"),"○","") | AM24: =IF(AND(F24="４歳",G24="標準",I24="",AE24="○",Q24="○"),"○","") | AN24: =IF(AND(F24="３歳",G24="標準",I24="",AE24="○",Q24="○"),"○","") | AO24: =IF(AND(F24="５歳",G24="標準",O24>0),"○","") | AP24: =IF(AND(F24="４歳",G24="標準",O24>0),"○","") | AQ24: =IF(AND(F24="３歳",G24="標準",O24>0),"○","") | AR24: =IF(AND(F24="２歳",G24="標準",O24>0),"○","") | AS24: =IF(AND(F24="１歳",G24="標準",O24>0),"○","") | AT24: =IF(AND(F24="乳児",G24="標準",O24>0),"○","") | AU24: =IF(AND(F24="５歳",G24="短時間",I24="",AE24="○",Q24=""),"○","") | AV24: =IF(AND(F24="４歳",G24="短時間",I24="",AE24="○",Q24=""),"○","") | AW24: =IF(AND(F24="３歳",G24="短時間",I24="",AE24="○",Q24=""),"○","") | AX24: =IF(AND(F24="２歳",G24="短時間",I24="",AE24="○",Q24=""),"○","") | AY24: =IF(AND(F24="１歳",G24="短時間",I24="",AE24="○",Q24=""),"○","") | AZ24: =IF(AND(F24="乳児",G24="短時間",I24="",AE24="○",Q24=""),"○","") | BA24: =IF(AND(F24="５歳",G24="短時間",I24="",AE24="○",Q24="○"),"○","") | BB24: =IF(AND(F24="４歳",G24="短時間",I24="",AE24="○",Q24="○"),"○","") | BC24: =IF(AND(F24="３歳",G24="短時間",I24="",AE24="○",Q24="○"),"○","") | BD24: =IF(AND(F24="２歳",G24="短時間",I24="",AE24="○",Q24="○"),"○","") | BE24: =IF(AND(F24="１歳",G24="短時間",I24="",AE24="○",Q24="○"),"○","") | BF24: =IF(AND(F24="乳児",G24="短時間",I24="",AE24="○",Q24="○"),"○","") | BG24: =IF(AND(F24="５歳",G24="短時間",I24="",O24>0),"○","") | BH24: =IF(AND(F24="４歳",G24="短時間",I24="",O24>0),"○","") | BI24: =IF(AND(F24="３歳",G24="短時間",I24="",O24>0),"○","") | BJ24: =IF(AND(F24="２歳",G24="短時間",I24="",O24>0),"○","") | BK24: =IF(AND(F24="１歳",G24="短時間",I24="",O24>0),"○","") | BL24: =IF(AND(F24="乳児",G24="短時間",I24="",O24>0),"○","") | BM24: =IF(AND(F24="５歳",I24="",AE24="○",Q24="",),"○","") | BN24: =IF(AND(F24="４歳",I24="",AE24="○",Q24="",),"○","") | BO24: =IF(AND(F24="３歳",I24="",AE24="○",Q24="",),"○","") | BP24: =IF(AND(F24="２歳",I24="",AE24="○",Q24="",),"○","") | BQ24: =IF(AND(F24="５歳",I24="",AE24="○",Q24="○",),"○","") | BR24: =IF(AND(F24="４歳",I24="",AE24="○",Q24="○",),"○","") | BS24: =IF(AND(F24="３歳",I24="",AE24="○",Q24="○",),"○","") | BT24: =IF(AND(F24="２歳",I24="",AE24="○",Q24="○",),"○","") | BU24: =IF(AND(F24="５歳",G24="教育",O24>0),"○","") | BV24: =IF(AND(F24="４歳",G24="教育",O24>0),"○","") | BW24: =IF(AND(F24="３歳",G24="教育",O24>0),"○","") | BX24: =IF(AND(F24="２歳",G24="教育",O24>0),"○","") | BY24: =IF(AND(F24="５歳",G24="標準",I24="分園",AE24="○",Q24=""),"○","") | BZ24: =IF(AND(F24="４歳",G24="標準",I24="分園",AE24="○",Q24=""),"○","") | CA24: =IF(AND(F24="３歳",G24="標準",I24="分園",AE24="○",Q24=""),"○","") | CB24: =IF(AND(F24="２歳",G24="標準",I24="分園",AE24="○",Q24=""),"○","") | CC24: =IF(AND(F24="１歳",G24="標準",I24="分園",AE24="○",Q24=""),"○","") | CD24: =IF(AND(F24="乳児",G24="標準",I24="分園",AE24="○",Q24=""),"○","") | CE24: =IF(AND(F24="５歳",G24="標準",I24="分園",AE24="○",Q24="○"),"○","") | CF24: =IF(AND(F24="４歳",G24="標準",I24="分園",AE24="○",Q24="○"),"○","") | CG24: =IF(AND(F24="３歳",G24="標準",I24="分園",AE24="○",Q24="○"),"○","") | CH24: =IF(AND(F1428="５歳",G24="教育",I24="分園",O24>0),"○","") | CI24: =IF(AND(F1428="４歳",G24="教育",I24="分園",O24>0),"○","") | CJ24: =IF(AND(F1428="３歳",G24="教育",I24="分園",O24>0),"○","") | CK24: =IF(AND(F1428="２歳",G24="教育",I24="分園",O24>0),"○","") | CL24: =IF(AND(F1428="１歳",G24="教育",I24="分園",O24>0),"○","") | CM24: =IF(AND(F1428="乳児",G24="教育",I24="分園",O24>0),"○","") | CN24: =IF(AND(F24="５歳",G24="短時間",I24="分園",AE24="○",Q24=""),"○","") | CO24: =IF(AND(F24="４歳",G24="短時間",I24="分園",AE24="○",Q24=""),"○","") | CP24: =IF(AND(F24="３歳",G24="短時間",I24="分園",AE24="○",Q24=""),"○","") | CQ24: =IF(AND(F24="２歳",G24="短時間",I24="分園",AE24="○",Q24=""),"○","") | CR24: =IF(AND(F24="１歳",G24="短時間",I24="分園",AE24="○",Q24=""),"○","") | CS24: =IF(AND(F24="乳児",G24="短時間",I24="分園",AE24="○",Q24=""),"○","") | CT24: =IF(AND(F24="５歳",G24="短時間",I24="分園",AE24="○",Q24="○"),"○","") | CU24: =IF(AND(F24="４歳",G24="短時間",I24="分園",AE24="○",Q24="○"),"○","") | CV24: =IF(AND(F24="３歳",G24="短時間",I24="分園",AE24="○",Q24="○"),"○","") | CW24: =IF(AND(F24="５歳",G24="短時間",I24="分園",O24>0),"○","") | CX24: =IF(AND(F24="４歳",G24="短時間",I24="分園",O24>0),"○","") | CY24: =IF(AND(F24="３歳",G24="短時間",I24="分園",O24>0),"○","") | CZ24: =IF(AND(F24="２歳",G24="短時間",I24="分園",O24>0),"○","") | DA24: =IF(AND(F24="１歳",G24="短時間",I24="分園",O24>0),"○","") | DB24: =IF(AND(F24="乳児",G24="短時間",I24="分園",O24>0),"○","") | DC24: =IF(AND(F24="５歳",G24="教育",I24="分園",AE24="○",Q24="",),"○","") | DD24: =IF(AND(F24="４歳",G24="教育",I24="分園",AE24="○",Q24="",),"○","") | DE24: =IF(AND(F24="３歳",G24="教育",I24="分園",AE24="○",Q24="",),"○","") | DF24: =IF(AND(F24="２歳",G24="教育",I24="分園",AE24="○",Q24="",),"○","") | DG24: =IF(AND(F24="５歳",G24="教育",I24="分園",AE24="○",Q24="○",),"○","") | DH24: =IF(AND(F24="４歳",G24="教育",I24="分園",AE24="○",Q24="○",),"○","") | DI24: =IF(AND(F24="３歳",G24="教育",I24="分園",AE24="○",Q24="○",),"○","") | DJ24: =IF(AND(F24="２歳",G24="教育",I24="分園",AE24="○",Q24="○",),"○","") | DK24: =IF(AND(F24="５歳",G24="教育",I24="分園",O24>0),"○","") | DL24: =IF(AND(F24="４歳",G24="教育",I24="分園",O24>0),"○","") | DM24: =IF(AND(F24="３歳",G24="教育",I24="分園",O24>0),"○","") | DN24: =IF(AND(F24="２歳",G24="教育",I24="分園",O24>0),"○","")
A25: =ROW()-9 -> 16 | U25: =IF(O25="","",IF(AND(G25="標準",OR(M25="○",K25="○"),I25=""),"※下表に記載必要箇所あり(①)",IF(AND(G25="標準",M25="○",I25="分園"),"※下表に記載必要箇所あり(③)",IF(AND(G25="短時間",OR(M25="○",K25="○"),I25=""),"※下表に記載必要箇所あり(②)","※下表に記載必要箇所あり(④)")))) | AA25: =IF(AND(K25="○",Q25=""),"A","") | AB25: =IF(AND(K25="○",Q25="○"),"B","") | AC25: =IF(AND(K25="",M25="○",Q25=""),"C","") | AD25: =IF(AND(K25="",M25="○",Q25="○"),"D","") | AE25: =IF(OR(K25="○",M25="○"),"","○") -> ○ | AF25: =IF(AND(F25="５歳",G25="標準",I25="",AE25="○",Q25=""),"○","") | AG25: =IF(AND(F25="４歳",G25="標準",I25="",AE25="○",Q25=""),"○","") | AH25: =IF(AND(F25="３歳",G25="標準",I25="",AE25="○",Q25=""),"○","") | AI25: =IF(AND(F25="２歳",G25="標準",I25="",AE25="○",Q25=""),"○","") | AJ25: =IF(AND(F25="１歳",G25="標準",I25="",AE25="○",Q25=""),"○","") | AK25: =IF(AND(F25="乳児",G25="標準",I25="",AE25="○",Q25=""),"○","") | AL25: =IF(AND(F25="５歳",G25="標準",I25="",AE25="○",Q25="○"),"○","") | AM25: =IF(AND(F25="４歳",G25="標準",I25="",AE25="○",Q25="○"),"○","") | AN25: =IF(AND(F25="３歳",G25="標準",I25="",AE25="○",Q25="○"),"○","") | AO25: =IF(AND(F25="５歳",G25="標準",O25>0),"○","") | AP25: =IF(AND(F25="４歳",G25="標準",O25>0),"○","") | AQ25: =IF(AND(F25="３歳",G25="標準",O25>0),"○","") | AR25: =IF(AND(F25="２歳",G25="標準",O25>0),"○","") | AS25: =IF(AND(F25="１歳",G25="標準",O25>0),"○","") | AT25: =IF(AND(F25="乳児",G25="標準",O25>0),"○","") | AU25: =IF(AND(F25="５歳",G25="短時間",I25="",AE25="○",Q25=""),"○","") | AV25: =IF(AND(F25="４歳",G25="短時間",I25="",AE25="○",Q25=""),"○","") | AW25: =IF(AND(F25="３歳",G25="短時間",I25="",AE25="○",Q25=""),"○","") | AX25: =IF(AND(F25="２歳",G25="短時間",I25="",AE25="○",Q25=""),"○","") | AY25: =IF(AND(F25="１歳",G25="短時間",I25="",AE25="○",Q25=""),"○","") | AZ25: =IF(AND(F25="乳児",G25="短時間",I25="",AE25="○",Q25=""),"○","") | BA25: =IF(AND(F25="５歳",G25="短時間",I25="",AE25="○",Q25="○"),"○","") | BB25: =IF(AND(F25="４歳",G25="短時間",I25="",AE25="○",Q25="○"),"○","") | BC25: =IF(AND(F25="３歳",G25="短時間",I25="",AE25="○",Q25="○"),"○","") | BD25: =IF(AND(F25="２歳",G25="短時間",I25="",AE25="○",Q25="○"),"○","") | BE25: =IF(AND(F25="１歳",G25="短時間",I25="",AE25="○",Q25="○"),"○","") | BF25: =IF(AND(F25="乳児",G25="短時間",I25="",AE25="○",Q25="○"),"○","") | BG25: =IF(AND(F25="５歳",G25="短時間",I25="",O25>0),"○","") | BH25: =IF(AND(F25="４歳",G25="短時間",I25="",O25>0),"○","") | BI25: =IF(AND(F25="３歳",G25="短時間",I25="",O25>0),"○","") | BJ25: =IF(AND(F25="２歳",G25="短時間",I25="",O25>0),"○","") | BK25: =IF(AND(F25="１歳",G25="短時間",I25="",O25>0),"○","") | BL25: =IF(AND(F25="乳児",G25="短時間",I25="",O25>0),"○","") | BM25: =IF(AND(F25="５歳",I25="",AE25="○",Q25="",),"○","") | BN25: =IF(AND(F25="４歳",I25="",AE25="○",Q25="",),"○","") | BO25: =IF(AND(F25="３歳",I25="",AE25="○",Q25="",),"○","") | BP25: =IF(AND(F25="２歳",I25="",AE25="○",Q25="",),"○","") | BQ25: =IF(AND(F25="５歳",I25="",AE25="○",Q25="○",),"○","") | BR25: =IF(AND(F25="４歳",I25="",AE25="○",Q25="○",),"○","") | BS25: =IF(AND(F25="３歳",I25="",AE25="○",Q25="○",),"○","") | BT25: =IF(AND(F25="２歳",I25="",AE25="○",Q25="○",),"○","") | BU25: =IF(AND(F25="５歳",G25="教育",O25>0),"○","") | BV25: =IF(AND(F25="４歳",G25="教育",O25>0),"○","") | BW25: =IF(AND(F25="３歳",G25="教育",O25>0),"○","") | BX25: =IF(AND(F25="２歳",G25="教育",O25>0),"○","") | BY25: =IF(AND(F25="５歳",G25="標準",I25="分園",AE25="○",Q25=""),"○","") | BZ25: =IF(AND(F25="４歳",G25="標準",I25="分園",AE25="○",Q25=""),"○","") | CA25: =IF(AND(F25="３歳",G25="標準",I25="分園",AE25="○",Q25=""),"○","") | CB25: =IF(AND(F25="２歳",G25="標準",I25="分園",AE25="○",Q25=""),"○","") | CC25: =IF(AND(F25="１歳",G25="標準",I25="分園",AE25="○",Q25=""),"○","") | CD25: =IF(AND(F25="乳児",G25="標準",I25="分園",AE25="○",Q25=""),"○","") | CE25: =IF(AND(F25="５歳",G25="標準",I25="分園",AE25="○",Q25="○"),"○","") | CF25: =IF(AND(F25="４歳",G25="標準",I25="分園",AE25="○",Q25="○"),"○","") | CG25: =IF(AND(F25="３歳",G25="標準",I25="分園",AE25="○",Q25="○"),"○","") | CH25: =IF(AND(F1429="５歳",G25="教育",I25="分園",O25>0),"○","") | CI25: =IF(AND(F1429="４歳",G25="教育",I25="分園",O25>0),"○","") | CJ25: =IF(AND(F1429="３歳",G25="教育",I25="分園",O25>0),"○","") | CK25: =IF(AND(F1429="２歳",G25="教育",I25="分園",O25>0),"○","") | CL25: =IF(AND(F1429="１歳",G25="教育",I25="分園",O25>0),"○","") | CM25: =IF(AND(F1429="乳児",G25="教育",I25="分園",O25>0),"○","") | CN25: =IF(AND(F25="５歳",G25="短時間",I25="分園",AE25="○",Q25=""),"○","") | CO25: =IF(AND(F25="４歳",G25="短時間",I25="分園",AE25="○",Q25=""),"○","") | CP25: =IF(AND(F25="３歳",G25="短時間",I25="分園",AE25="○",Q25=""),"○","") | CQ25: =IF(AND(F25="２歳",G25="短時間",I25="分園",AE25="○",Q25=""),"○","") | CR25: =IF(AND(F25="１歳",G25="短時間",I25="分園",AE25="○",Q25=""),"○","") | CS25: =IF(AND(F25="乳児",G25="短時間",I25="分園",AE25="○",Q25=""),"○","") | CT25: =IF(AND(F25="５歳",G25="短時間",I25="分園",AE25="○",Q25="○"),"○","") | CU25: =IF(AND(F25="４歳",G25="短時間",I25="分園",AE25="○",Q25="○"),"○","") | CV25: =IF(AND(F25="３歳",G25="短時間",I25="分園",AE25="○",Q25="○"),"○","") | CW25: =IF(AND(F25="５歳",G25="短時間",I25="分園",O25>0),"○","") | CX25: =IF(AND(F25="４歳",G25="短時間",I25="分園",O25>0),"○","") | CY25: =IF(AND(F25="３歳",G25="短時間",I25="分園",O25>0),"○","") | CZ25: =IF(AND(F25="２歳",G25="短時間",I25="分園",O25>0),"○","") | DA25: =IF(AND(F25="１歳",G25="短時間",I25="分園",O25>0),"○","") | DB25: =IF(AND(F25="乳児",G25="短時間",I25="分園",O25>0),"○","") | DC25: =IF(AND(F25="５歳",G25="教育",I25="分園",AE25="○",Q25="",),"○","") | DD25: =IF(AND(F25="４歳",G25="教育",I25="分園",AE25="○",Q25="",),"○","") | DE25: =IF(AND(F25="３歳",G25="教育",I25="分園",AE25="○",Q25="",),"○","") | DF25: =IF(AND(F25="２歳",G25="教育",I25="分園",AE25="○",Q25="",),"○","") | DG25: =IF(AND(F25="５歳",G25="教育",I25="分園",AE25="○",Q25="○",),"○","") | DH25: =IF(AND(F25="４歳",G25="教育",I25="分園",AE25="○",Q25="○",),"○","") | DI25: =IF(AND(F25="３歳",G25="教育",I25="分園",AE25="○",Q25="○",),"○","") | DJ25: =IF(AND(F25="２歳",G25="教育",I25="分園",AE25="○",Q25="○",),"○","") | DK25: =IF(AND(F25="５歳",G25="教育",I25="分園",O25>0),"○","") | DL25: =IF(AND(F25="４歳",G25="教育",I25="分園",O25>0),"○","") | DM25: =IF(AND(F25="３歳",G25="教育",I25="分園",O25>0),"○","") | DN25: =IF(AND(F25="２歳",G25="教育",I25="分園",O25>0),"○","")
A26: =ROW()-9 -> 17 | U26: =IF(O26="","",IF(AND(G26="標準",OR(M26="○",K26="○"),I26=""),"※下表に記載必要箇所あり(①)",IF(AND(G26="標準",M26="○",I26="分園"),"※下表に記載必要箇所あり(③)",IF(AND(G26="短時間",OR(M26="○",K26="○"),I26=""),"※下表に記載必要箇所あり(②)","※下表に記載必要箇所あり(④)")))) | AA26: =IF(AND(K26="○",Q26=""),"A","") | AB26: =IF(AND(K26="○",Q26="○"),"B","") | AC26: =IF(AND(K26="",M26="○",Q26=""),"C","") | AD26: =IF(AND(K26="",M26="○",Q26="○"),"D","") | AE26: =IF(OR(K26="○",M26="○"),"","○") -> ○ | AF26: =IF(AND(F26="５歳",G26="標準",I26="",AE26="○",Q26=""),"○","") | AG26: =IF(AND(F26="４歳",G26="標準",I26="",AE26="○",Q26=""),"○","") | AH26: =IF(AND(F26="３歳",G26="標準",I26="",AE26="○",Q26=""),"○","") | AI26: =IF(AND(F26="２歳",G26="標準",I26="",AE26="○",Q26=""),"○","") | AJ26: =IF(AND(F26="１歳",G26="標準",I26="",AE26="○",Q26=""),"○","") | AK26: =IF(AND(F26="乳児",G26="標準",I26="",AE26="○",Q26=""),"○","") | AL26: =IF(AND(F26="５歳",G26="標準",I26="",AE26="○",Q26="○"),"○","") | AM26: =IF(AND(F26="４歳",G26="標準",I26="",AE26="○",Q26="○"),"○","") | AN26: =IF(AND(F26="３歳",G26="標準",I26="",AE26="○",Q26="○"),"○","") | AO26: =IF(AND(F26="５歳",G26="標準",O26>0),"○","") | AP26: =IF(AND(F26="４歳",G26="標準",O26>0),"○","") | AQ26: =IF(AND(F26="３歳",G26="標準",O26>0),"○","") | AR26: =IF(AND(F26="２歳",G26="標準",O26>0),"○","") | AS26: =IF(AND(F26="１歳",G26="標準",O26>0),"○","") | AT26: =IF(AND(F26="乳児",G26="標準",O26>0),"○","") | AU26: =IF(AND(F26="５歳",G26="短時間",I26="",AE26="○",Q26=""),"○","") | AV26: =IF(AND(F26="４歳",G26="短時間",I26="",AE26="○",Q26=""),"○","") | AW26: =IF(AND(F26="３歳",G26="短時間",I26="",AE26="○",Q26=""),"○","") | AX26: =IF(AND(F26="２歳",G26="短時間",I26="",AE26="○",Q26=""),"○","") | AY26: =IF(AND(F26="１歳",G26="短時間",I26="",AE26="○",Q26=""),"○","") | AZ26: =IF(AND(F26="乳児",G26="短時間",I26="",AE26="○",Q26=""),"○","") | BA26: =IF(AND(F26="５歳",G26="短時間",I26="",AE26="○",Q26="○"),"○","") | BB26: =IF(AND(F26="４歳",G26="短時間",I26="",AE26="○",Q26="○"),"○","") | BC26: =IF(AND(F26="３歳",G26="短時間",I26="",AE26="○",Q26="○"),"○","") | BD26: =IF(AND(F26="２歳",G26="短時間",I26="",AE26="○",Q26="○"),"○","") | BE26: =IF(AND(F26="１歳",G26="短時間",I26="",AE26="○",Q26="○"),"○","") | BF26: =IF(AND(F26="乳児",G26="短時間",I26="",AE26="○",Q26="○"),"○","") | BG26: =IF(AND(F26="５歳",G26="短時間",I26="",O26>0),"○","") | BH26: =IF(AND(F26="４歳",G26="短時間",I26="",O26>0),"○","") | BI26: =IF(AND(F26="３歳",G26="短時間",I26="",O26>0),"○","") | BJ26: =IF(AND(F26="２歳",G26="短時間",I26="",O26>0),"○","") | BK26: =IF(AND(F26="１歳",G26="短時間",I26="",O26>0),"○","") | BL26: =IF(AND(F26="乳児",G26="短時間",I26="",O26>0),"○","") | BM26: =IF(AND(F26="５歳",I26="",AE26="○",Q26="",),"○","") | BN26: =IF(AND(F26="４歳",I26="",AE26="○",Q26="",),"○","") | BO26: =IF(AND(F26="３歳",I26="",AE26="○",Q26="",),"○","") | BP26: =IF(AND(F26="２歳",I26="",AE26="○",Q26="",),"○","") | BQ26: =IF(AND(F26="５歳",I26="",AE26="○",Q26="○",),"○","") | BR26: =IF(AND(F26="４歳",I26="",AE26="○",Q26="○",),"○","") | BS26: =IF(AND(F26="３歳",I26="",AE26="○",Q26="○",),"○","") | BT26: =IF(AND(F26="２歳",I26="",AE26="○",Q26="○",),"○","") | BU26: =IF(AND(F26="５歳",G26="教育",O26>0),"○","") | BV26: =IF(AND(F26="４歳",G26="教育",O26>0),"○","") | BW26: =IF(AND(F26="３歳",G26="教育",O26>0),"○","") | BX26: =IF(AND(F26="２歳",G26="教育",O26>0),"○","") | BY26: =IF(AND(F26="５歳",G26="標準",I26="分園",AE26="○",Q26=""),"○","") | BZ26: =IF(AND(F26="４歳",G26="標準",I26="分園",AE26="○",Q26=""),"○","") | CA26: =IF(AND(F26="３歳",G26="標準",I26="分園",AE26="○",Q26=""),"○","") | CB26: =IF(AND(F26="２歳",G26="標準",I26="分園",AE26="○",Q26=""),"○","") | CC26: =IF(AND(F26="１歳",G26="標準",I26="分園",AE26="○",Q26=""),"○","") | CD26: =IF(AND(F26="乳児",G26="標準",I26="分園",AE26="○",Q26=""),"○","") | CE26: =IF(AND(F26="５歳",G26="標準",I26="分園",AE26="○",Q26="○"),"○","") | CF26: =IF(AND(F26="４歳",G26="標準",I26="分園",AE26="○",Q26="○"),"○","") | CG26: =IF(AND(F26="３歳",G26="標準",I26="分園",AE26="○",Q26="○"),"○","") | CH26: =IF(AND(F1430="５歳",G26="教育",I26="分園",O26>0),"○","") | CI26: =IF(AND(F1430="４歳",G26="教育",I26="分園",O26>0),"○","") | CJ26: =IF(AND(F1430="３歳",G26="教育",I26="分園",O26>0),"○","") | CK26: =IF(AND(F1430="２歳",G26="教育",I26="分園",O26>0),"○","") | CL26: =IF(AND(F1430="１歳",G26="教育",I26="分園",O26>0),"○","") | CM26: =IF(AND(F1430="乳児",G26="教育",I26="分園",O26>0),"○","") | CN26: =IF(AND(F26="５歳",G26="短時間",I26="分園",AE26="○",Q26=""),"○","") | CO26: =IF(AND(F26="４歳",G26="短時間",I26="分園",AE26="○",Q26=""),"○","") | CP26: =IF(AND(F26="３歳",G26="短時間",I26="分園",AE26="○",Q26=""),"○","") | CQ26: =IF(AND(F26="２歳",G26="短時間",I26="分園",AE26="○",Q26=""),"○","") | CR26: =IF(AND(F26="１歳",G26="短時間",I26="分園",AE26="○",Q26=""),"○","") | CS26: =IF(AND(F26="乳児",G26="短時間",I26="分園",AE26="○",Q26=""),"○","") | CT26: =IF(AND(F26="５歳",G26="短時間",I26="分園",AE26="○",Q26="○"),"○","") | CU26: =IF(AND(F26="４歳",G26="短時間",I26="分園",AE26="○",Q26="○"),"○","") | CV26: =IF(AND(F26="３歳",G26="短時間",I26="分園",AE26="○",Q26="○"),"○","") | CW26: =IF(AND(F26="５歳",G26="短時間",I26="分園",O26>0),"○","") | CX26: =IF(AND(F26="４歳",G26="短時間",I26="分園",O26>0),"○","") | CY26: =IF(AND(F26="３歳",G26="短時間",I26="分園",O26>0),"○","") | CZ26: =IF(AND(F26="２歳",G26="短時間",I26="分園",O26>0),"○","") | DA26: =IF(AND(F26="１歳",G26="短時間",I26="分園",O26>0),"○","") | DB26: =IF(AND(F26="乳児",G26="短時間",I26="分園",O26>0),"○","") | DC26: =IF(AND(F26="５歳",G26="教育",I26="分園",AE26="○",Q26="",),"○","") | DD26: =IF(AND(F26="４歳",G26="教育",I26="分園",AE26="○",Q26="",),"○","") | DE26: =IF(AND(F26="３歳",G26="教育",I26="分園",AE26="○",Q26="",),"○","") | DF26: =IF(AND(F26="２歳",G26="教育",I26="分園",AE26="○",Q26="",),"○","") | DG26: =IF(AND(F26="５歳",G26="教育",I26="分園",AE26="○",Q26="○",),"○","") | DH26: =IF(AND(F26="４歳",G26="教育",I26="分園",AE26="○",Q26="○",),"○","") | DI26: =IF(AND(F26="３歳",G26="教育",I26="分園",AE26="○",Q26="○",),"○","") | DJ26: =IF(AND(F26="２歳",G26="教育",I26="分園",AE26="○",Q26="○",),"○","") | DK26: =IF(AND(F26="５歳",G26="教育",I26="分園",O26>0),"○","") | DL26: =IF(AND(F26="４歳",G26="教育",I26="分園",O26>0),"○","") | DM26: =IF(AND(F26="３歳",G26="教育",I26="分園",O26>0),"○","") | DN26: =IF(AND(F26="２歳",G26="教育",I26="分園",O26>0),"○","")
A27: =ROW()-9 -> 18 | U27: =IF(O27="","",IF(AND(G27="標準",OR(M27="○",K27="○"),I27=""),"※下表に記載必要箇所あり(①)",IF(AND(G27="標準",M27="○",I27="分園"),"※下表に記載必要箇所あり(③)",IF(AND(G27="短時間",OR(M27="○",K27="○"),I27=""),"※下表に記載必要箇所あり(②)","※下表に記載必要箇所あり(④)")))) | AA27: =IF(AND(K27="○",Q27=""),"A","") | AB27: =IF(AND(K27="○",Q27="○"),"B","") | AC27: =IF(AND(K27="",M27="○",Q27=""),"C","") | AD27: =IF(AND(K27="",M27="○",Q27="○"),"D","") | AE27: =IF(OR(K27="○",M27="○"),"","○") -> ○ | AF27: =IF(AND(F27="５歳",G27="標準",I27="",AE27="○",Q27=""),"○","") | AG27: =IF(AND(F27="４歳",G27="標準",I27="",AE27="○",Q27=""),"○","") | AH27: =IF(AND(F27="３歳",G27="標準",I27="",AE27="○",Q27=""),"○","") | AI27: =IF(AND(F27="２歳",G27="標準",I27="",AE27="○",Q27=""),"○","") | AJ27: =IF(AND(F27="１歳",G27="標準",I27="",AE27="○",Q27=""),"○","") | AK27: =IF(AND(F27="乳児",G27="標準",I27="",AE27="○",Q27=""),"○","") | AL27: =IF(AND(F27="５歳",G27="標準",I27="",AE27="○",Q27="○"),"○","") | AM27: =IF(AND(F27="４歳",G27="標準",I27="",AE27="○",Q27="○"),"○","") | AN27: =IF(AND(F27="３歳",G27="標準",I27="",AE27="○",Q27="○"),"○","") | AO27: =IF(AND(F27="５歳",G27="標準",O27>0),"○","") | AP27: =IF(AND(F27="４歳",G27="標準",O27>0),"○","") | AQ27: =IF(AND(F27="３歳",G27="標準",O27>0),"○","") | AR27: =IF(AND(F27="２歳",G27="標準",O27>0),"○","") | AS27: =IF(AND(F27="１歳",G27="標準",O27>0),"○","") | AT27: =IF(AND(F27="乳児",G27="標準",O27>0),"○","") | AU27: =IF(AND(F27="５歳",G27="短時間",I27="",AE27="○",Q27=""),"○","") | AV27: =IF(AND(F27="４歳",G27="短時間",I27="",AE27="○",Q27=""),"○","") | AW27: =IF(AND(F27="３歳",G27="短時間",I27="",AE27="○",Q27=""),"○","") | AX27: =IF(AND(F27="２歳",G27="短時間",I27="",AE27="○",Q27=""),"○","") | AY27: =IF(AND(F27="１歳",G27="短時間",I27="",AE27="○",Q27=""),"○","") | AZ27: =IF(AND(F27="乳児",G27="短時間",I27="",AE27="○",Q27=""),"○","") | BA27: =IF(AND(F27="５歳",G27="短時間",I27="",AE27="○",Q27="○"),"○","") | BB27: =IF(AND(F27="４歳",G27="短時間",I27="",AE27="○",Q27="○"),"○","") | BC27: =IF(AND(F27="３歳",G27="短時間",I27="",AE27="○",Q27="○"),"○","") | BD27: =IF(AND(F27="２歳",G27="短時間",I27="",AE27="○",Q27="○"),"○","") | BE27: =IF(AND(F27="１歳",G27="短時間",I27="",AE27="○",Q27="○"),"○","") | BF27: =IF(AND(F27="乳児",G27="短時間",I27="",AE27="○",Q27="○"),"○","") | BG27: =IF(AND(F27="５歳",G27="短時間",I27="",O27>0),"○","") | BH27: =IF(AND(F27="４歳",G27="短時間",I27="",O27>0),"○","") | BI27: =IF(AND(F27="３歳",G27="短時間",I27="",O27>0),"○","") | BJ27: =IF(AND(F27="２歳",G27="短時間",I27="",O27>0),"○","") | BK27: =IF(AND(F27="１歳",G27="短時間",I27="",O27>0),"○","") | BL27: =IF(AND(F27="乳児",G27="短時間",I27="",O27>0),"○","") | BM27: =IF(AND(F27="５歳",I27="",AE27="○",Q27="",),"○","") | BN27: =IF(AND(F27="４歳",I27="",AE27="○",Q27="",),"○","") | BO27: =IF(AND(F27="３歳",I27="",AE27="○",Q27="",),"○","") | BP27: =IF(AND(F27="２歳",I27="",AE27="○",Q27="",),"○","") | BQ27: =IF(AND(F27="５歳",I27="",AE27="○",Q27="○",),"○","") | BR27: =IF(AND(F27="４歳",I27="",AE27="○",Q27="○",),"○","") | BS27: =IF(AND(F27="３歳",I27="",AE27="○",Q27="○",),"○","") | BT27: =IF(AND(F27="２歳",I27="",AE27="○",Q27="○",),"○","") | BU27: =IF(AND(F27="５歳",G27="教育",O27>0),"○","") | BV27: =IF(AND(F27="４歳",G27="教育",O27>0),"○","") | BW27: =IF(AND(F27="３歳",G27="教育",O27>0),"○","") | BX27: =IF(AND(F27="２歳",G27="教育",O27>0),"○","") | BY27: =IF(AND(F27="５歳",G27="標準",I27="分園",AE27="○",Q27=""),"○","") | BZ27: =IF(AND(F27="４歳",G27="標準",I27="分園",AE27="○",Q27=""),"○","") | CA27: =IF(AND(F27="３歳",G27="標準",I27="分園",AE27="○",Q27=""),"○","") | CB27: =IF(AND(F27="２歳",G27="標準",I27="分園",AE27="○",Q27=""),"○","") | CC27: =IF(AND(F27="１歳",G27="標準",I27="分園",AE27="○",Q27=""),"○","") | CD27: =IF(AND(F27="乳児",G27="標準",I27="分園",AE27="○",Q27=""),"○","") | CE27: =IF(AND(F27="５歳",G27="標準",I27="分園",AE27="○",Q27="○"),"○","") | CF27: =IF(AND(F27="４歳",G27="標準",I27="分園",AE27="○",Q27="○"),"○","") | CG27: =IF(AND(F27="３歳",G27="標準",I27="分園",AE27="○",Q27="○"),"○","") | CH27: =IF(AND(F1431="５歳",G27="教育",I27="分園",O27>0),"○","") | CI27: =IF(AND(F1431="４歳",G27="教育",I27="分園",O27>0),"○","") | CJ27: =IF(AND(F1431="３歳",G27="教育",I27="分園",O27>0),"○","") | CK27: =IF(AND(F1431="２歳",G27="教育",I27="分園",O27>0),"○","") | CL27: =IF(AND(F1431="１歳",G27="教育",I27="分園",O27>0),"○","") | CM27: =IF(AND(F1431="乳児",G27="教育",I27="分園",O27>0),"○","") | CN27: =IF(AND(F27="５歳",G27="短時間",I27="分園",AE27="○",Q27=""),"○","") | CO27: =IF(AND(F27="４歳",G27="短時間",I27="分園",AE27="○",Q27=""),"○","") | CP27: =IF(AND(F27="３歳",G27="短時間",I27="分園",AE27="○",Q27=""),"○","") | CQ27: =IF(AND(F27="２歳",G27="短時間",I27="分園",AE27="○",Q27=""),"○","") | CR27: =IF(AND(F27="１歳",G27="短時間",I27="分園",AE27="○",Q27=""),"○","") | CS27: =IF(AND(F27="乳児",G27="短時間",I27="分園",AE27="○",Q27=""),"○","") | CT27: =IF(AND(F27="５歳",G27="短時間",I27="分園",AE27="○",Q27="○"),"○","") | CU27: =IF(AND(F27="４歳",G27="短時間",I27="分園",AE27="○",Q27="○"),"○","") | CV27: =IF(AND(F27="３歳",G27="短時間",I27="分園",AE27="○",Q27="○"),"○","") | CW27: =IF(AND(F27="５歳",G27="短時間",I27="分園",O27>0),"○","") | CX27: =IF(AND(F27="４歳",G27="短時間",I27="分園",O27>0),"○","") | CY27: =IF(AND(F27="３歳",G27="短時間",I27="分園",O27>0),"○","") | CZ27: =IF(AND(F27="２歳",G27="短時間",I27="分園",O27>0),"○","") | DA27: =IF(AND(F27="１歳",G27="短時間",I27="分園",O27>0),"○","") | DB27: =IF(AND(F27="乳児",G27="短時間",I27="分園",O27>0),"○","") | DC27: =IF(AND(F27="５歳",G27="教育",I27="分園",AE27="○",Q27="",),"○","") | DD27: =IF(AND(F27="４歳",G27="教育",I27="分園",AE27="○",Q27="",),"○","") | DE27: =IF(AND(F27="３歳",G27="教育",I27="分園",AE27="○",Q27="",),"○","") | DF27: =IF(AND(F27="２歳",G27="教育",I27="分園",AE27="○",Q27="",),"○","") | DG27: =IF(AND(F27="５歳",G27="教育",I27="分園",AE27="○",Q27="○",),"○","") | DH27: =IF(AND(F27="４歳",G27="教育",I27="分園",AE27="○",Q27="○",),"○","") | DI27: =IF(AND(F27="３歳",G27="教育",I27="分園",AE27="○",Q27="○",),"○","") | DJ27: =IF(AND(F27="２歳",G27="教育",I27="分園",AE27="○",Q27="○",),"○","") | DK27: =IF(AND(F27="５歳",G27="教育",I27="分園",O27>0),"○","") | DL27: =IF(AND(F27="４歳",G27="教育",I27="分園",O27>0),"○","") | DM27: =IF(AND(F27="３歳",G27="教育",I27="分園",O27>0),"○","") | DN27: =IF(AND(F27="２歳",G27="教育",I27="分園",O27>0),"○","")
A28: =ROW()-9 -> 19 | U28: =IF(O28="","",IF(AND(G28="標準",OR(M28="○",K28="○"),I28=""),"※下表に記載必要箇所あり(①)",IF(AND(G28="標準",M28="○",I28="分園"),"※下表に記載必要箇所あり(③)",IF(AND(G28="短時間",OR(M28="○",K28="○"),I28=""),"※下表に記載必要箇所あり(②)","※下表に記載必要箇所あり(④)")))) | AA28: =IF(AND(K28="○",Q28=""),"A","") | AB28: =IF(AND(K28="○",Q28="○"),"B","") | AC28: =IF(AND(K28="",M28="○",Q28=""),"C","") | AD28: =IF(AND(K28="",M28="○",Q28="○"),"D","") | AE28: =IF(OR(K28="○",M28="○"),"","○") -> ○ | AF28: =IF(AND(F28="５歳",G28="標準",I28="",AE28="○",Q28=""),"○","") | AG28: =IF(AND(F28="４歳",G28="標準",I28="",AE28="○",Q28=""),"○","") | AH28: =IF(AND(F28="３歳",G28="標準",I28="",AE28="○",Q28=""),"○","") | AI28: =IF(AND(F28="２歳",G28="標準",I28="",AE28="○",Q28=""),"○","") | AJ28: =IF(AND(F28="１歳",G28="標準",I28="",AE28="○",Q28=""),"○","") | AK28: =IF(AND(F28="乳児",G28="標準",I28="",AE28="○",Q28=""),"○","") | AL28: =IF(AND(F28="５歳",G28="標準",I28="",AE28="○",Q28="○"),"○","") | AM28: =IF(AND(F28="４歳",G28="標準",I28="",AE28="○",Q28="○"),"○","") | AN28: =IF(AND(F28="３歳",G28="標準",I28="",AE28="○",Q28="○"),"○","") | AO28: =IF(AND(F28="５歳",G28="標準",O28>0),"○","") | AP28: =IF(AND(F28="４歳",G28="標準",O28>0),"○","") | AQ28: =IF(AND(F28="３歳",G28="標準",O28>0),"○","") | AR28: =IF(AND(F28="２歳",G28="標準",O28>0),"○","") | AS28: =IF(AND(F28="１歳",G28="標準",O28>0),"○","") | AT28: =IF(AND(F28="乳児",G28="標準",O28>0),"○","") | AU28: =IF(AND(F28="５歳",G28="短時間",I28="",AE28="○",Q28=""),"○","") | AV28: =IF(AND(F28="４歳",G28="短時間",I28="",AE28="○",Q28=""),"○","") | AW28: =IF(AND(F28="３歳",G28="短時間",I28="",AE28="○",Q28=""),"○","") | AX28: =IF(AND(F28="２歳",G28="短時間",I28="",AE28="○",Q28=""),"○","") | AY28: =IF(AND(F28="１歳",G28="短時間",I28="",AE28="○",Q28=""),"○","") | AZ28: =IF(AND(F28="乳児",G28="短時間",I28="",AE28="○",Q28=""),"○","") | BA28: =IF(AND(F28="５歳",G28="短時間",I28="",AE28="○",Q28="○"),"○","") | BB28: =IF(AND(F28="４歳",G28="短時間",I28="",AE28="○",Q28="○"),"○","") | BC28: =IF(AND(F28="３歳",G28="短時間",I28="",AE28="○",Q28="○"),"○","") | BD28: =IF(AND(F28="２歳",G28="短時間",I28="",AE28="○",Q28="○"),"○","") | BE28: =IF(AND(F28="１歳",G28="短時間",I28="",AE28="○",Q28="○"),"○","") | BF28: =IF(AND(F28="乳児",G28="短時間",I28="",AE28="○",Q28="○"),"○","") | BG28: =IF(AND(F28="５歳",G28="短時間",I28="",O28>0),"○","") | BH28: =IF(AND(F28="４歳",G28="短時間",I28="",O28>0),"○","") | BI28: =IF(AND(F28="３歳",G28="短時間",I28="",O28>0),"○","") | BJ28: =IF(AND(F28="２歳",G28="短時間",I28="",O28>0),"○","") | BK28: =IF(AND(F28="１歳",G28="短時間",I28="",O28>0),"○","") | BL28: =IF(AND(F28="乳児",G28="短時間",I28="",O28>0),"○","") | BM28: =IF(AND(F28="５歳",I28="",AE28="○",Q28="",),"○","") | BN28: =IF(AND(F28="４歳",I28="",AE28="○",Q28="",),"○","") | BO28: =IF(AND(F28="３歳",I28="",AE28="○",Q28="",),"○","") | BP28: =IF(AND(F28="２歳",I28="",AE28="○",Q28="",),"○","") | BQ28: =IF(AND(F28="５歳",I28="",AE28="○",Q28="○",),"○","") | BR28: =IF(AND(F28="４歳",I28="",AE28="○",Q28="○",),"○","") | BS28: =IF(AND(F28="３歳",I28="",AE28="○",Q28="○",),"○","") | BT28: =IF(AND(F28="２歳",I28="",AE28="○",Q28="○",),"○","") | BU28: =IF(AND(F28="５歳",G28="教育",O28>0),"○","") | BV28: =IF(AND(F28="４歳",G28="教育",O28>0),"○","") | BW28: =IF(AND(F28="３歳",G28="教育",O28>0),"○","") | BX28: =IF(AND(F28="２歳",G28="教育",O28>0),"○","") | BY28: =IF(AND(F28="５歳",G28="標準",I28="分園",AE28="○",Q28=""),"○","") | BZ28: =IF(AND(F28="４歳",G28="標準",I28="分園",AE28="○",Q28=""),"○","") | CA28: =IF(AND(F28="３歳",G28="標準",I28="分園",AE28="○",Q28=""),"○","") | CB28: =IF(AND(F28="２歳",G28="標準",I28="分園",AE28="○",Q28=""),"○","") | CC28: =IF(AND(F28="１歳",G28="標準",I28="分園",AE28="○",Q28=""),"○","") | CD28: =IF(AND(F28="乳児",G28="標準",I28="分園",AE28="○",Q28=""),"○","") | CE28: =IF(AND(F28="５歳",G28="標準",I28="分園",AE28="○",Q28="○"),"○","") | CF28: =IF(AND(F28="４歳",G28="標準",I28="分園",AE28="○",Q28="○"),"○","") | CG28: =IF(AND(F28="３歳",G28="標準",I28="分園",AE28="○",Q28="○"),"○","") | CH28: =IF(AND(F1432="５歳",G28="教育",I28="分園",O28>0),"○","") | CI28: =IF(AND(F1432="４歳",G28="教育",I28="分園",O28>0),"○","") | CJ28: =IF(AND(F1432="３歳",G28="教育",I28="分園",O28>0),"○","") | CK28: =IF(AND(F1432="２歳",G28="教育",I28="分園",O28>0),"○","") | CL28: =IF(AND(F1432="１歳",G28="教育",I28="分園",O28>0),"○","") | CM28: =IF(AND(F1432="乳児",G28="教育",I28="分園",O28>0),"○","") | CN28: =IF(AND(F28="５歳",G28="短時間",I28="分園",AE28="○",Q28=""),"○","") | CO28: =IF(AND(F28="４歳",G28="短時間",I28="分園",AE28="○",Q28=""),"○","") | CP28: =IF(AND(F28="３歳",G28="短時間",I28="分園",AE28="○",Q28=""),"○","") | CQ28: =IF(AND(F28="２歳",G28="短時間",I28="分園",AE28="○",Q28=""),"○","") | CR28: =IF(AND(F28="１歳",G28="短時間",I28="分園",AE28="○",Q28=""),"○","") | CS28: =IF(AND(F28="乳児",G28="短時間",I28="分園",AE28="○",Q28=""),"○","") | CT28: =IF(AND(F28="５歳",G28="短時間",I28="分園",AE28="○",Q28="○"),"○","") | CU28: =IF(AND(F28="４歳",G28="短時間",I28="分園",AE28="○",Q28="○"),"○","") | CV28: =IF(AND(F28="３歳",G28="短時間",I28="分園",AE28="○",Q28="○"),"○","") | CW28: =IF(AND(F28="５歳",G28="短時間",I28="分園",O28>0),"○","") | CX28: =IF(AND(F28="４歳",G28="短時間",I28="分園",O28>0),"○","") | CY28: =IF(AND(F28="３歳",G28="短時間",I28="分園",O28>0),"○","") | CZ28: =IF(AND(F28="２歳",G28="短時間",I28="分園",O28>0),"○","") | DA28: =IF(AND(F28="１歳",G28="短時間",I28="分園",O28>0),"○","") | DB28: =IF(AND(F28="乳児",G28="短時間",I28="分園",O28>0),"○","") | DC28: =IF(AND(F28="５歳",G28="教育",I28="分園",AE28="○",Q28="",),"○","") | DD28: =IF(AND(F28="４歳",G28="教育",I28="分園",AE28="○",Q28="",),"○","") | DE28: =IF(AND(F28="３歳",G28="教育",I28="分園",AE28="○",Q28="",),"○","") | DF28: =IF(AND(F28="２歳",G28="教育",I28="分園",AE28="○",Q28="",),"○","") | DG28: =IF(AND(F28="５歳",G28="教育",I28="分園",AE28="○",Q28="○",),"○","") | DH28: =IF(AND(F28="４歳",G28="教育",I28="分園",AE28="○",Q28="○",),"○","") | DI28: =IF(AND(F28="３歳",G28="教育",I28="分園",AE28="○",Q28="○",),"○","") | DJ28: =IF(AND(F28="２歳",G28="教育",I28="分園",AE28="○",Q28="○",),"○","") | DK28: =IF(AND(F28="５歳",G28="教育",I28="分園",O28>0),"○","") | DL28: =IF(AND(F28="４歳",G28="教育",I28="分園",O28>0),"○","") | DM28: =IF(AND(F28="３歳",G28="教育",I28="分園",O28>0),"○","") | DN28: =IF(AND(F28="２歳",G28="教育",I28="分園",O28>0),"○","")
A29: =ROW()-9 -> 20 | U29: =IF(O29="","",IF(AND(G29="標準",OR(M29="○",K29="○"),I29=""),"※下表に記載必要箇所あり(①)",IF(AND(G29="標準",M29="○",I29="分園"),"※下表に記載必要箇所あり(③)",IF(AND(G29="短時間",OR(M29="○",K29="○"),I29=""),"※下表に記載必要箇所あり(②)","※下表に記載必要箇所あり(④)")))) | AA29: =IF(AND(K29="○",Q29=""),"A","") | AB29: =IF(AND(K29="○",Q29="○"),"B","") | AC29: =IF(AND(K29="",M29="○",Q29=""),"C","") | AD29: =IF(AND(K29="",M29="○",Q29="○"),"D","") | AE29: =IF(OR(K29="○",M29="○"),"","○") -> ○ | AF29: =IF(AND(F29="５歳",G29="標準",I29="",AE29="○",Q29=""),"○","") | AG29: =IF(AND(F29="４歳",G29="標準",I29="",AE29="○",Q29=""),"○","") | AH29: =IF(AND(F29="３歳",G29="標準",I29="",AE29="○",Q29=""),"○","") | AI29: =IF(AND(F29="２歳",G29="標準",I29="",AE29="○",Q29=""),"○","") | AJ29: =IF(AND(F29="１歳",G29="標準",I29="",AE29="○",Q29=""),"○","") | AK29: =IF(AND(F29="乳児",G29="標準",I29="",AE29="○",Q29=""),"○","") | AL29: =IF(AND(F29="５歳",G29="標準",I29="",AE29="○",Q29="○"),"○","") | AM29: =IF(AND(F29="４歳",G29="標準",I29="",AE29="○",Q29="○"),"○","") | AN29: =IF(AND(F29="３歳",G29="標準",I29="",AE29="○",Q29="○"),"○","") | AO29: =IF(AND(F29="５歳",G29="標準",O29>0),"○","") | AP29: =IF(AND(F29="４歳",G29="標準",O29>0),"○","") | AQ29: =IF(AND(F29="３歳",G29="標準",O29>0),"○","") | AR29: =IF(AND(F29="２歳",G29="標準",O29>0),"○","") | AS29: =IF(AND(F29="１歳",G29="標準",O29>0),"○","") | AT29: =IF(AND(F29="乳児",G29="標準",O29>0),"○","") | AU29: =IF(AND(F29="５歳",G29="短時間",I29="",AE29="○",Q29=""),"○","") | AV29: =IF(AND(F29="４歳",G29="短時間",I29="",AE29="○",Q29=""),"○","") | AW29: =IF(AND(F29="３歳",G29="短時間",I29="",AE29="○",Q29=""),"○","") | AX29: =IF(AND(F29="２歳",G29="短時間",I29="",AE29="○",Q29=""),"○","") | AY29: =IF(AND(F29="１歳",G29="短時間",I29="",AE29="○",Q29=""),"○","") | AZ29: =IF(AND(F29="乳児",G29="短時間",I29="",AE29="○",Q29=""),"○","") | BA29: =IF(AND(F29="５歳",G29="短時間",I29="",AE29="○",Q29="○"),"○","") | BB29: =IF(AND(F29="４歳",G29="短時間",I29="",AE29="○",Q29="○"),"○","") | BC29: =IF(AND(F29="３歳",G29="短時間",I29="",AE29="○",Q29="○"),"○","") | BD29: =IF(AND(F29="２歳",G29="短時間",I29="",AE29="○",Q29="○"),"○","") | BE29: =IF(AND(F29="１歳",G29="短時間",I29="",AE29="○",Q29="○"),"○","") | BF29: =IF(AND(F29="乳児",G29="短時間",I29="",AE29="○",Q29="○"),"○","") | BG29: =IF(AND(F29="５歳",G29="短時間",I29="",O29>0),"○","") | BH29: =IF(AND(F29="４歳",G29="短時間",I29="",O29>0),"○","") | BI29: =IF(AND(F29="３歳",G29="短時間",I29="",O29>0),"○","") | BJ29: =IF(AND(F29="２歳",G29="短時間",I29="",O29>0),"○","") | BK29: =IF(AND(F29="１歳",G29="短時間",I29="",O29>0),"○","") | BL29: =IF(AND(F29="乳児",G29="短時間",I29="",O29>0),"○","") | BM29: =IF(AND(F29="５歳",I29="",AE29="○",Q29="",),"○","") | BN29: =IF(AND(F29="４歳",I29="",AE29="○",Q29="",),"○","") | BO29: =IF(AND(F29="３歳",I29="",AE29="○",Q29="",),"○","") | BP29: =IF(AND(F29="２歳",I29="",AE29="○",Q29="",),"○","") | BQ29: =IF(AND(F29="５歳",I29="",AE29="○",Q29="○",),"○","") | BR29: =IF(AND(F29="４歳",I29="",AE29="○",Q29="○",),"○","") | BS29: =IF(AND(F29="３歳",I29="",AE29="○",Q29="○",),"○","") | BT29: =IF(AND(F29="２歳",I29="",AE29="○",Q29="○",),"○","") | BU29: =IF(AND(F29="５歳",G29="教育",O29>0),"○","") | BV29: =IF(AND(F29="４歳",G29="教育",O29>0),"○","") | BW29: =IF(AND(F29="３歳",G29="教育",O29>0),"○","") | BX29: =IF(AND(F29="２歳",G29="教育",O29>0),"○","") | BY29: =IF(AND(F29="５歳",G29="標準",I29="分園",AE29="○",Q29=""),"○","") | BZ29: =IF(AND(F29="４歳",G29="標準",I29="分園",AE29="○",Q29=""),"○","") | CA29: =IF(AND(F29="３歳",G29="標準",I29="分園",AE29="○",Q29=""),"○","") | CB29: =IF(AND(F29="２歳",G29="標準",I29="分園",AE29="○",Q29=""),"○","") | CC29: =IF(AND(F29="１歳",G29="標準",I29="分園",AE29="○",Q29=""),"○","") | CD29: =IF(AND(F29="乳児",G29="標準",I29="分園",AE29="○",Q29=""),"○","") | CE29: =IF(AND(F29="５歳",G29="標準",I29="分園",AE29="○",Q29="○"),"○","") | CF29: =IF(AND(F29="４歳",G29="標準",I29="分園",AE29="○",Q29="○"),"○","") | CG29: =IF(AND(F29="３歳",G29="標準",I29="分園",AE29="○",Q29="○"),"○","") | CH29: =IF(AND(F1433="５歳",G29="教育",I29="分園",O29>0),"○","") | CI29: =IF(AND(F1433="４歳",G29="教育",I29="分園",O29>0),"○","") | CJ29: =IF(AND(F1433="３歳",G29="教育",I29="分園",O29>0),"○","") | CK29: =IF(AND(F1433="２歳",G29="教育",I29="分園",O29>0),"○","") | CL29: =IF(AND(F1433="１歳",G29="教育",I29="分園",O29>0),"○","") | CM29: =IF(AND(F1433="乳児",G29="教育",I29="分園",O29>0),"○","") | CN29: =IF(AND(F29="５歳",G29="短時間",I29="分園",AE29="○",Q29=""),"○","") | CO29: =IF(AND(F29="４歳",G29="短時間",I29="分園",AE29="○",Q29=""),"○","") | CP29: =IF(AND(F29="３歳",G29="短時間",I29="分園",AE29="○",Q29=""),"○","") | CQ29: =IF(AND(F29="２歳",G29="短時間",I29="分園",AE29="○",Q29=""),"○","") | CR29: =IF(AND(F29="１歳",G29="短時間",I29="分園",AE29="○",Q29=""),"○","") | CS29: =IF(AND(F29="乳児",G29="短時間",I29="分園",AE29="○",Q29=""),"○","") | CT29: =IF(AND(F29="５歳",G29="短時間",I29="分園",AE29="○",Q29="○"),"○","") | CU29: =IF(AND(F29="４歳",G29="短時間",I29="分園",AE29="○",Q29="○"),"○","") | CV29: =IF(AND(F29="３歳",G29="短時間",I29="分園",AE29="○",Q29="○"),"○","") | CW29: =IF(AND(F29="５歳",G29="短時間",I29="分園",O29>0),"○","") | CX29: =IF(AND(F29="４歳",G29="短時間",I29="分園",O29>0),"○","") | CY29: =IF(AND(F29="３歳",G29="短時間",I29="分園",O29>0),"○","") | CZ29: =IF(AND(F29="２歳",G29="短時間",I29="分園",O29>0),"○","") | DA29: =IF(AND(F29="１歳",G29="短時間",I29="分園",O29>0),"○","") | DB29: =IF(AND(F29="乳児",G29="短時間",I29="分園",O29>0),"○","") | DC29: =IF(AND(F29="５歳",G29="教育",I29="分園",AE29="○",Q29="",),"○","") | DD29: =IF(AND(F29="４歳",G29="教育",I29="分園",AE29="○",Q29="",),"○","") | DE29: =IF(AND(F29="３歳",G29="教育",I29="分園",AE29="○",Q29="",),"○","") | DF29: =IF(AND(F29="２歳",G29="教育",I29="分園",AE29="○",Q29="",),"○","") | DG29: =IF(AND(F29="５歳",G29="教育",I29="分園",AE29="○",Q29="○",),"○","") | DH29: =IF(AND(F29="４歳",G29="教育",I29="分園",AE29="○",Q29="○",),"○","") | DI29: =IF(AND(F29="３歳",G29="教育",I29="分園",AE29="○",Q29="○",),"○","") | DJ29: =IF(AND(F29="２歳",G29="教育",I29="分園",AE29="○",Q29="○",),"○","") | DK29: =IF(AND(F29="５歳",G29="教育",I29="分園",O29>0),"○","") | DL29: =IF(AND(F29="４歳",G29="教育",I29="分園",O29>0),"○","") | DM29: =IF(AND(F29="３歳",G29="教育",I29="分園",O29>0),"○","") | DN29: =IF(AND(F29="２歳",G29="教育",I29="分園",O29>0),"○","")
A30: =ROW()-9 -> 21 | U30: =IF(O30="","",IF(AND(G30="標準",OR(M30="○",K30="○"),I30=""),"※下表に記載必要箇所あり(①)",IF(AND(G30="標準",M30="○",I30="分園"),"※下表に記載必要箇所あり(③)",IF(AND(G30="短時間",OR(M30="○",K30="○"),I30=""),"※下表に記載必要箇所あり(②)","※下表に記載必要箇所あり(④)")))) | AA30: =IF(AND(K30="○",Q30=""),"A","") | AB30: =IF(AND(K30="○",Q30="○"),"B","") | AC30: =IF(AND(K30="",M30="○",Q30=""),"C","") | AD30: =IF(AND(K30="",M30="○",Q30="○"),"D","") | AE30: =IF(OR(K30="○",M30="○"),"","○") -> ○ | AF30: =IF(AND(F30="５歳",G30="標準",I30="",AE30="○",Q30=""),"○","") | AG30: =IF(AND(F30="４歳",G30="標準",I30="",AE30="○",Q30=""),"○","") | AH30: =IF(AND(F30="３歳",G30="標準",I30="",AE30="○",Q30=""),"○","") | AI30: =IF(AND(F30="２歳",G30="標準",I30="",AE30="○",Q30=""),"○","") | AJ30: =IF(AND(F30="１歳",G30="標準",I30="",AE30="○",Q30=""),"○","") | AK30: =IF(AND(F30="乳児",G30="標準",I30="",AE30="○",Q30=""),"○","") | AL30: =IF(AND(F30="５歳",G30="標準",I30="",AE30="○",Q30="○"),"○","") | AM30: =IF(AND(F30="４歳",G30="標準",I30="",AE30="○",Q30="○"),"○","") | AN30: =IF(AND(F30="３歳",G30="標準",I30="",AE30="○",Q30="○"),"○","") | AO30: =IF(AND(F30="５歳",G30="標準",O30>0),"○","") | AP30: =IF(AND(F30="４歳",G30="標準",O30>0),"○","") | AQ30: =IF(AND(F30="３歳",G30="標準",O30>0),"○","") | AR30: =IF(AND(F30="２歳",G30="標準",O30>0),"○","") | AS30: =IF(AND(F30="１歳",G30="標準",O30>0),"○","") | AT30: =IF(AND(F30="乳児",G30="標準",O30>0),"○","") | AU30: =IF(AND(F30="５歳",G30="短時間",I30="",AE30="○",Q30=""),"○","") | AV30: =IF(AND(F30="４歳",G30="短時間",I30="",AE30="○",Q30=""),"○","") | AW30: =IF(AND(F30="３歳",G30="短時間",I30="",AE30="○",Q30=""),"○","") | AX30: =IF(AND(F30="２歳",G30="短時間",I30="",AE30="○",Q30=""),"○","") | AY30: =IF(AND(F30="１歳",G30="短時間",I30="",AE30="○",Q30=""),"○","") | AZ30: =IF(AND(F30="乳児",G30="短時間",I30="",AE30="○",Q30=""),"○","") | BA30: =IF(AND(F30="５歳",G30="短時間",I30="",AE30="○",Q30="○"),"○","") | BB30: =IF(AND(F30="４歳",G30="短時間",I30="",AE30="○",Q30="○"),"○","") | BC30: =IF(AND(F30="３歳",G30="短時間",I30="",AE30="○",Q30="○"),"○","") | BD30: =IF(AND(F30="２歳",G30="短時間",I30="",AE30="○",Q30="○"),"○","") | BE30: =IF(AND(F30="１歳",G30="短時間",I30="",AE30="○",Q30="○"),"○","") | BF30: =IF(AND(F30="乳児",G30="短時間",I30="",AE30="○",Q30="○"),"○","") | BG30: =IF(AND(F30="５歳",G30="短時間",I30="",O30>0),"○","") | BH30: =IF(AND(F30="４歳",G30="短時間",I30="",O30>0),"○","") | BI30: =IF(AND(F30="３歳",G30="短時間",I30="",O30>0),"○","") | BJ30: =IF(AND(F30="２歳",G30="短時間",I30="",O30>0),"○","") | BK30: =IF(AND(F30="１歳",G30="短時間",I30="",O30>0),"○","") | BL30: =IF(AND(F30="乳児",G30="短時間",I30="",O30>0),"○","") | BM30: =IF(AND(F30="５歳",I30="",AE30="○",Q30="",),"○","") | BN30: =IF(AND(F30="４歳",I30="",AE30="○",Q30="",),"○","") | BO30: =IF(AND(F30="３歳",I30="",AE30="○",Q30="",),"○","") | BP30: =IF(AND(F30="２歳",I30="",AE30="○",Q30="",),"○","") | BQ30: =IF(AND(F30="５歳",I30="",AE30="○",Q30="○",),"○","") | BR30: =IF(AND(F30="４歳",I30="",AE30="○",Q30="○",),"○","") | BS30: =IF(AND(F30="３歳",I30="",AE30="○",Q30="○",),"○","") | BT30: =IF(AND(F30="２歳",I30="",AE30="○",Q30="○",),"○","") | BU30: =IF(AND(F30="５歳",G30="教育",O30>0),"○","") | BV30: =IF(AND(F30="４歳",G30="教育",O30>0),"○","") | BW30: =IF(AND(F30="３歳",G30="教育",O30>0),"○","") | BX30: =IF(AND(F30="２歳",G30="教育",O30>0),"○","") | BY30: =IF(AND(F30="５歳",G30="標準",I30="分園",AE30="○",Q30=""),"○","") | BZ30: =IF(AND(F30="４歳",G30="標準",I30="分園",AE30="○",Q30=""),"○","") | CA30: =IF(AND(F30="３歳",G30="標準",I30="分園",AE30="○",Q30=""),"○","") | CB30: =IF(AND(F30="２歳",G30="標準",I30="分園",AE30="○",Q30=""),"○","") | CC30: =IF(AND(F30="１歳",G30="標準",I30="分園",AE30="○",Q30=""),"○","") | CD30: =IF(AND(F30="乳児",G30="標準",I30="分園",AE30="○",Q30=""),"○","") | CE30: =IF(AND(F30="５歳",G30="標準",I30="分園",AE30="○",Q30="○"),"○","") | CF30: =IF(AND(F30="４歳",G30="標準",I30="分園",AE30="○",Q30="○"),"○","") | CG30: =IF(AND(F30="３歳",G30="標準",I30="分園",AE30="○",Q30="○"),"○","") | CH30: =IF(AND(F1434="５歳",G30="教育",I30="分園",O30>0),"○","") | CI30: =IF(AND(F1434="４歳",G30="教育",I30="分園",O30>0),"○","") | CJ30: =IF(AND(F1434="３歳",G30="教育",I30="分園",O30>0),"○","") | CK30: =IF(AND(F1434="２歳",G30="教育",I30="分園",O30>0),"○","") | CL30: =IF(AND(F1434="１歳",G30="教育",I30="分園",O30>0),"○","") | CM30: =IF(AND(F1434="乳児",G30="教育",I30="分園",O30>0),"○","") | CN30: =IF(AND(F30="５歳",G30="短時間",I30="分園",AE30="○",Q30=""),"○","") | CO30: =IF(AND(F30="４歳",G30="短時間",I30="分園",AE30="○",Q30=""),"○","") | CP30: =IF(AND(F30="３歳",G30="短時間",I30="分園",AE30="○",Q30=""),"○","") | CQ30: =IF(AND(F30="２歳",G30="短時間",I30="分園",AE30="○",Q30=""),"○","") | CR30: =IF(AND(F30="１歳",G30="短時間",I30="分園",AE30="○",Q30=""),"○","") | CS30: =IF(AND(F30="乳児",G30="短時間",I30="分園",AE30="○",Q30=""),"○","") | CT30: =IF(AND(F30="５歳",G30="短時間",I30="分園",AE30="○",Q30="○"),"○","") | CU30: =IF(AND(F30="４歳",G30="短時間",I30="分園",AE30="○",Q30="○"),"○","") | CV30: =IF(AND(F30="３歳",G30="短時間",I30="分園",AE30="○",Q30="○"),"○","") | CW30: =IF(AND(F30="５歳",G30="短時間",I30="分園",O30>0),"○","") | CX30: =IF(AND(F30="４歳",G30="短時間",I30="分園",O30>0),"○","") | CY30: =IF(AND(F30="３歳",G30="短時間",I30="分園",O30>0),"○","") | CZ30: =IF(AND(F30="２歳",G30="短時間",I30="分園",O30>0),"○","") | DA30: =IF(AND(F30="１歳",G30="短時間",I30="分園",O30>0),"○","") | DB30: =IF(AND(F30="乳児",G30="短時間",I30="分園",O30>0),"○","") | DC30: =IF(AND(F30="５歳",G30="教育",I30="分園",AE30="○",Q30="",),"○","") | DD30: =IF(AND(F30="４歳",G30="教育",I30="分園",AE30="○",Q30="",),"○","") | DE30: =IF(AND(F30="３歳",G30="教育",I30="分園",AE30="○",Q30="",),"○","") | DF30: =IF(AND(F30="２歳",G30="教育",I30="分園",AE30="○",Q30="",),"○","") | DG30: =IF(AND(F30="５歳",G30="教育",I30="分園",AE30="○",Q30="○",),"○","") | DH30: =IF(AND(F30="４歳",G30="教育",I30="分園",AE30="○",Q30="○",),"○","") | DI30: =IF(AND(F30="３歳",G30="教育",I30="分園",AE30="○",Q30="○",),"○","") | DJ30: =IF(AND(F30="２歳",G30="教育",I30="分園",AE30="○",Q30="○",),"○","") | DK30: =IF(AND(F30="５歳",G30="教育",I30="分園",O30>0),"○","") | DL30: =IF(AND(F30="４歳",G30="教育",I30="分園",O30>0),"○","") | DM30: =IF(AND(F30="３歳",G30="教育",I30="分園",O30>0),"○","") | DN30: =IF(AND(F30="２歳",G30="教育",I30="分園",O30>0),"○","")
A31: =ROW()-9 -> 22 | U31: =IF(O31="","",IF(AND(G31="標準",OR(M31="○",K31="○"),I31=""),"※下表に記載必要箇所あり(①)",IF(AND(G31="標準",M31="○",I31="分園"),"※下表に記載必要箇所あり(③)",IF(AND(G31="短時間",OR(M31="○",K31="○"),I31=""),"※下表に記載必要箇所あり(②)","※下表に記載必要箇所あり(④)")))) | AA31: =IF(AND(K31="○",Q31=""),"A","") | AB31: =IF(AND(K31="○",Q31="○"),"B","") | AC31: =IF(AND(K31="",M31="○",Q31=""),"C","") | AD31: =IF(AND(K31="",M31="○",Q31="○"),"D","") | AE31: =IF(OR(K31="○",M31="○"),"","○") -> ○ | AF31: =IF(AND(F31="５歳",G31="標準",I31="",AE31="○",Q31=""),"○","") | AG31: =IF(AND(F31="４歳",G31="標準",I31="",AE31="○",Q31=""),"○","") | AH31: =IF(AND(F31="３歳",G31="標準",I31="",AE31="○",Q31=""),"○","") | AI31: =IF(AND(F31="２歳",G31="標準",I31="",AE31="○",Q31=""),"○","") | AJ31: =IF(AND(F31="１歳",G31="標準",I31="",AE31="○",Q31=""),"○","") | AK31: =IF(AND(F31="乳児",G31="標準",I31="",AE31="○",Q31=""),"○","") | AL31: =IF(AND(F31="５歳",G31="標準",I31="",AE31="○",Q31="○"),"○","") | AM31: =IF(AND(F31="４歳",G31="標準",I31="",AE31="○",Q31="○"),"○","") | AN31: =IF(AND(F31="３歳",G31="標準",I31="",AE31="○",Q31="○"),"○","") | AO31: =IF(AND(F31="５歳",G31="標準",O31>0),"○","") | AP31: =IF(AND(F31="４歳",G31="標準",O31>0),"○","") | AQ31: =IF(AND(F31="３歳",G31="標準",O31>0),"○","") | AR31: =IF(AND(F31="２歳",G31="標準",O31>0),"○","") | AS31: =IF(AND(F31="１歳",G31="標準",O31>0),"○","") | AT31: =IF(AND(F31="乳児",G31="標準",O31>0),"○","") | AU31: =IF(AND(F31="５歳",G31="短時間",I31="",AE31="○",Q31=""),"○","") | AV31: =IF(AND(F31="４歳",G31="短時間",I31="",AE31="○",Q31=""),"○","") | AW31: =IF(AND(F31="３歳",G31="短時間",I31="",AE31="○",Q31=""),"○","") | AX31: =IF(AND(F31="２歳",G31="短時間",I31="",AE31="○",Q31=""),"○","") | AY31: =IF(AND(F31="１歳",G31="短時間",I31="",AE31="○",Q31=""),"○","") | AZ31: =IF(AND(F31="乳児",G31="短時間",I31="",AE31="○",Q31=""),"○","") | BA31: =IF(AND(F31="５歳",G31="短時間",I31="",AE31="○",Q31="○"),"○","") | BB31: =IF(AND(F31="４歳",G31="短時間",I31="",AE31="○",Q31="○"),"○","") | BC31: =IF(AND(F31="３歳",G31="短時間",I31="",AE31="○",Q31="○"),"○","") | BD31: =IF(AND(F31="２歳",G31="短時間",I31="",AE31="○",Q31="○"),"○","") | BE31: =IF(AND(F31="１歳",G31="短時間",I31="",AE31="○",Q31="○"),"○","") | BF31: =IF(AND(F31="乳児",G31="短時間",I31="",AE31="○",Q31="○"),"○","") | BG31: =IF(AND(F31="５歳",G31="短時間",I31="",O31>0),"○","") | BH31: =IF(AND(F31="４歳",G31="短時間",I31="",O31>0),"○","") | BI31: =IF(AND(F31="３歳",G31="短時間",I31="",O31>0),"○","") | BJ31: =IF(AND(F31="２歳",G31="短時間",I31="",O31>0),"○","") | BK31: =IF(AND(F31="１歳",G31="短時間",I31="",O31>0),"○","") | BL31: =IF(AND(F31="乳児",G31="短時間",I31="",O31>0),"○","") | BM31: =IF(AND(F31="５歳",I31="",AE31="○",Q31="",),"○","") | BN31: =IF(AND(F31="４歳",I31="",AE31="○",Q31="",),"○","") | BO31: =IF(AND(F31="３歳",I31="",AE31="○",Q31="",),"○","") | BP31: =IF(AND(F31="２歳",I31="",AE31="○",Q31="",),"○","") | BQ31: =IF(AND(F31="５歳",I31="",AE31="○",Q31="○",),"○","") | BR31: =IF(AND(F31="４歳",I31="",AE31="○",Q31="○",),"○","") | BS31: =IF(AND(F31="３歳",I31="",AE31="○",Q31="○",),"○","") | BT31: =IF(AND(F31="２歳",I31="",AE31="○",Q31="○",),"○","") | BU31: =IF(AND(F31="５歳",G31="教育",O31>0),"○","") | BV31: =IF(AND(F31="４歳",G31="教育",O31>0),"○","") | BW31: =IF(AND(F31="３歳",G31="教育",O31>0),"○","") | BX31: =IF(AND(F31="２歳",G31="教育",O31>0),"○","") | BY31: =IF(AND(F31="５歳",G31="標準",I31="分園",AE31="○",Q31=""),"○","") | BZ31: =IF(AND(F31="４歳",G31="標準",I31="分園",AE31="○",Q31=""),"○","") | CA31: =IF(AND(F31="３歳",G31="標準",I31="分園",AE31="○",Q31=""),"○","") | CB31: =IF(AND(F31="２歳",G31="標準",I31="分園",AE31="○",Q31=""),"○","") | CC31: =IF(AND(F31="１歳",G31="標準",I31="分園",AE31="○",Q31=""),"○","") | CD31: =IF(AND(F31="乳児",G31="標準",I31="分園",AE31="○",Q31=""),"○","") | CE31: =IF(AND(F31="５歳",G31="標準",I31="分園",AE31="○",Q31="○"),"○","") | CF31: =IF(AND(F31="４歳",G31="標準",I31="分園",AE31="○",Q31="○"),"○","") | CG31: =IF(AND(F31="３歳",G31="標準",I31="分園",AE31="○",Q31="○"),"○","") | CH31: =IF(AND(F1435="５歳",G31="教育",I31="分園",O31>0),"○","") | CI31: =IF(AND(F1435="４歳",G31="教育",I31="分園",O31>0),"○","") | CJ31: =IF(AND(F1435="３歳",G31="教育",I31="分園",O31>0),"○","") | CK31: =IF(AND(F1435="２歳",G31="教育",I31="分園",O31>0),"○","") | CL31: =IF(AND(F1435="１歳",G31="教育",I31="分園",O31>0),"○","") | CM31: =IF(AND(F1435="乳児",G31="教育",I31="分園",O31>0),"○","") | CN31: =IF(AND(F31="５歳",G31="短時間",I31="分園",AE31="○",Q31=""),"○","") | CO31: =IF(AND(F31="４歳",G31="短時間",I31="分園",AE31="○",Q31=""),"○","") | CP31: =IF(AND(F31="３歳",G31="短時間",I31="分園",AE31="○",Q31=""),"○","") | CQ31: =IF(AND(F31="２歳",G31="短時間",I31="分園",AE31="○",Q31=""),"○","") | CR31: =IF(AND(F31="１歳",G31="短時間",I31="分園",AE31="○",Q31=""),"○","") | CS31: =IF(AND(F31="乳児",G31="短時間",I31="分園",AE31="○",Q31=""),"○","") | CT31: =IF(AND(F31="５歳",G31="短時間",I31="分園",AE31="○",Q31="○"),"○","") | CU31: =IF(AND(F31="４歳",G31="短時間",I31="分園",AE31="○",Q31="○"),"○","") | CV31: =IF(AND(F31="３歳",G31="短時間",I31="分園",AE31="○",Q31="○"),"○","") | CW31: =IF(AND(F31="５歳",G31="短時間",I31="分園",O31>0),"○","") | CX31: =IF(AND(F31="４歳",G31="短時間",I31="分園",O31>0),"○","") | CY31: =IF(AND(F31="３歳",G31="短時間",I31="分園",O31>0),"○","") | CZ31: =IF(AND(F31="２歳",G31="短時間",I31="分園",O31>0),"○","") | DA31: =IF(AND(F31="１歳",G31="短時間",I31="分園",O31>0),"○","") | DB31: =IF(AND(F31="乳児",G31="短時間",I31="分園",O31>0),"○","") | DC31: =IF(AND(F31="５歳",G31="教育",I31="分園",AE31="○",Q31="",),"○","") | DD31: =IF(AND(F31="４歳",G31="教育",I31="分園",AE31="○",Q31="",),"○","") | DE31: =IF(AND(F31="３歳",G31="教育",I31="分園",AE31="○",Q31="",),"○","") | DF31: =IF(AND(F31="２歳",G31="教育",I31="分園",AE31="○",Q31="",),"○","") | DG31: =IF(AND(F31="５歳",G31="教育",I31="分園",AE31="○",Q31="○",),"○","") | DH31: =IF(AND(F31="４歳",G31="教育",I31="分園",AE31="○",Q31="○",),"○","") | DI31: =IF(AND(F31="３歳",G31="教育",I31="分園",AE31="○",Q31="○",),"○","") | DJ31: =IF(AND(F31="２歳",G31="教育",I31="分園",AE31="○",Q31="○",),"○","") | DK31: =IF(AND(F31="５歳",G31="教育",I31="分園",O31>0),"○","") | DL31: =IF(AND(F31="４歳",G31="教育",I31="分園",O31>0),"○","") | DM31: =IF(AND(F31="３歳",G31="教育",I31="分園",O31>0),"○","") | DN31: =IF(AND(F31="２歳",G31="教育",I31="分園",O31>0),"○","")
A32: =ROW()-9 -> 23 | U32: =IF(O32="","",IF(AND(G32="標準",OR(M32="○",K32="○"),I32=""),"※下表に記載必要箇所あり(①)",IF(AND(G32="標準",M32="○",I32="分園"),"※下表に記載必要箇所あり(③)",IF(AND(G32="短時間",OR(M32="○",K32="○"),I32=""),"※下表に記載必要箇所あり(②)","※下表に記載必要箇所あり(④)")))) | AA32: =IF(AND(K32="○",Q32=""),"A","") | AB32: =IF(AND(K32="○",Q32="○"),"B","") | AC32: =IF(AND(K32="",M32="○",Q32=""),"C","") | AD32: =IF(AND(K32="",M32="○",Q32="○"),"D","") | AE32: =IF(OR(K32="○",M32="○"),"","○") -> ○ | AF32: =IF(AND(F32="５歳",G32="標準",I32="",AE32="○",Q32=""),"○","") | AG32: =IF(AND(F32="４歳",G32="標準",I32="",AE32="○",Q32=""),"○","") | AH32: =IF(AND(F32="３歳",G32="標準",I32="",AE32="○",Q32=""),"○","") | AI32: =IF(AND(F32="２歳",G32="標準",I32="",AE32="○",Q32=""),"○","") | AJ32: =IF(AND(F32="１歳",G32="標準",I32="",AE32="○",Q32=""),"○","") | AK32: =IF(AND(F32="乳児",G32="標準",I32="",AE32="○",Q32=""),"○","") | AL32: =IF(AND(F32="５歳",G32="標準",I32="",AE32="○",Q32="○"),"○","") | AM32: =IF(AND(F32="４歳",G32="標準",I32="",AE32="○",Q32="○"),"○","") | AN32: =IF(AND(F32="３歳",G32="標準",I32="",AE32="○",Q32="○"),"○","") | AO32: =IF(AND(F32="５歳",G32="標準",O32>0),"○","") | AP32: =IF(AND(F32="４歳",G32="標準",O32>0),"○","") | AQ32: =IF(AND(F32="３歳",G32="標準",O32>0),"○","") | AR32: =IF(AND(F32="２歳",G32="標準",O32>0),"○","") | AS32: =IF(AND(F32="１歳",G32="標準",O32>0),"○","") | AT32: =IF(AND(F32="乳児",G32="標準",O32>0),"○","") | AU32: =IF(AND(F32="５歳",G32="短時間",I32="",AE32="○",Q32=""),"○","") | AV32: =IF(AND(F32="４歳",G32="短時間",I32="",AE32="○",Q32=""),"○","") | AW32: =IF(AND(F32="３歳",G32="短時間",I32="",AE32="○",Q32=""),"○","") | AX32: =IF(AND(F32="２歳",G32="短時間",I32="",AE32="○",Q32=""),"○","") | AY32: =IF(AND(F32="１歳",G32="短時間",I32="",AE32="○",Q32=""),"○","") | AZ32: =IF(AND(F32="乳児",G32="短時間",I32="",AE32="○",Q32=""),"○","") | BA32: =IF(AND(F32="５歳",G32="短時間",I32="",AE32="○",Q32="○"),"○","") | BB32: =IF(AND(F32="４歳",G32="短時間",I32="",AE32="○",Q32="○"),"○","") | BC32: =IF(AND(F32="３歳",G32="短時間",I32="",AE32="○",Q32="○"),"○","") | BD32: =IF(AND(F32="２歳",G32="短時間",I32="",AE32="○",Q32="○"),"○","") | BE32: =IF(AND(F32="１歳",G32="短時間",I32="",AE32="○",Q32="○"),"○","") | BF32: =IF(AND(F32="乳児",G32="短時間",I32="",AE32="○",Q32="○"),"○","") | BG32: =IF(AND(F32="５歳",G32="短時間",I32="",O32>0),"○","") | BH32: =IF(AND(F32="４歳",G32="短時間",I32="",O32>0),"○","") | BI32: =IF(AND(F32="３歳",G32="短時間",I32="",O32>0),"○","") | BJ32: =IF(AND(F32="２歳",G32="短時間",I32="",O32>0),"○","") | BK32: =IF(AND(F32="１歳",G32="短時間",I32="",O32>0),"○","") | BL32: =IF(AND(F32="乳児",G32="短時間",I32="",O32>0),"○","") | BM32: =IF(AND(F32="５歳",I32="",AE32="○",Q32="",),"○","") | BN32: =IF(AND(F32="４歳",I32="",AE32="○",Q32="",),"○","") | BO32: =IF(AND(F32="３歳",I32="",AE32="○",Q32="",),"○","") | BP32: =IF(AND(F32="２歳",I32="",AE32="○",Q32="",),"○","") | BQ32: =IF(AND(F32="５歳",I32="",AE32="○",Q32="○",),"○","") | BR32: =IF(AND(F32="４歳",I32="",AE32="○",Q32="○",),"○","") | BS32: =IF(AND(F32="３歳",I32="",AE32="○",Q32="○",),"○","") | BT32: =IF(AND(F32="２歳",I32="",AE32="○",Q32="○",),"○","") | BU32: =IF(AND(F32="５歳",G32="教育",O32>0),"○","") | BV32: =IF(AND(F32="４歳",G32="教育",O32>0),"○","") | BW32: =IF(AND(F32="３歳",G32="教育",O32>0),"○","") | BX32: =IF(AND(F32="２歳",G32="教育",O32>0),"○","") | BY32: =IF(AND(F32="５歳",G32="標準",I32="分園",AE32="○",Q32=""),"○","") | BZ32: =IF(AND(F32="４歳",G32="標準",I32="分園",AE32="○",Q32=""),"○","") | CA32: =IF(AND(F32="３歳",G32="標準",I32="分園",AE32="○",Q32=""),"○","") | CB32: =IF(AND(F32="２歳",G32="標準",I32="分園",AE32="○",Q32=""),"○","") | CC32: =IF(AND(F32="１歳",G32="標準",I32="分園",AE32="○",Q32=""),"○","") | CD32: =IF(AND(F32="乳児",G32="標準",I32="分園",AE32="○",Q32=""),"○","") | CE32: =IF(AND(F32="５歳",G32="標準",I32="分園",AE32="○",Q32="○"),"○","") | CF32: =IF(AND(F32="４歳",G32="標準",I32="分園",AE32="○",Q32="○"),"○","") | CG32: =IF(AND(F32="３歳",G32="標準",I32="分園",AE32="○",Q32="○"),"○","") | CH32: =IF(AND(F1436="５歳",G32="教育",I32="分園",O32>0),"○","") | CI32: =IF(AND(F1436="４歳",G32="教育",I32="分園",O32>0),"○","") | CJ32: =IF(AND(F1436="３歳",G32="教育",I32="分園",O32>0),"○","") | CK32: =IF(AND(F1436="２歳",G32="教育",I32="分園",O32>0),"○","") | CL32: =IF(AND(F1436="１歳",G32="教育",I32="分園",O32>0),"○","") | CM32: =IF(AND(F1436="乳児",G32="教育",I32="分園",O32>0),"○","") | CN32: =IF(AND(F32="５歳",G32="短時間",I32="分園",AE32="○",Q32=""),"○","") | CO32: =IF(AND(F32="４歳",G32="短時間",I32="分園",AE32="○",Q32=""),"○","") | CP32: =IF(AND(F32="３歳",G32="短時間",I32="分園",AE32="○",Q32=""),"○","") | CQ32: =IF(AND(F32="２歳",G32="短時間",I32="分園",AE32="○",Q32=""),"○","") | CR32: =IF(AND(F32="１歳",G32="短時間",I32="分園",AE32="○",Q32=""),"○","") | CS32: =IF(AND(F32="乳児",G32="短時間",I32="分園",AE32="○",Q32=""),"○","") | CT32: =IF(AND(F32="５歳",G32="短時間",I32="分園",AE32="○",Q32="○"),"○","") | CU32: =IF(AND(F32="４歳",G32="短時間",I32="分園",AE32="○",Q32="○"),"○","") | CV32: =IF(AND(F32="３歳",G32="短時間",I32="分園",AE32="○",Q32="○"),"○","") | CW32: =IF(AND(F32="５歳",G32="短時間",I32="分園",O32>0),"○","") | CX32: =IF(AND(F32="４歳",G32="短時間",I32="分園",O32>0),"○","") | CY32: =IF(AND(F32="３歳",G32="短時間",I32="分園",O32>0),"○","") | CZ32: =IF(AND(F32="２歳",G32="短時間",I32="分園",O32>0),"○","") | DA32: =IF(AND(F32="１歳",G32="短時間",I32="分園",O32>0),"○","") | DB32: =IF(AND(F32="乳児",G32="短時間",I32="分園",O32>0),"○","") | DC32: =IF(AND(F32="５歳",G32="教育",I32="分園",AE32="○",Q32="",),"○","") | DD32: =IF(AND(F32="４歳",G32="教育",I32="分園",AE32="○",Q32="",),"○","") | DE32: =IF(AND(F32="３歳",G32="教育",I32="分園",AE32="○",Q32="",),"○","") | DF32: =IF(AND(F32="２歳",G32="教育",I32="分園",AE32="○",Q32="",),"○","") | DG32: =IF(AND(F32="５歳",G32="教育",I32="分園",AE32="○",Q32="○",),"○","") | DH32: =IF(AND(F32="４歳",G32="教育",I32="分園",AE32="○",Q32="○",),"○","") | DI32: =IF(AND(F32="３歳",G32="教育",I32="分園",AE32="○",Q32="○",),"○","") | DJ32: =IF(AND(F32="２歳",G32="教育",I32="分園",AE32="○",Q32="○",),"○","") | DK32: =IF(AND(F32="５歳",G32="教育",I32="分園",O32>0),"○","") | DL32: =IF(AND(F32="４歳",G32="教育",I32="分園",O32>0),"○","") | DM32: =IF(AND(F32="３歳",G32="教育",I32="分園",O32>0),"○","") | DN32: =IF(AND(F32="２歳",G32="教育",I32="分園",O32>0),"○","")
A33: =ROW()-9 -> 24 | U33: =IF(O33="","",IF(AND(G33="標準",OR(M33="○",K33="○"),I33=""),"※下表に記載必要箇所あり(①)",IF(AND(G33="標準",M33="○",I33="分園"),"※下表に記載必要箇所あり(③)",IF(AND(G33="短時間",OR(M33="○",K33="○"),I33=""),"※下表に記載必要箇所あり(②)","※下表に記載必要箇所あり(④)")))) | AA33: =IF(AND(K33="○",Q33=""),"A","") | AB33: =IF(AND(K33="○",Q33="○"),"B","") | AC33: =IF(AND(K33="",M33="○",Q33=""),"C","") | AD33: =IF(AND(K33="",M33="○",Q33="○"),"D","") | AE33: =IF(OR(K33="○",M33="○"),"","○") -> ○ | AF33: =IF(AND(F33="５歳",G33="標準",I33="",AE33="○",Q33=""),"○","") | AG33: =IF(AND(F33="４歳",G33="標準",I33="",AE33="○",Q33=""),"○","") | AH33: =IF(AND(F33="３歳",G33="標準",I33="",AE33="○",Q33=""),"○","") | AI33: =IF(AND(F33="２歳",G33="標準",I33="",AE33="○",Q33=""),"○","") | AJ33: =IF(AND(F33="１歳",G33="標準",I33="",AE33="○",Q33=""),"○","") | AK33: =IF(AND(F33="乳児",G33="標準",I33="",AE33="○",Q33=""),"○","") | AL33: =IF(AND(F33="５歳",G33="標準",I33="",AE33="○",Q33="○"),"○","") | AM33: =IF(AND(F33="４歳",G33="標準",I33="",AE33="○",Q33="○"),"○","") | AN33: =IF(AND(F33="３歳",G33="標準",I33="",AE33="○",Q33="○"),"○","") | AO33: =IF(AND(F33="５歳",G33="標準",O33>0),"○","") | AP33: =IF(AND(F33="４歳",G33="標準",O33>0),"○","") | AQ33: =IF(AND(F33="３歳",G33="標準",O33>0),"○","") | AR33: =IF(AND(F33="２歳",G33="標準",O33>0),"○","") | AS33: =IF(AND(F33="１歳",G33="標準",O33>0),"○","") | AT33: =IF(AND(F33="乳児",G33="標準",O33>0),"○","") | AU33: =IF(AND(F33="５歳",G33="短時間",I33="",AE33="○",Q33=""),"○","") | AV33: =IF(AND(F33="４歳",G33="短時間",I33="",AE33="○",Q33=""),"○","") | AW33: =IF(AND(F33="３歳",G33="短時間",I33="",AE33="○",Q33=""),"○","") | AX33: =IF(AND(F33="２歳",G33="短時間",I33="",AE33="○",Q33=""),"○","") | AY33: =IF(AND(F33="１歳",G33="短時間",I33="",AE33="○",Q33=""),"○","") | AZ33: =IF(AND(F33="乳児",G33="短時間",I33="",AE33="○",Q33=""),"○","") | BA33: =IF(AND(F33="５歳",G33="短時間",I33="",AE33="○",Q33="○"),"○","") | BB33: =IF(AND(F33="４歳",G33="短時間",I33="",AE33="○",Q33="○"),"○","") | BC33: =IF(AND(F33="３歳",G33="短時間",I33="",AE33="○",Q33="○"),"○","") | BD33: =IF(AND(F33="２歳",G33="短時間",I33="",AE33="○",Q33="○"),"○","") | BE33: =IF(AND(F33="１歳",G33="短時間",I33="",AE33="○",Q33="○"),"○","") | BF33: =IF(AND(F33="乳児",G33="短時間",I33="",AE33="○",Q33="○"),"○","") | BG33: =IF(AND(F33="５歳",G33="短時間",I33="",O33>0),"○","") | BH33: =IF(AND(F33="４歳",G33="短時間",I33="",O33>0),"○","") | BI33: =IF(AND(F33="３歳",G33="短時間",I33="",O33>0),"○","") | BJ33: =IF(AND(F33="２歳",G33="短時間",I33="",O33>0),"○","") | BK33: =IF(AND(F33="１歳",G33="短時間",I33="",O33>0),"○","") | BL33: =IF(AND(F33="乳児",G33="短時間",I33="",O33>0),"○","") | BM33: =IF(AND(F33="５歳",I33="",AE33="○",Q33="",),"○","") | BN33: =IF(AND(F33="４歳",I33="",AE33="○",Q33="",),"○","") | BO33: =IF(AND(F33="３歳",I33="",AE33="○",Q33="",),"○","") | BP33: =IF(AND(F33="２歳",I33="",AE33="○",Q33="",),"○","") | BQ33: =IF(AND(F33="５歳",I33="",AE33="○",Q33="○",),"○","") | BR33: =IF(AND(F33="４歳",I33="",AE33="○",Q33="○",),"○","") | BS33: =IF(AND(F33="３歳",I33="",AE33="○",Q33="○",),"○","") | BT33: =IF(AND(F33="２歳",I33="",AE33="○",Q33="○",),"○","") | BU33: =IF(AND(F33="５歳",G33="教育",O33>0),"○","") | BV33: =IF(AND(F33="４歳",G33="教育",O33>0),"○","") | BW33: =IF(AND(F33="３歳",G33="教育",O33>0),"○","") | BX33: =IF(AND(F33="２歳",G33="教育",O33>0),"○","") | BY33: =IF(AND(F33="５歳",G33="標準",I33="分園",AE33="○",Q33=""),"○","") | BZ33: =IF(AND(F33="４歳",G33="標準",I33="分園",AE33="○",Q33=""),"○","") | CA33: =IF(AND(F33="３歳",G33="標準",I33="分園",AE33="○",Q33=""),"○","") | CB33: =IF(AND(F33="２歳",G33="標準",I33="分園",AE33="○",Q33=""),"○","") | CC33: =IF(AND(F33="１歳",G33="標準",I33="分園",AE33="○",Q33=""),"○","") | CD33: =IF(AND(F33="乳児",G33="標準",I33="分園",AE33="○",Q33=""),"○","") | CE33: =IF(AND(F33="５歳",G33="標準",I33="分園",AE33="○",Q33="○"),"○","") | CF33: =IF(AND(F33="４歳",G33="標準",I33="分園",AE33="○",Q33="○"),"○","") | CG33: =IF(AND(F33="３歳",G33="標準",I33="分園",AE33="○",Q33="○"),"○","") | CH33: =IF(AND(F1437="５歳",G33="教育",I33="分園",O33>0),"○","") | CI33: =IF(AND(F1437="４歳",G33="教育",I33="分園",O33>0),"○","") | CJ33: =IF(AND(F1437="３歳",G33="教育",I33="分園",O33>0),"○","") | CK33: =IF(AND(F1437="２歳",G33="教育",I33="分園",O33>0),"○","") | CL33: =IF(AND(F1437="１歳",G33="教育",I33="分園",O33>0),"○","") | CM33: =IF(AND(F1437="乳児",G33="教育",I33="分園",O33>0),"○","") | CN33: =IF(AND(F33="５歳",G33="短時間",I33="分園",AE33="○",Q33=""),"○","") | CO33: =IF(AND(F33="４歳",G33="短時間",I33="分園",AE33="○",Q33=""),"○","") | CP33: =IF(AND(F33="３歳",G33="短時間",I33="分園",AE33="○",Q33=""),"○","") | CQ33: =IF(AND(F33="２歳",G33="短時間",I33="分園",AE33="○",Q33=""),"○","") | CR33: =IF(AND(F33="１歳",G33="短時間",I33="分園",AE33="○",Q33=""),"○","") | CS33: =IF(AND(F33="乳児",G33="短時間",I33="分園",AE33="○",Q33=""),"○","") | CT33: =IF(AND(F33="５歳",G33="短時間",I33="分園",AE33="○",Q33="○"),"○","") | CU33: =IF(AND(F33="４歳",G33="短時間",I33="分園",AE33="○",Q33="○"),"○","") | CV33: =IF(AND(F33="３歳",G33="短時間",I33="分園",AE33="○",Q33="○"),"○","") | CW33: =IF(AND(F33="５歳",G33="短時間",I33="分園",O33>0),"○","") | CX33: =IF(AND(F33="４歳",G33="短時間",I33="分園",O33>0),"○","") | CY33: =IF(AND(F33="３歳",G33="短時間",I33="分園",O33>0),"○","") | CZ33: =IF(AND(F33="２歳",G33="短時間",I33="分園",O33>0),"○","") | DA33: =IF(AND(F33="１歳",G33="短時間",I33="分園",O33>0),"○","") | DB33: =IF(AND(F33="乳児",G33="短時間",I33="分園",O33>0),"○","") | DC33: =IF(AND(F33="５歳",G33="教育",I33="分園",AE33="○",Q33="",),"○","") | DD33: =IF(AND(F33="４歳",G33="教育",I33="分園",AE33="○",Q33="",),"○","") | DE33: =IF(AND(F33="３歳",G33="教育",I33="分園",AE33="○",Q33="",),"○","") | DF33: =IF(AND(F33="２歳",G33="教育",I33="分園",AE33="○",Q33="",),"○","") | DG33: =IF(AND(F33="５歳",G33="教育",I33="分園",AE33="○",Q33="○",),"○","") | DH33: =IF(AND(F33="４歳",G33="教育",I33="分園",AE33="○",Q33="○",),"○","") | DI33: =IF(AND(F33="３歳",G33="教育",I33="分園",AE33="○",Q33="○",),"○","") | DJ33: =IF(AND(F33="２歳",G33="教育",I33="分園",AE33="○",Q33="○",),"○","") | DK33: =IF(AND(F33="５歳",G33="教育",I33="分園",O33>0),"○","") | DL33: =IF(AND(F33="４歳",G33="教育",I33="分園",O33>0),"○","") | DM33: =IF(AND(F33="３歳",G33="教育",I33="分園",O33>0),"○","") | DN33: =IF(AND(F33="２歳",G33="教育",I33="分園",O33>0),"○","")
... A88: =ROW()-9 -> 79 | U88: =IF(O88="","",IF(AND(G88="標準",OR(M88="○",K88="○"),I88=""),"※下表に記載必要箇所あり(①)",IF(AND(G88="標準",M88="○",I88="分園"),"※下表に記載必要箇所あり(③)",IF(AND(G88="短時間",OR(M88="○",K88="○"),I88=""),"※下表に記載必要箇所あり(②)","※下表に記載必要箇所あり(④)")))) | AA88: =IF(AND(K88="○",Q88=""),"A","") | AB88: =IF(AND(K88="○",Q88="○"),"B","") | AC88: =IF(AND(K88="",M88="○",Q88=""),"C","") | AD88: =IF(AND(K88="",M88="○",Q88="○"),"D","") | AE88: =IF(OR(K88="○",M88="○"),"","○") -> ○ | AF88: =IF(AND(F88="５歳",G88="標準",I88="",AE88="○",Q88=""),"○","") | AG88: =IF(AND(F88="４歳",G88="標準",I88="",AE88="○",Q88=""),"○","") | AH88: =IF(AND(F88="３歳",G88="標準",I88="",AE88="○",Q88=""),"○","") | AI88: =IF(AND(F88="２歳",G88="標準",I88="",AE88="○",Q88=""),"○","") | AJ88: =IF(AND(F88="１歳",G88="標準",I88="",AE88="○",Q88=""),"○","") | AK88: =IF(AND(F88="乳児",G88="標準",I88="",AE88="○",Q88=""),"○","") | AL88: =IF(AND(F88="５歳",G88="標準",I88="",AE88="○",Q88="○"),"○","") | AM88: =IF(AND(F88="４歳",G88="標準",I88="",AE88="○",Q88="○"),"○","") | AN88: =IF(AND(F88="３歳",G88="標準",I88="",AE88="○",Q88="○"),"○","") | AO88: =IF(AND(F88="５歳",G88="標準",O88>0),"○","") | AP88: =IF(AND(F88="４歳",G88="標準",O88>0),"○","") | AQ88: =IF(AND(F88="３歳",G88="標準",O88>0),"○","") | AR88: =IF(AND(F88="２歳",G88="標準",O88>0),"○","") | AS88: =IF(AND(F88="１歳",G88="標準",O88>0),"○","") | AT88: =IF(AND(F88="乳児",G88="標準",O88>0),"○","") | AU88: =IF(AND(F88="５歳",G88="短時間",I88="",AE88="○",Q88=""),"○","") | AV88: =IF(AND(F88="４歳",G88="短時間",I88="",AE88="○",Q88=""),"○","") | AW88: =IF(AND(F88="３歳",G88="短時間",I88="",AE88="○",Q88=""),"○","") | AX88: =IF(AND(F88="２歳",G88="短時間",I88="",AE88="○",Q88=""),"○","") | AY88: =IF(AND(F88="１歳",G88="短時間",I88="",AE88="○",Q88=""),"○","") | AZ88: =IF(AND(F88="乳児",G88="短時間",I88="",AE88="○",Q88=""),"○","") | BA88: =IF(AND(F88="５歳",G88="短時間",I88="",AE88="○",Q88="○"),"○","") | BB88: =IF(AND(F88="４歳",G88="短時間",I88="",AE88="○",Q88="○"),"○","") | BC88: =IF(AND(F88="３歳",G88="短時間",I88="",AE88="○",Q88="○"),"○","") | BD88: =IF(AND(F88="２歳",G88="短時間",I88="",AE88="○",Q88="○"),"○","") | BE88: =IF(AND(F88="１歳",G88="短時間",I88="",AE88="○",Q88="○"),"○","") | BF88: =IF(AND(F88="乳児",G88="短時間",I88="",AE88="○",Q88="○"),"○","") | BG88: =IF(AND(F88="５歳",G88="短時間",I88="",O88>0),"○","") | BH88: =IF(AND(F88="４歳",G88="短時間",I88="",O88>0),"○","") | BI88: =IF(AND(F88="３歳",G88="短時間",I88="",O88>0),"○","") | BJ88: =IF(AND(F88="２歳",G88="短時間",I88="",O88>0),"○","") | BK88: =IF(AND(F88="１歳",G88="短時間",I88="",O88>0),"○","") | BL88: =IF(AND(F88="乳児",G88="短時間",I88="",O88>0),"○","") | BM88: =IF(AND(F88="５歳",I88="",AE88="○",Q88="",),"○","") | BN88: =IF(AND(F88="４歳",I88="",AE88="○",Q88="",),"○","") | BO88: =IF(AND(F88="３歳",I88="",AE88="○",Q88="",),"○","") | BP88: =IF(AND(F88="２歳",I88="",AE88="○",Q88="",),"○","") | BQ88: =IF(AND(F88="５歳",I88="",AE88="○",Q88="○",),"○","") | BR88: =IF(AND(F88="４歳",I88="",AE88="○",Q88="○",),"○","") | BS88: =IF(AND(F88="３歳",I88="",AE88="○",Q88="○",),"○","") | BT88: =IF(AND(F88="２歳",I88="",AE88="○",Q88="○",),"○","") | BU88: =IF(AND(F88="５歳",G88="教育",O88>0),"○","") | BV88: =IF(AND(F88="４歳",G88="教育",O88>0),"○","") | BW88: =IF(AND(F88="３歳",G88="教育",O88>0),"○","") | BX88: =IF(AND(F88="２歳",G88="教育",O88>0),"○","") | BY88: =IF(AND(F88="５歳",G88="標準",I88="分園",AE88="○",Q88=""),"○","") | BZ88: =IF(AND(F88="４歳",G88="標準",I88="分園",AE88="○",Q88=""),"○","") | CA88: =IF(AND(F88="３歳",G88="標準",I88="分園",AE88="○",Q88=""),"○","") | CB88: =IF(AND(F88="２歳",G88="標準",I88="分園",AE88="○",Q88=""),"○","") | CC88: =IF(AND(F88="１歳",G88="標準",I88="分園",AE88="○",Q88=""),"○","") | CD88: =IF(AND(F88="乳児",G88="標準",I88="分園",AE88="○",Q88=""),"○","") | CE88: =IF(AND(F88="５歳",G88="標準",I88="分園",AE88="○",Q88="○"),"○","") | CF88: =IF(AND(F88="４歳",G88="標準",I88="分園",AE88="○",Q88="○"),"○","") | CG88: =IF(AND(F88="３歳",G88="標準",I88="分園",AE88="○",Q88="○"),"○","") | CH88: =IF(AND(F1492="５歳",G88="教育",I88="分園",O88>0),"○","") | CI88: =IF(AND(F1492="４歳",G88="教育",I88="分園",O88>0),"○","") | CJ88: =IF(AND(F1492="３歳",G88="教育",I88="分園",O88>0),"○","") | CK88: =IF(AND(F1492="２歳",G88="教育",I88="分園",O88>0),"○","") | CL88: =IF(AND(F1492="１歳",G88="教育",I88="分園",O88>0),"○","") | CM88: =IF(AND(F1492="乳児",G88="教育",I88="分園",O88>0),"○","") | CN88: =IF(AND(F88="５歳",G88="短時間",I88="分園",AE88="○",Q88=""),"○","") | CO88: =IF(AND(F88="４歳",G88="短時間",I88="分園",AE88="○",Q88=""),"○","") | CP88: =IF(AND(F88="３歳",G88="短時間",I88="分園",AE88="○",Q88=""),"○","") | CQ88: =IF(AND(F88="２歳",G88="短時間",I88="分園",AE88="○",Q88=""),"○","") | CR88: =IF(AND(F88="１歳",G88="短時間",I88="分園",AE88="○",Q88=""),"○","") | CS88: =IF(AND(F88="乳児",G88="短時間",I88="分園",AE88="○",Q88=""),"○","") | CT88: =IF(AND(F88="５歳",G88="短時間",I88="分園",AE88="○",Q88="○"),"○","") | CU88: =IF(AND(F88="４歳",G88="短時間",I88="分園",AE88="○",Q88="○"),"○","") | CV88: =IF(AND(F88="３歳",G88="短時間",I88="分園",AE88="○",Q88="○"),"○","") | CW88: =IF(AND(F88="５歳",G88="短時間",I88="分園",O88>0),"○","") | CX88: =IF(AND(F88="４歳",G88="短時間",I88="分園",O88>0),"○","") | CY88: =IF(AND(F88="３歳",G88="短時間",I88="分園",O88>0),"○","") | CZ88: =IF(AND(F88="２歳",G88="短時間",I88="分園",O88>0),"○","") | DA88: =IF(AND(F88="１歳",G88="短時間",I88="分園",O88>0),"○","") | DB88: =IF(AND(F88="乳児",G88="短時間",I88="分園",O88>0),"○","") | DC88: =IF(AND(F88="５歳",G88="教育",I88="分園",AE88="○",Q88="",),"○","") | DD88: =IF(AND(F88="４歳",G88="教育",I88="分園",AE88="○",Q88="",),"○","") | DE88: =IF(AND(F88="３歳",G88="教育",I88="分園",AE88="○",Q88="",),"○","") | DF88: =IF(AND(F88="２歳",G88="教育",I88="分園",AE88="○",Q88="",),"○","") | DG88: =IF(AND(F88="５歳",G88="教育",I88="分園",AE88="○",Q88="○",),"○","") | DH88: =IF(AND(F88="４歳",G88="教育",I88="分園",AE88="○",Q88="○",),"○","") | DI88: =IF(AND(F88="３歳",G88="教育",I88="分園",AE88="○",Q88="○",),"○","") | DJ88: =IF(AND(F88="２歳",G88="教育",I88="分園",AE88="○",Q88="○",),"○","") | DK88: =IF(AND(F88="５歳",G88="教育",I88="分園",O88>0),"○","") | DL88: =IF(AND(F88="４歳",G88="教育",I88="分園",O88>0),"○","") | DM88: =IF(AND(F88="３歳",G88="教育",I88="分園",O88>0),"○","") | DN88: =IF(AND(F88="２歳",G88="教育",I88="分園",O88>0),"○","")
A89: =ROW()-9 -> 80 | U89: =IF(O89="","",IF(AND(G89="標準",OR(M89="○",K89="○"),I89=""),"※下表に記載必要箇所あり(①)",IF(AND(G89="標準",M89="○",I89="分園"),"※下表に記載必要箇所あり(③)",IF(AND(G89="短時間",OR(M89="○",K89="○"),I89=""),"※下表に記載必要箇所あり(②)","※下表に記載必要箇所あり(④)")))) | AA89: =IF(AND(K89="○",Q89=""),"A","") | AB89: =IF(AND(K89="○",Q89="○"),"B","") | AC89: =IF(AND(K89="",M89="○",Q89=""),"C","") | AD89: =IF(AND(K89="",M89="○",Q89="○"),"D","") | AE89: =IF(OR(K89="○",M89="○"),"","○") -> ○ | AF89: =IF(AND(F89="５歳",G89="標準",I89="",AE89="○",Q89=""),"○","") | AG89: =IF(AND(F89="４歳",G89="標準",I89="",AE89="○",Q89=""),"○","") | AH89: =IF(AND(F89="３歳",G89="標準",I89="",AE89="○",Q89=""),"○","") | AI89: =IF(AND(F89="２歳",G89="標準",I89="",AE89="○",Q89=""),"○","") | AJ89: =IF(AND(F89="１歳",G89="標準",I89="",AE89="○",Q89=""),"○","") | AK89: =IF(AND(F89="乳児",G89="標準",I89="",AE89="○",Q89=""),"○","") | AL89: =IF(AND(F89="５歳",G89="標準",I89="",AE89="○",Q89="○"),"○","") | AM89: =IF(AND(F89="４歳",G89="標準",I89="",AE89="○",Q89="○"),"○","") | AN89: =IF(AND(F89="３歳",G89="標準",I89="",AE89="○",Q89="○"),"○","") | AO89: =IF(AND(F89="５歳",G89="標準",O89>0),"○","") | AP89: =IF(AND(F89="４歳",G89="標準",O89>0),"○","") | AQ89: =IF(AND(F89="３歳",G89="標準",O89>0),"○","") | AR89: =IF(AND(F89="２歳",G89="標準",O89>0),"○","") | AS89: =IF(AND(F89="１歳",G89="標準",O89>0),"○","") | AT89: =IF(AND(F89="乳児",G89="標準",O89>0),"○","") | AU89: =IF(AND(F89="５歳",G89="短時間",I89="",AE89="○",Q89=""),"○","") | AV89: =IF(AND(F89="４歳",G89="短時間",I89="",AE89="○",Q89=""),"○","") | AW89: =IF(AND(F89="３歳",G89="短時間",I89="",AE89="○",Q89=""),"○","") | AX89: =IF(AND(F89="２歳",G89="短時間",I89="",AE89="○",Q89=""),"○","") | AY89: =IF(AND(F89="１歳",G89="短時間",I89="",AE89="○",Q89=""),"○","") | AZ89: =IF(AND(F89="乳児",G89="短時間",I89="",AE89="○",Q89=""),"○","") | BA89: =IF(AND(F89="５歳",G89="短時間",I89="",AE89="○",Q89="○"),"○","") | BB89: =IF(AND(F89="４歳",G89="短時間",I89="",AE89="○",Q89="○"),"○","") | BC89: =IF(AND(F89="３歳",G89="短時間",I89="",AE89="○",Q89="○"),"○","") | BD89: =IF(AND(F89="２歳",G89="短時間",I89="",AE89="○",Q89="○"),"○","") | BE89: =IF(AND(F89="１歳",G89="短時間",I89="",AE89="○",Q89="○"),"○","") | BF89: =IF(AND(F89="乳児",G89="短時間",I89="",AE89="○",Q89="○"),"○","") | BG89: =IF(AND(F89="５歳",G89="短時間",I89="",O89>0),"○","") | BH89: =IF(AND(F89="４歳",G89="短時間",I89="",O89>0),"○","") | BI89: =IF(AND(F89="３歳",G89="短時間",I89="",O89>0),"○","") | BJ89: =IF(AND(F89="２歳",G89="短時間",I89="",O89>0),"○","") | BK89: =IF(AND(F89="１歳",G89="短時間",I89="",O89>0),"○","") | BL89: =IF(AND(F89="乳児",G89="短時間",I89="",O89>0),"○","") | BM89: =IF(AND(F89="５歳",I89="",AE89="○",Q89="",),"○","") | BN89: =IF(AND(F89="４歳",I89="",AE89="○",Q89="",),"○","") | BO89: =IF(AND(F89="３歳",I89="",AE89="○",Q89="",),"○","") | BP89: =IF(AND(F89="２歳",I89="",AE89="○",Q89="",),"○","") | BQ89: =IF(AND(F89="５歳",I89="",AE89="○",Q89="○",),"○","") | BR89: =IF(AND(F89="４歳",I89="",AE89="○",Q89="○",),"○","") | BS89: =IF(AND(F89="３歳",I89="",AE89="○",Q89="○",),"○","") | BT89: =IF(AND(F89="２歳",I89="",AE89="○",Q89="○",),"○","") | BU89: =IF(AND(F89="５歳",G89="教育",O89>0),"○","") | BV89: =IF(AND(F89="４歳",G89="教育",O89>0),"○","") | BW89: =IF(AND(F89="３歳",G89="教育",O89>0),"○","") | BX89: =IF(AND(F89="２歳",G89="教育",O89>0),"○","") | BY89: =IF(AND(F89="５歳",G89="標準",I89="分園",AE89="○",Q89=""),"○","") | BZ89: =IF(AND(F89="４歳",G89="標準",I89="分園",AE89="○",Q89=""),"○","") | CA89: =IF(AND(F89="３歳",G89="標準",I89="分園",AE89="○",Q89=""),"○","") | CB89: =IF(AND(F89="２歳",G89="標準",I89="分園",AE89="○",Q89=""),"○","") | CC89: =IF(AND(F89="１歳",G89="標準",I89="分園",AE89="○",Q89=""),"○","") | CD89: =IF(AND(F89="乳児",G89="標準",I89="分園",AE89="○",Q89=""),"○","") | CE89: =IF(AND(F89="５歳",G89="標準",I89="分園",AE89="○",Q89="○"),"○","") | CF89: =IF(AND(F89="４歳",G89="標準",I89="分園",AE89="○",Q89="○"),"○","") | CG89: =IF(AND(F89="３歳",G89="標準",I89="分園",AE89="○",Q89="○"),"○","") | CH89: =IF(AND(F1480="５歳",G89="教育",I89="分園",O89>0),"○","") | CI89: =IF(AND(F1480="４歳",G89="教育",I89="分園",O89>0),"○","") | CJ89: =IF(AND(F1480="３歳",G89="教育",I89="分園",O89>0),"○","") | CK89: =IF(AND(F1480="２歳",G89="教育",I89="分園",O89>0),"○","") | CL89: =IF(AND(F1480="１歳",G89="教育",I89="分園",O89>0),"○","") | CM89: =IF(AND(F1480="乳児",G89="教育",I89="分園",O89>0),"○","") | CN89: =IF(AND(F89="５歳",G89="短時間",I89="分園",AE89="○",Q89=""),"○","") | CO89: =IF(AND(F89="４歳",G89="短時間",I89="分園",AE89="○",Q89=""),"○","") | CP89: =IF(AND(F89="３歳",G89="短時間",I89="分園",AE89="○",Q89=""),"○","") | CQ89: =IF(AND(F89="２歳",G89="短時間",I89="分園",AE89="○",Q89=""),"○","") | CR89: =IF(AND(F89="１歳",G89="短時間",I89="分園",AE89="○",Q89=""),"○","") | CS89: =IF(AND(F89="乳児",G89="短時間",I89="分園",AE89="○",Q89=""),"○","") | CT89: =IF(AND(F89="５歳",G89="短時間",I89="分園",AE89="○",Q89="○"),"○","") | CU89: =IF(AND(F89="４歳",G89="短時間",I89="分園",AE89="○",Q89="○"),"○","") | CV89: =IF(AND(F89="３歳",G89="短時間",I89="分園",AE89="○",Q89="○"),"○","") | CW89: =IF(AND(F89="５歳",G89="短時間",I89="分園",O89>0),"○","") | CX89: =IF(AND(F89="４歳",G89="短時間",I89="分園",O89>0),"○","") | CY89: =IF(AND(F89="３歳",G89="短時間",I89="分園",O89>0),"○","") | CZ89: =IF(AND(F89="２歳",G89="短時間",I89="分園",O89>0),"○","") | DA89: =IF(AND(F89="１歳",G89="短時間",I89="分園",O89>0),"○","") | DB89: =IF(AND(F89="乳児",G89="短時間",I89="分園",O89>0),"○","") | DC89: =IF(AND(F89="５歳",G89="教育",I89="分園",AE89="○",Q89="",),"○","") | DD89: =IF(AND(F89="４歳",G89="教育",I89="分園",AE89="○",Q89="",),"○","") | DE89: =IF(AND(F89="３歳",G89="教育",I89="分園",AE89="○",Q89="",),"○","") | DF89: =IF(AND(F89="２歳",G89="教育",I89="分園",AE89="○",Q89="",),"○","") | DG89: =IF(AND(F89="５歳",G89="教育",I89="分園",AE89="○",Q89="○",),"○","") | DH89: =IF(AND(F89="４歳",G89="教育",I89="分園",AE89="○",Q89="○",),"○","") | DI89: =IF(AND(F89="３歳",G89="教育",I89="分園",AE89="○",Q89="○",),"○","") | DJ89: =IF(AND(F89="２歳",G89="教育",I89="分園",AE89="○",Q89="○",),"○","") | DK89: =IF(AND(F89="５歳",G89="教育",I89="分園",O89>0),"○","") | DL89: =IF(AND(F89="４歳",G89="教育",I89="分園",O89>0),"○","") | DM89: =IF(AND(F89="３歳",G89="教育",I89="分園",O89>0),"○","") | DN89: =IF(AND(F89="２歳",G89="教育",I89="分園",O89>0),"○","")
A90: =ROW()-9 -> 81 | U90: =IF(O90="","",IF(AND(G90="標準",OR(M90="○",K90="○"),I90=""),"※下表に記載必要箇所あり(①)",IF(AND(G90="標準",M90="○",I90="分園"),"※下表に記載必要箇所あり(③)",IF(AND(G90="短時間",OR(M90="○",K90="○"),I90=""),"※下表に記載必要箇所あり(②)","※下表に記載必要箇所あり(④)")))) | AA90: =IF(AND(K90="○",Q90=""),"A","") | AB90: =IF(AND(K90="○",Q90="○"),"B","") | AC90: =IF(AND(K90="",M90="○",Q90=""),"C","") | AD90: =IF(AND(K90="",M90="○",Q90="○"),"D","") | AE90: =IF(OR(K90="○",M90="○"),"","○") -> ○ | AF90: =IF(AND(F90="５歳",G90="標準",I90="",AE90="○",Q90=""),"○","") | AG90: =IF(AND(F90="４歳",G90="標準",I90="",AE90="○",Q90=""),"○","") | AH90: =IF(AND(F90="３歳",G90="標準",I90="",AE90="○",Q90=""),"○","") | AI90: =IF(AND(F90="２歳",G90="標準",I90="",AE90="○",Q90=""),"○","") | AJ90: =IF(AND(F90="１歳",G90="標準",I90="",AE90="○",Q90=""),"○","") | AK90: =IF(AND(F90="乳児",G90="標準",I90="",AE90="○",Q90=""),"○","") | AL90: =IF(AND(F90="５歳",G90="標準",I90="",AE90="○",Q90="○"),"○","") | AM90: =IF(AND(F90="４歳",G90="標準",I90="",AE90="○",Q90="○"),"○","") | AN90: =IF(AND(F90="３歳",G90="標準",I90="",AE90="○",Q90="○"),"○","") | AO90: =IF(AND(F90="５歳",G90="標準",O90>0),"○","") | AP90: =IF(AND(F90="４歳",G90="標準",O90>0),"○","") | AQ90: =IF(AND(F90="３歳",G90="標準",O90>0),"○","") | AR90: =IF(AND(F90="２歳",G90="標準",O90>0),"○","") | AS90: =IF(AND(F90="１歳",G90="標準",O90>0),"○","") | AT90: =IF(AND(F90="乳児",G90="標準",O90>0),"○","") | AU90: =IF(AND(F90="５歳",G90="短時間",I90="",AE90="○",Q90=""),"○","") | AV90: =IF(AND(F90="４歳",G90="短時間",I90="",AE90="○",Q90=""),"○","") | AW90: =IF(AND(F90="３歳",G90="短時間",I90="",AE90="○",Q90=""),"○","") | AX90: =IF(AND(F90="２歳",G90="短時間",I90="",AE90="○",Q90=""),"○","") | AY90: =IF(AND(F90="１歳",G90="短時間",I90="",AE90="○",Q90=""),"○","") | AZ90: =IF(AND(F90="乳児",G90="短時間",I90="",AE90="○",Q90=""),"○","") | BA90: =IF(AND(F90="５歳",G90="短時間",I90="",AE90="○",Q90="○"),"○","") | BB90: =IF(AND(F90="４歳",G90="短時間",I90="",AE90="○",Q90="○"),"○","") | BC90: =IF(AND(F90="３歳",G90="短時間",I90="",AE90="○",Q90="○"),"○","") | BD90: =IF(AND(F90="２歳",G90="短時間",I90="",AE90="○",Q90="○"),"○","") | BE90: =IF(AND(F90="１歳",G90="短時間",I90="",AE90="○",Q90="○"),"○","") | BF90: =IF(AND(F90="乳児",G90="短時間",I90="",AE90="○",Q90="○"),"○","") | BG90: =IF(AND(F90="５歳",G90="短時間",I90="",O90>0),"○","") | BH90: =IF(AND(F90="４歳",G90="短時間",I90="",O90>0),"○","") | BI90: =IF(AND(F90="３歳",G90="短時間",I90="",O90>0),"○","") | BJ90: =IF(AND(F90="２歳",G90="短時間",I90="",O90>0),"○","") | BK90: =IF(AND(F90="１歳",G90="短時間",I90="",O90>0),"○","") | BL90: =IF(AND(F90="乳児",G90="短時間",I90="",O90>0),"○","") | BM90: =IF(AND(F90="５歳",I90="",AE90="○",Q90="",),"○","") | BN90: =IF(AND(F90="４歳",I90="",AE90="○",Q90="",),"○","") | BO90: =IF(AND(F90="３歳",I90="",AE90="○",Q90="",),"○","") | BP90: =IF(AND(F90="２歳",I90="",AE90="○",Q90="",),"○","") | BQ90: =IF(AND(F90="５歳",I90="",AE90="○",Q90="○",),"○","") | BR90: =IF(AND(F90="４歳",I90="",AE90="○",Q90="○",),"○","") | BS90: =IF(AND(F90="３歳",I90="",AE90="○",Q90="○",),"○","") | BT90: =IF(AND(F90="２歳",I90="",AE90="○",Q90="○",),"○","") | BU90: =IF(AND(F90="５歳",G90="教育",O90>0),"○","") | BV90: =IF(AND(F90="４歳",G90="教育",O90>0),"○","") | BW90: =IF(AND(F90="３歳",G90="教育",O90>0),"○","") | BX90: =IF(AND(F90="２歳",G90="教育",O90>0),"○","") | BY90: =IF(AND(F90="５歳",G90="標準",I90="分園",AE90="○",Q90=""),"○","") | BZ90: =IF(AND(F90="４歳",G90="標準",I90="分園",AE90="○",Q90=""),"○","") | CA90: =IF(AND(F90="３歳",G90="標準",I90="分園",AE90="○",Q90=""),"○","") | CB90: =IF(AND(F90="２歳",G90="標準",I90="分園",AE90="○",Q90=""),"○","") | CC90: =IF(AND(F90="１歳",G90="標準",I90="分園",AE90="○",Q90=""),"○","") | CD90: =IF(AND(F90="乳児",G90="標準",I90="分園",AE90="○",Q90=""),"○","") | CE90: =IF(AND(F90="５歳",G90="標準",I90="分園",AE90="○",Q90="○"),"○","") | CF90: =IF(AND(F90="４歳",G90="標準",I90="分園",AE90="○",Q90="○"),"○","") | CG90: =IF(AND(F90="３歳",G90="標準",I90="分園",AE90="○",Q90="○"),"○","") | CH90: =IF(AND(F1481="５歳",G90="教育",I90="分園",O90>0),"○","") | CI90: =IF(AND(F1481="４歳",G90="教育",I90="分園",O90>0),"○","") | CJ90: =IF(AND(F1481="３歳",G90="教育",I90="分園",O90>0),"○","") | CK90: =IF(AND(F1481="２歳",G90="教育",I90="分園",O90>0),"○","") | CL90: =IF(AND(F1481="１歳",G90="教育",I90="分園",O90>0),"○","") | CM90: =IF(AND(F1481="乳児",G90="教育",I90="分園",O90>0),"○","") | CN90: =IF(AND(F90="５歳",G90="短時間",I90="分園",AE90="○",Q90=""),"○","") | CO90: =IF(AND(F90="４歳",G90="短時間",I90="分園",AE90="○",Q90=""),"○","") | CP90: =IF(AND(F90="３歳",G90="短時間",I90="分園",AE90="○",Q90=""),"○","") | CQ90: =IF(AND(F90="２歳",G90="短時間",I90="分園",AE90="○",Q90=""),"○","") | CR90: =IF(AND(F90="１歳",G90="短時間",I90="分園",AE90="○",Q90=""),"○","") | CS90: =IF(AND(F90="乳児",G90="短時間",I90="分園",AE90="○",Q90=""),"○","") | CT90: =IF(AND(F90="５歳",G90="短時間",I90="分園",AE90="○",Q90="○"),"○","") | CU90: =IF(AND(F90="４歳",G90="短時間",I90="分園",AE90="○",Q90="○"),"○","") | CV90: =IF(AND(F90="３歳",G90="短時間",I90="分園",AE90="○",Q90="○"),"○","") | CW90: =IF(AND(F90="５歳",G90="短時間",I90="分園",O90>0),"○","") | CX90: =IF(AND(F90="４歳",G90="短時間",I90="分園",O90>0),"○","") | CY90: =IF(AND(F90="３歳",G90="短時間",I90="分園",O90>0),"○","") | CZ90: =IF(AND(F90="２歳",G90="短時間",I90="分園",O90>0),"○","") | DA90: =IF(AND(F90="１歳",G90="短時間",I90="分園",O90>0),"○","") | DB90: =IF(AND(F90="乳児",G90="短時間",I90="分園",O90>0),"○","") | DC90: =IF(AND(F90="５歳",G90="教育",I90="分園",AE90="○",Q90="",),"○","") | DD90: =IF(AND(F90="４歳",G90="教育",I90="分園",AE90="○",Q90="",),"○","") | DE90: =IF(AND(F90="３歳",G90="教育",I90="分園",AE90="○",Q90="",),"○","") | DF90: =IF(AND(F90="２歳",G90="教育",I90="分園",AE90="○",Q90="",),"○","") | DG90: =IF(AND(F90="５歳",G90="教育",I90="分園",AE90="○",Q90="○",),"○","") | DH90: =IF(AND(F90="４歳",G90="教育",I90="分園",AE90="○",Q90="○",),"○","") | DI90: =IF(AND(F90="３歳",G90="教育",I90="分園",AE90="○",Q90="○",),"○","") | DJ90: =IF(AND(F90="２歳",G90="教育",I90="分園",AE90="○",Q90="○",),"○","") | DK90: =IF(AND(F90="５歳",G90="教育",I90="分園",O90>0),"○","") | DL90: =IF(AND(F90="４歳",G90="教育",I90="分園",O90>0),"○","") | DM90: =IF(AND(F90="３歳",G90="教育",I90="分園",O90>0),"○","") | DN90: =IF(AND(F90="２歳",G90="教育",I90="分園",O90>0),"○","")
A91: =ROW()-9 -> 82 | U91: =IF(O91="","",IF(AND(G91="標準",OR(M91="○",K91="○"),I91=""),"※下表に記載必要箇所あり(①)",IF(AND(G91="標準",M91="○",I91="分園"),"※下表に記載必要箇所あり(③)",IF(AND(G91="短時間",OR(M91="○",K91="○"),I91=""),"※下表に記載必要箇所あり(②)","※下表に記載必要箇所あり(④)")))) | AA91: =IF(AND(K91="○",Q91=""),"A","") | AB91: =IF(AND(K91="○",Q91="○"),"B","") | AC91: =IF(AND(K91="",M91="○",Q91=""),"C","") | AD91: =IF(AND(K91="",M91="○",Q91="○"),"D","") | AE91: =IF(OR(K91="○",M91="○"),"","○") -> ○ | AF91: =IF(AND(F91="５歳",G91="標準",I91="",AE91="○",Q91=""),"○","") | AG91: =IF(AND(F91="４歳",G91="標準",I91="",AE91="○",Q91=""),"○","") | AH91: =IF(AND(F91="３歳",G91="標準",I91="",AE91="○",Q91=""),"○","") | AI91: =IF(AND(F91="２歳",G91="標準",I91="",AE91="○",Q91=""),"○","") | AJ91: =IF(AND(F91="１歳",G91="標準",I91="",AE91="○",Q91=""),"○","") | AK91: =IF(AND(F91="乳児",G91="標準",I91="",AE91="○",Q91=""),"○","") | AL91: =IF(AND(F91="５歳",G91="標準",I91="",AE91="○",Q91="○"),"○","") | AM91: =IF(AND(F91="４歳",G91="標準",I91="",AE91="○",Q91="○"),"○","") | AN91: =IF(AND(F91="３歳",G91="標準",I91="",AE91="○",Q91="○"),"○","") | AO91: =IF(AND(F91="５歳",G91="標準",O91>0),"○","") | AP91: =IF(AND(F91="４歳",G91="標準",O91>0),"○","") | AQ91: =IF(AND(F91="３歳",G91="標準",O91>0),"○","") | AR91: =IF(AND(F91="２歳",G91="標準",O91>0),"○","") | AS91: =IF(AND(F91="１歳",G91="標準",O91>0),"○","") | AT91: =IF(AND(F91="乳児",G91="標準",O91>0),"○","") | AU91: =IF(AND(F91="５歳",G91="短時間",I91="",AE91="○",Q91=""),"○","") | AV91: =IF(AND(F91="４歳",G91="短時間",I91="",AE91="○",Q91=""),"○","") | AW91: =IF(AND(F91="３歳",G91="短時間",I91="",AE91="○",Q91=""),"○","") | AX91: =IF(AND(F91="２歳",G91="短時間",I91="",AE91="○",Q91=""),"○","") | AY91: =IF(AND(F91="１歳",G91="短時間",I91="",AE91="○",Q91=""),"○","") | AZ91: =IF(AND(F91="乳児",G91="短時間",I91="",AE91="○",Q91=""),"○","") | BA91: =IF(AND(F91="５歳",G91="短時間",I91="",AE91="○",Q91="○"),"○","") | BB91: =IF(AND(F91="４歳",G91="短時間",I91="",AE91="○",Q91="○"),"○","") | BC91: =IF(AND(F91="３歳",G91="短時間",I91="",AE91="○",Q91="○"),"○","") | BD91: =IF(AND(F91="２歳",G91="短時間",I91="",AE91="○",Q91="○"),"○","") | BE91: =IF(AND(F91="１歳",G91="短時間",I91="",AE91="○",Q91="○"),"○","") | BF91: =IF(AND(F91="乳児",G91="短時間",I91="",AE91="○",Q91="○"),"○","") | BG91: =IF(AND(F91="５歳",G91="短時間",I91="",O91>0),"○","") | BH91: =IF(AND(F91="４歳",G91="短時間",I91="",O91>0),"○","") | BI91: =IF(AND(F91="３歳",G91="短時間",I91="",O91>0),"○","") | BJ91: =IF(AND(F91="２歳",G91="短時間",I91="",O91>0),"○","") | BK91: =IF(AND(F91="１歳",G91="短時間",I91="",O91>0),"○","") | BL91: =IF(AND(F91="乳児",G91="短時間",I91="",O91>0),"○","") | BM91: =IF(AND(F91="５歳",I91="",AE91="○",Q91="",),"○","") | BN91: =IF(AND(F91="４歳",I91="",AE91="○",Q91="",),"○","") | BO91: =IF(AND(F91="３歳",I91="",AE91="○",Q91="",),"○","") | BP91: =IF(AND(F91="２歳",I91="",AE91="○",Q91="",),"○","") | BQ91: =IF(AND(F91="５歳",I91="",AE91="○",Q91="○",),"○","") | BR91: =IF(AND(F91="４歳",I91="",AE91="○",Q91="○",),"○","") | BS91: =IF(AND(F91="３歳",I91="",AE91="○",Q91="○",),"○","") | BT91: =IF(AND(F91="２歳",I91="",AE91="○",Q91="○",),"○","") | BU91: =IF(AND(F91="５歳",G91="教育",O91>0),"○","") | BV91: =IF(AND(F91="４歳",G91="教育",O91>0),"○","") | BW91: =IF(AND(F91="３歳",G91="教育",O91>0),"○","") | BX91: =IF(AND(F91="２歳",G91="教育",O91>0),"○","") | BY91: =IF(AND(F91="５歳",G91="標準",I91="分園",AE91="○",Q91=""),"○","") | BZ91: =IF(AND(F91="４歳",G91="標準",I91="分園",AE91="○",Q91=""),"○","") | CA91: =IF(AND(F91="３歳",G91="標準",I91="分園",AE91="○",Q91=""),"○","") | CB91: =IF(AND(F91="２歳",G91="標準",I91="分園",AE91="○",Q91=""),"○","") | CC91: =IF(AND(F91="１歳",G91="標準",I91="分園",AE91="○",Q91=""),"○","") | CD91: =IF(AND(F91="乳児",G91="標準",I91="分園",AE91="○",Q91=""),"○","") | CE91: =IF(AND(F91="５歳",G91="標準",I91="分園",AE91="○",Q91="○"),"○","") | CF91: =IF(AND(F91="４歳",G91="標準",I91="分園",AE91="○",Q91="○"),"○","") | CG91: =IF(AND(F91="３歳",G91="標準",I91="分園",AE91="○",Q91="○"),"○","") | CH91: =IF(AND(F1482="５歳",G91="教育",I91="分園",O91>0),"○","") | CI91: =IF(AND(F1482="４歳",G91="教育",I91="分園",O91>0),"○","") | CJ91: =IF(AND(F1482="３歳",G91="教育",I91="分園",O91>0),"○","") | CK91: =IF(AND(F1482="２歳",G91="教育",I91="分園",O91>0),"○","") | CL91: =IF(AND(F1482="１歳",G91="教育",I91="分園",O91>0),"○","") | CM91: =IF(AND(F1482="乳児",G91="教育",I91="分園",O91>0),"○","") | CN91: =IF(AND(F91="５歳",G91="短時間",I91="分園",AE91="○",Q91=""),"○","") | CO91: =IF(AND(F91="４歳",G91="短時間",I91="分園",AE91="○",Q91=""),"○","") | CP91: =IF(AND(F91="３歳",G91="短時間",I91="分園",AE91="○",Q91=""),"○","") | CQ91: =IF(AND(F91="２歳",G91="短時間",I91="分園",AE91="○",Q91=""),"○","") | CR91: =IF(AND(F91="１歳",G91="短時間",I91="分園",AE91="○",Q91=""),"○","") | CS91: =IF(AND(F91="乳児",G91="短時間",I91="分園",AE91="○",Q91=""),"○","") | CT91: =IF(AND(F91="５歳",G91="短時間",I91="分園",AE91="○",Q91="○"),"○","") | CU91: =IF(AND(F91="４歳",G91="短時間",I91="分園",AE91="○",Q91="○"),"○","") | CV91: =IF(AND(F91="３歳",G91="短時間",I91="分園",AE91="○",Q91="○"),"○","") | CW91: =IF(AND(F91="５歳",G91="短時間",I91="分園",O91>0),"○","") | CX91: =IF(AND(F91="４歳",G91="短時間",I91="分園",O91>0),"○","") | CY91: =IF(AND(F91="３歳",G91="短時間",I91="分園",O91>0),"○","") | CZ91: =IF(AND(F91="２歳",G91="短時間",I91="分園",O91>0),"○","") | DA91: =IF(AND(F91="１歳",G91="短時間",I91="分園",O91>0),"○","") | DB91: =IF(AND(F91="乳児",G91="短時間",I91="分園",O91>0),"○","") | DC91: =IF(AND(F91="５歳",G91="教育",I91="分園",AE91="○",Q91="",),"○","") | DD91: =IF(AND(F91="４歳",G91="教育",I91="分園",AE91="○",Q91="",),"○","") | DE91: =IF(AND(F91="３歳",G91="教育",I91="分園",AE91="○",Q91="",),"○","") | DF91: =IF(AND(F91="２歳",G91="教育",I91="分園",AE91="○",Q91="",),"○","") | DG91: =IF(AND(F91="５歳",G91="教育",I91="分園",AE91="○",Q91="○",),"○","") | DH91: =IF(AND(F91="４歳",G91="教育",I91="分園",AE91="○",Q91="○",),"○","") | DI91: =IF(AND(F91="３歳",G91="教育",I91="分園",AE91="○",Q91="○",),"○","") | DJ91: =IF(AND(F91="２歳",G91="教育",I91="分園",AE91="○",Q91="○",),"○","") | DK91: =IF(AND(F91="５歳",G91="教育",I91="分園",O91>0),"○","") | DL91: =IF(AND(F91="４歳",G91="教育",I91="分園",O91>0),"○","") | DM91: =IF(AND(F91="３歳",G91="教育",I91="分園",O91>0),"○","") | DN91: =IF(AND(F91="２歳",G91="教育",I91="分園",O91>0),"○","")
A92: =ROW()-9 -> 83 | U92: =IF(O92="","",IF(AND(G92="標準",OR(M92="○",K92="○"),I92=""),"※下表に記載必要箇所あり(①)",IF(AND(G92="標準",M92="○",I92="分園"),"※下表に記載必要箇所あり(③)",IF(AND(G92="短時間",OR(M92="○",K92="○"),I92=""),"※下表に記載必要箇所あり(②)","※下表に記載必要箇所あり(④)")))) | AA92: =IF(AND(K92="○",Q92=""),"A","") | AB92: =IF(AND(K92="○",Q92="○"),"B","") | AC92: =IF(AND(K92="",M92="○",Q92=""),"C","") | AD92: =IF(AND(K92="",M92="○",Q92="○"),"D","") | AE92: =IF(OR(K92="○",M92="○"),"","○") -> ○ | AF92: =IF(AND(F92="５歳",G92="標準",I92="",AE92="○",Q92=""),"○","") | AG92: =IF(AND(F92="４歳",G92="標準",I92="",AE92="○",Q92=""),"○","") | AH92: =IF(AND(F92="３歳",G92="標準",I92="",AE92="○",Q92=""),"○","") | AI92: =IF(AND(F92="２歳",G92="標準",I92="",AE92="○",Q92=""),"○","") | AJ92: =IF(AND(F92="１歳",G92="標準",I92="",AE92="○",Q92=""),"○","") | AK92: =IF(AND(F92="乳児",G92="標準",I92="",AE92="○",Q92=""),"○","") | AL92: =IF(AND(F92="５歳",G92="標準",I92="",AE92="○",Q92="○"),"○","") | AM92: =IF(AND(F92="４歳",G92="標準",I92="",AE92="○",Q92="○"),"○","") | AN92: =IF(AND(F92="３歳",G92="標準",I92="",AE92="○",Q92="○"),"○","") | AO92: =IF(AND(F92="５歳",G92="標準",O92>0),"○","") | AP92: =IF(AND(F92="４歳",G92="標準",O92>0),"○","") | AQ92: =IF(AND(F92="３歳",G92="標準",O92>0),"○","") | AR92: =IF(AND(F92="２歳",G92="標準",O92>0),"○","") | AS92: =IF(AND(F92="１歳",G92="標準",O92>0),"○","") | AT92: =IF(AND(F92="乳児",G92="標準",O92>0),"○","") | AU92: =IF(AND(F92="５歳",G92="短時間",I92="",AE92="○",Q92=""),"○","") | AV92: =IF(AND(F92="４歳",G92="短時間",I92="",AE92="○",Q92=""),"○","") | AW92: =IF(AND(F92="３歳",G92="短時間",I92="",AE92="○",Q92=""),"○","") | AX92: =IF(AND(F92="２歳",G92="短時間",I92="",AE92="○",Q92=""),"○","") | AY92: =IF(AND(F92="１歳",G92="短時間",I92="",AE92="○",Q92=""),"○","") | AZ92: =IF(AND(F92="乳児",G92="短時間",I92="",AE92="○",Q92=""),"○","") | BA92: =IF(AND(F92="５歳",G92="短時間",I92="",AE92="○",Q92="○"),"○","") | BB92: =IF(AND(F92="４歳",G92="短時間",I92="",AE92="○",Q92="○"),"○","") | BC92: =IF(AND(F92="３歳",G92="短時間",I92="",AE92="○",Q92="○"),"○","") | BD92: =IF(AND(F92="２歳",G92="短時間",I92="",AE92="○",Q92="○"),"○","") | BE92: =IF(AND(F92="１歳",G92="短時間",I92="",AE92="○",Q92="○"),"○","") | BF92: =IF(AND(F92="乳児",G92="短時間",I92="",AE92="○",Q92="○"),"○","") | BG92: =IF(AND(F92="５歳",G92="短時間",I92="",O92>0),"○","") | BH92: =IF(AND(F92="４歳",G92="短時間",I92="",O92>0),"○","") | BI92: =IF(AND(F92="３歳",G92="短時間",I92="",O92>0),"○","") | BJ92: =IF(AND(F92="２歳",G92="短時間",I92="",O92>0),"○","") | BK92: =IF(AND(F92="１歳",G92="短時間",I92="",O92>0),"○","") | BL92: =IF(AND(F92="乳児",G92="短時間",I92="",O92>0),"○","") | BM92: =IF(AND(F92="５歳",I92="",AE92="○",Q92="",),"○","") | BN92: =IF(AND(F92="４歳",I92="",AE92="○",Q92="",),"○","") | BO92: =IF(AND(F92="３歳",I92="",AE92="○",Q92="",),"○","") | BP92: =IF(AND(F92="２歳",I92="",AE92="○",Q92="",),"○","") | BQ92: =IF(AND(F92="５歳",I92="",AE92="○",Q92="○",),"○","") | BR92: =IF(AND(F92="４歳",I92="",AE92="○",Q92="○",),"○","") | BS92: =IF(AND(F92="３歳",I92="",AE92="○",Q92="○",),"○","") | BT92: =IF(AND(F92="２歳",I92="",AE92="○",Q92="○",),"○","") | BU92: =IF(AND(F92="５歳",G92="教育",O92>0),"○","") | BV92: =IF(AND(F92="４歳",G92="教育",O92>0),"○","") | BW92: =IF(AND(F92="３歳",G92="教育",O92>0),"○","") | BX92: =IF(AND(F92="２歳",G92="教育",O92>0),"○","") | BY92: =IF(AND(F92="５歳",G92="標準",I92="分園",AE92="○",Q92=""),"○","") | BZ92: =IF(AND(F92="４歳",G92="標準",I92="分園",AE92="○",Q92=""),"○","") | CA92: =IF(AND(F92="３歳",G92="標準",I92="分園",AE92="○",Q92=""),"○","") | CB92: =IF(AND(F92="２歳",G92="標準",I92="分園",AE92="○",Q92=""),"○","") | CC92: =IF(AND(F92="１歳",G92="標準",I92="分園",AE92="○",Q92=""),"○","") | CD92: =IF(AND(F92="乳児",G92="標準",I92="分園",AE92="○",Q92=""),"○","") | CE92: =IF(AND(F92="５歳",G92="標準",I92="分園",AE92="○",Q92="○"),"○","") | CF92: =IF(AND(F92="４歳",G92="標準",I92="分園",AE92="○",Q92="○"),"○","") | CG92: =IF(AND(F92="３歳",G92="標準",I92="分園",AE92="○",Q92="○"),"○","") | CH92: =IF(AND(F1483="５歳",G92="教育",I92="分園",O92>0),"○","") | CI92: =IF(AND(F1483="４歳",G92="教育",I92="分園",O92>0),"○","") | CJ92: =IF(AND(F1483="３歳",G92="教育",I92="分園",O92>0),"○","") | CK92: =IF(AND(F1483="２歳",G92="教育",I92="分園",O92>0),"○","") | CL92: =IF(AND(F1483="１歳",G92="教育",I92="分園",O92>0),"○","") | CM92: =IF(AND(F1483="乳児",G92="教育",I92="分園",O92>0),"○","") | CN92: =IF(AND(F92="５歳",G92="短時間",I92="分園",AE92="○",Q92=""),"○","") | CO92: =IF(AND(F92="４歳",G92="短時間",I92="分園",AE92="○",Q92=""),"○","") | CP92: =IF(AND(F92="３歳",G92="短時間",I92="分園",AE92="○",Q92=""),"○","") | CQ92: =IF(AND(F92="２歳",G92="短時間",I92="分園",AE92="○",Q92=""),"○","") | CR92: =IF(AND(F92="１歳",G92="短時間",I92="分園",AE92="○",Q92=""),"○","") | CS92: =IF(AND(F92="乳児",G92="短時間",I92="分園",AE92="○",Q92=""),"○","") | CT92: =IF(AND(F92="５歳",G92="短時間",I92="分園",AE92="○",Q92="○"),"○","") | CU92: =IF(AND(F92="４歳",G92="短時間",I92="分園",AE92="○",Q92="○"),"○","") | CV92: =IF(AND(F92="３歳",G92="短時間",I92="分園",AE92="○",Q92="○"),"○","") | CW92: =IF(AND(F92="５歳",G92="短時間",I92="分園",O92>0),"○","") | CX92: =IF(AND(F92="４歳",G92="短時間",I92="分園",O92>0),"○","") | CY92: =IF(AND(F92="３歳",G92="短時間",I92="分園",O92>0),"○","") | CZ92: =IF(AND(F92="２歳",G92="短時間",I92="分園",O92>0),"○","") | DA92: =IF(AND(F92="１歳",G92="短時間",I92="分園",O92>0),"○","") | DB92: =IF(AND(F92="乳児",G92="短時間",I92="分園",O92>0),"○","") | DC92: =IF(AND(F92="５歳",G92="教育",I92="分園",AE92="○",Q92="",),"○","") | DD92: =IF(AND(F92="４歳",G92="教育",I92="分園",AE92="○",Q92="",),"○","") | DE92: =IF(AND(F92="３歳",G92="教育",I92="分園",AE92="○",Q92="",),"○","") | DF92: =IF(AND(F92="２歳",G92="教育",I92="分園",AE92="○",Q92="",),"○","") | DG92: =IF(AND(F92="５歳",G92="教育",I92="分園",AE92="○",Q92="○",),"○","") | DH92: =IF(AND(F92="４歳",G92="教育",I92="分園",AE92="○",Q92="○",),"○","") | DI92: =IF(AND(F92="３歳",G92="教育",I92="分園",AE92="○",Q92="○",),"○","") | DJ92: =IF(AND(F92="２歳",G92="教育",I92="分園",AE92="○",Q92="○",),"○","") | DK92: =IF(AND(F92="５歳",G92="教育",I92="分園",O92>0),"○","") | DL92: =IF(AND(F92="４歳",G92="教育",I92="分園",O92>0),"○","") | DM92: =IF(AND(F92="３歳",G92="教育",I92="分園",O92>0),"○","") | DN92: =IF(AND(F92="２歳",G92="教育",I92="分園",O92>0),"○","")
A93: =ROW()-9 -> 84 | U93: =IF(O93="","",IF(AND(G93="標準",OR(M93="○",K93="○"),I93=""),"※下表に記載必要箇所あり(①)",IF(AND(G93="標準",M93="○",I93="分園"),"※下表に記載必要箇所あり(③)",IF(AND(G93="短時間",OR(M93="○",K93="○"),I93=""),"※下表に記載必要箇所あり(②)","※下表に記載必要箇所あり(④)")))) | AA93: =IF(AND(K93="○",Q93=""),"A","") | AB93: =IF(AND(K93="○",Q93="○"),"B","") | AC93: =IF(AND(K93="",M93="○",Q93=""),"C","") | AD93: =IF(AND(K93="",M93="○",Q93="○"),"D","") | AE93: =IF(OR(K93="○",M93="○"),"","○") -> ○ | AF93: =IF(AND(F93="５歳",G93="標準",I93="",AE93="○",Q93=""),"○","") | AG93: =IF(AND(F93="４歳",G93="標準",I93="",AE93="○",Q93=""),"○","") | AH93: =IF(AND(F93="３歳",G93="標準",I93="",AE93="○",Q93=""),"○","") | AI93: =IF(AND(F93="２歳",G93="標準",I93="",AE93="○",Q93=""),"○","") | AJ93: =IF(AND(F93="１歳",G93="標準",I93="",AE93="○",Q93=""),"○","") | AK93: =IF(AND(F93="乳児",G93="標準",I93="",AE93="○",Q93=""),"○","") | AL93: =IF(AND(F93="５歳",G93="標準",I93="",AE93="○",Q93="○"),"○","") | AM93: =IF(AND(F93="４歳",G93="標準",I93="",AE93="○",Q93="○"),"○","") | AN93: =IF(AND(F93="３歳",G93="標準",I93="",AE93="○",Q93="○"),"○","") | AO93: =IF(AND(F93="５歳",G93="標準",O93>0),"○","") | AP93: =IF(AND(F93="４歳",G93="標準",O93>0),"○","") | AQ93: =IF(AND(F93="３歳",G93="標準",O93>0),"○","") | AR93: =IF(AND(F93="２歳",G93="標準",O93>0),"○","") | AS93: =IF(AND(F93="１歳",G93="標準",O93>0),"○","") | AT93: =IF(AND(F93="乳児",G93="標準",O93>0),"○","") | AU93: =IF(AND(F93="５歳",G93="短時間",I93="",AE93="○",Q93=""),"○","") | AV93: =IF(AND(F93="４歳",G93="短時間",I93="",AE93="○",Q93=""),"○","") | AW93: =IF(AND(F93="３歳",G93="短時間",I93="",AE93="○",Q93=""),"○","") | AX93: =IF(AND(F93="２歳",G93="短時間",I93="",AE93="○",Q93=""),"○","") | AY93: =IF(AND(F93="１歳",G93="短時間",I93="",AE93="○",Q93=""),"○","") | AZ93: =IF(AND(F93="乳児",G93="短時間",I93="",AE93="○",Q93=""),"○","") | BA93: =IF(AND(F93="５歳",G93="短時間",I93="",AE93="○",Q93="○"),"○","") | BB93: =IF(AND(F93="４歳",G93="短時間",I93="",AE93="○",Q93="○"),"○","") | BC93: =IF(AND(F93="３歳",G93="短時間",I93="",AE93="○",Q93="○"),"○","") | BD93: =IF(AND(F93="２歳",G93="短時間",I93="",AE93="○",Q93="○"),"○","") | BE93: =IF(AND(F93="１歳",G93="短時間",I93="",AE93="○",Q93="○"),"○","") | BF93: =IF(AND(F93="乳児",G93="短時間",I93="",AE93="○",Q93="○"),"○","") | BG93: =IF(AND(F93="５歳",G93="短時間",I93="",O93>0),"○","") | BH93: =IF(AND(F93="４歳",G93="短時間",I93="",O93>0),"○","") | BI93: =IF(AND(F93="３歳",G93="短時間",I93="",O93>0),"○","") | BJ93: =IF(AND(F93="２歳",G93="短時間",I93="",O93>0),"○","") | BK93: =IF(AND(F93="１歳",G93="短時間",I93="",O93>0),"○","") | BL93: =IF(AND(F93="乳児",G93="短時間",I93="",O93>0),"○","") | BM93: =IF(AND(F93="５歳",I93="",AE93="○",Q93="",),"○","") | BN93: =IF(AND(F93="４歳",I93="",AE93="○",Q93="",),"○","") | BO93: =IF(AND(F93="３歳",I93="",AE93="○",Q93="",),"○","") | BP93: =IF(AND(F93="２歳",I93="",AE93="○",Q93="",),"○","") | BQ93: =IF(AND(F93="５歳",I93="",AE93="○",Q93="○",),"○","") | BR93: =IF(AND(F93="４歳",I93="",AE93="○",Q93="○",),"○","") | BS93: =IF(AND(F93="３歳",I93="",AE93="○",Q93="○",),"○","") | BT93: =IF(AND(F93="２歳",I93="",AE93="○",Q93="○",),"○","") | BU93: =IF(AND(F93="５歳",G93="教育",O93>0),"○","") | BV93: =IF(AND(F93="４歳",G93="教育",O93>0),"○","") | BW93: =IF(AND(F93="３歳",G93="教育",O93>0),"○","") | BX93: =IF(AND(F93="２歳",G93="教育",O93>0),"○","") | BY93: =IF(AND(F93="５歳",G93="標準",I93="分園",AE93="○",Q93=""),"○","") | BZ93: =IF(AND(F93="４歳",G93="標準",I93="分園",AE93="○",Q93=""),"○","") | CA93: =IF(AND(F93="３歳",G93="標準",I93="分園",AE93="○",Q93=""),"○","") | CB93: =IF(AND(F93="２歳",G93="標準",I93="分園",AE93="○",Q93=""),"○","") | CC93: =IF(AND(F93="１歳",G93="標準",I93="分園",AE93="○",Q93=""),"○","") | CD93: =IF(AND(F93="乳児",G93="標準",I93="分園",AE93="○",Q93=""),"○","") | CE93: =IF(AND(F93="５歳",G93="標準",I93="分園",AE93="○",Q93="○"),"○","") | CF93: =IF(AND(F93="４歳",G93="標準",I93="分園",AE93="○",Q93="○"),"○","") | CG93: =IF(AND(F93="３歳",G93="標準",I93="分園",AE93="○",Q93="○"),"○","") | CH93: =IF(AND(F1484="５歳",G93="教育",I93="分園",O93>0),"○","") | CI93: =IF(AND(F1484="４歳",G93="教育",I93="分園",O93>0),"○","") | CJ93: =IF(AND(F1484="３歳",G93="教育",I93="分園",O93>0),"○","") | CK93: =IF(AND(F1484="２歳",G93="教育",I93="分園",O93>0),"○","") | CL93: =IF(AND(F1484="１歳",G93="教育",I93="分園",O93>0),"○","") | CM93: =IF(AND(F1484="乳児",G93="教育",I93="分園",O93>0),"○","") | CN93: =IF(AND(F93="５歳",G93="短時間",I93="分園",AE93="○",Q93=""),"○","") | CO93: =IF(AND(F93="４歳",G93="短時間",I93="分園",AE93="○",Q93=""),"○","") | CP93: =IF(AND(F93="３歳",G93="短時間",I93="分園",AE93="○",Q93=""),"○","") | CQ93: =IF(AND(F93="２歳",G93="短時間",I93="分園",AE93="○",Q93=""),"○","") | CR93: =IF(AND(F93="１歳",G93="短時間",I93="分園",AE93="○",Q93=""),"○","") | CS93: =IF(AND(F93="乳児",G93="短時間",I93="分園",AE93="○",Q93=""),"○","") | CT93: =IF(AND(F93="５歳",G93="短時間",I93="分園",AE93="○",Q93="○"),"○","") | CU93: =IF(AND(F93="４歳",G93="短時間",I93="分園",AE93="○",Q93="○"),"○","") | CV93: =IF(AND(F93="３歳",G93="短時間",I93="分園",AE93="○",Q93="○"),"○","") | CW93: =IF(AND(F93="５歳",G93="短時間",I93="分園",O93>0),"○","") | CX93: =IF(AND(F93="４歳",G93="短時間",I93="分園",O93>0),"○","") | CY93: =IF(AND(F93="３歳",G93="短時間",I93="分園",O93>0),"○","") | CZ93: =IF(AND(F93="２歳",G93="短時間",I93="分園",O93>0),"○","") | DA93: =IF(AND(F93="１歳",G93="短時間",I93="分園",O93>0),"○","") | DB93: =IF(AND(F93="乳児",G93="短時間",I93="分園",O93>0),"○","") | DC93: =IF(AND(F93="５歳",G93="教育",I93="分園",AE93="○",Q93="",),"○","") | DD93: =IF(AND(F93="４歳",G93="教育",I93="分園",AE93="○",Q93="",),"○","") | DE93: =IF(AND(F93="３歳",G93="教育",I93="分園",AE93="○",Q93="",),"○","") | DF93: =IF(AND(F93="２歳",G93="教育",I93="分園",AE93="○",Q93="",),"○","") | DG93: =IF(AND(F93="５歳",G93="教育",I93="分園",AE93="○",Q93="○",),"○","") | DH93: =IF(AND(F93="４歳",G93="教育",I93="分園",AE93="○",Q93="○",),"○","") | DI93: =IF(AND(F93="３歳",G93="教育",I93="分園",AE93="○",Q93="○",),"○","") | DJ93: =IF(AND(F93="２歳",G93="教育",I93="分園",AE93="○",Q93="○",),"○","") | DK93: =IF(AND(F93="５歳",G93="教育",I93="分園",O93>0),"○","") | DL93: =IF(AND(F93="４歳",G93="教育",I93="分園",O93>0),"○","") | DM93: =IF(AND(F93="３歳",G93="教育",I93="分園",O93>0),"○","") | DN93: =IF(AND(F93="２歳",G93="教育",I93="分園",O93>0),"○","")
